Workbook
Name _Hlk170218928: 'T4'!$B$1

Sheet Sg-MRG
A1: MATRIZ SEGUIMIENTO MAPA DE RIESGOS DE GESTIÓN
B2: Entidad: Ministerio del Deporte | K2: ¿Se adelantó seguimiento al Mapa de Riesgos de Gestión?
B3: Responsable: Tercera línea de defensa
B4: Seguimiento: Primer Cuatrimestre 2025 | K4: Si | L4: Primer y segunda línea de defensa
A6: SEGUIMIENTO Y EVALUACIÓN POR PARTE DE LA TERCERA LÍNEA DE DEFENSA
A8: FORMULACIÓN DE RIESGOS Y EVALUACIÓN | J8: VALORACIÓN DE LOS CONTROLES | S8: PLAN DE TRATAMIENTO | W8: MONITOREO, SEGUIMIENTO Y EVALUACIÓN
A9: Nombre del Proceso | B9: Siglas | C9: Descripción Riesgo | D9: ¿Cumple con la redacción del Riesgo Seguridad de la Información? | E9: Fecha de Aprobacion | F9: Fecha de Monitoreo 1a Línea de Defensa | G9: Fecha de Monitoreo 2da Línea de Defensa | H9: Tipo Proceso | I9: Zona de Riesgo Inherente | J9: ¿Presenta descripción de la valoración de controles? | K9: Descripción del Control | L9: Atributo del Control | M9: ¿El diseño de los controles es efectivo? | N9: ¿Los controles cuentan con responsables de su ejecución? | O9: ¿La periodicidad de los controles es oportuna para mitigar el riesgo? | P9: Tratamiento | Q9: Zona de Riesgo Residual Final | R9: ¿Se cuenta con evidencias de la ejecución del control? | S9: ¿Formuló Plan de Tratamiento (acciones)? | T9: Descripción del Plan de Tratamiento | U9: ¿Cumple con la ejecución del Plan de Tratamiento de manera eficaz? | V9: ¿Se cuenta con evidencias de la ejecución del Plan de Tratamiento? | W9: ¿El proceso reportó Materialización del Riesgo? | X9: ¿Se enunciaron acciones de mejora por materialización? | Y9: ¿Se activaron alertas tempranas para evitar la materialización? | Z9: ¿Se implementaron correctivos por la materialización? | AA9: ¿Se reportaron indicadores? | AB9: Observaciones y recomendaciones por parte de la Tercera Línea de Defensa - Oficina de Control Interno (OCI)
A10: Direccionamiento Estratégico y Aprendizaje Organizacional | B10: =VLOOKUP(A10,'Listas deplegables'!$A$2:$B$19,2,0) -> DE | C10: Posibilidad de afectación reputacional, por modificación o alteración de información, debido a fallas de controles para la asignación de roles que permitan el acceso y la manipulación de documentos que se encuentran en ISOLUCION | D10: No | E10: 45762 | F10: 45807 | G10: 45783 | H10: Estratégico | I10: Extremo | J10: Si | K10: Cada vez que se requiera, el profesional designado del GIT Planeación y Gestión realiza verificación de cumplimiento de los requisitos normativos metodológicos y procedimentales de la formulación de los proyectos de inversión para registrar ajuste en plataforma del DNP "Metodología General Ajustada - MGA WEB " de los proyectos de inversión sobre los cuales se solicita formulación de un nuevo proyectos o requiere ajustes al mismo de acuerdo con las necesidades institucionales. En caso de que el proyecto no cumpla con los requisitos, este será devuelto a la dependencia que lo formuló para su ajuste y que nuevamente se presente a la OAP para su verificación. De la ejecución de los controles se generará la siguiente evidencia: En el formato DE-FR-033 Formulación de Proyectos de Inversión se envia observaciones por parte de la OAP y se deja la trazabilidad por medio de correo electrónico y/o mesas de trabajo por TEAMS | L10: Preventivo | M10: Si | N10: Si | O10: Si | P10: Reducir (Mitigar) | Q10: Extremo | R10: Si | S10: Si | T10: Realizar la verificación de las solicitudes de modificación a los PAI en la vigencia, frente a lo defindo en los programas y proyectos del área funcional solicitante. | U10: Si | V10: Si | W10: No | X10: No aplica | Y10: No aplica | Z10: No aplica | AA10: Si | AB10: Se evidencia seguimiento de primer y segunda línea de defensa, cuenta con evidencias de la ejecución de Controles y del Plan de Tratamiento. La fecha de monitoreo de la segunda línea es anterior a la de la primera línea de defensa, lo cual no es posible, ya que el monitoreo se realiza sobre el reporte de esta última.
A11: Direccionamiento Estratégico y Aprendizaje Organizacional | B11: =VLOOKUP(A11,'Listas deplegables'!$A$2:$B$19,2,0) -> DE | C11: Posibilidad de afectación reputacional por falta de seguimiento de los planes, programas y proyectos formulados, debido a la entrega inoportuna de la información por parte de las dependencias | D11: Si | E11: 45762 | F11: No diligencia | G11: 45782 | H11: Estratégico | I11: Moderado | J11: Si | K11: De acuerdo con la programación del seguimiento a indicadores, el Profesional encargado perteneciente al GIT de seguimiento o quien designe el Coordinador, verifica que la información reportada por las dependencias en los sistemas de información y/o archivos designados sea congruente con lo programado para el cumplimiento de las actividades del GIT de seguimiento en los tiempos establecidos y entregará el reporte de manera cuatrimestral. verifica que la información reportada por las dependencias en los sistemas de información y/o archivos designados sea congruente con lo programado para el cumplimiento de las actividades de los proyectos de inversión en los tiempos establecidos y entregará el reporte de manera cuatrimestral. | L11: Preventivo | M11: Si | N11: Si | O11: Si | P11: Reducir (Mitigar) | Q11: Moderado | R11: Si | S11: Si | T11: 1. Realizar alertas para el reporte oportuno de la información de los planes, programas y proyectos. | U11: Si | V11: Si | W11: No | X11: No aplica | Y11: No aplica | Z11: No aplica | AA11: Si | AB11: Se evidencia seguimiento de primer y segunda línea de defensa, cuenta con evidencias de la ejecución de Controles y del Plan de Tratamiento, excepto la acción 2 que tiene ejecución en segundo y tercer cuatrimestre. No registra fecha de monitoreo de la primera línea de defensa.
A12: Direccionamiento Estratégico y Aprendizaje Organizacional | B12: =VLOOKUP(A12,'Listas deplegables'!$A$2:$B$19,2,0) -> DE | S12: Si | T12: 2. Revisión y actualización de documentos asociados al GIT de Seguimiento | U12: No aplica | V12: No aplica
A13: Direccionamiento Estratégico y Aprendizaje Organizacional | B13: =VLOOKUP(A13,'Listas deplegables'!$A$2:$B$19,2,0) -> DE | C13: Posibilidad de afectación Reputacional por la falta de apropiación del MIPG, debido a desarticulación entre las políticas y las acciones definidas en los planes institucionales, que incidan en la medición del índice de desempeño | D13: Si | E13: 45762 | F13: No diligencia | G13: 45782 | H13: Estratégico | I13: Moderado | J13: Si | K13: Cada vez que se requiera, el Profesional designado del GIT de Planeación y Gestión, verifica las actividades programadas en el Plan de Trabajo establecido para el mantenimiento del Modelo Integrado de Planeación y Gestión, a través de reuniones con los enlaces y/o líderes de políticas constatando el avance de las actividades programadas. En caso de identificar desviaciones en la ejecución del control, se notifica al responsable de la actividad el incumplimiento para ejecute las actividades y entregué la evidencia correspondiente. De la ejecución de los controles se generará la siguiente evidencia: Actas de reunión y comunicaciones de seguimiento. | L13: Preventivo | M13: Si | N13: Si | O13: Si | P13: Reducir (Mitigar) | Q13: Moderado | R13: Si | S13: Si | T13: 1. Generar acompañamiento a los enlaces de políticas del MIPG que presenten desempeño bajo | U13: No aplica | V13: No aplica | W13: No | X13: No aplica | Y13: No aplica | Z13: No aplica | AA13: Si | AB13: Se evidencia seguimiento de primer y segunda línea de defensa, cuenta con evidencias de la ejecución de Controles. Del Plan de Tratamiento, aunque anexa evidencias de inicio de algunas acciones, no se ha iniciado ninguna y se encuentran previstas para segundo y tercer cuatrimestre. No registra fecha de monitoreo de la primera línea de defensa.
A14: Direccionamiento Estratégico y Aprendizaje Organizacional | B14: =VLOOKUP(A14,'Listas deplegables'!$A$2:$B$19,2,0) -> DE | J14: Si | K14: Anualmente, el Coordinador del GIT de Planeación y Gestión y/o profesional asignado del GIT , verifica y emite lineamientos para el reporte anual del Formulario Único de Reporte de Avances a la Gestión - FURAG, a través del aplicativo Gesdoc y aplicativo FURAG. En caso de identificar desviaciones en la ejecución del control, se notificará a los líderes de política de la entrega de evidencias para el reporte oportuno de la información. De la ejecución de los controles se generará la siguiente evidencia: Lineamientos emitidos a través del sistema de gestión documental del Ministerio y/o certificado de diligenciamiento del FURAG emitido por el DAFP | L14: Preventivo | M14: Si | N14: Si | O14: Si | P14: Reducir (Mitigar) | Q14: Moderado | R14: Si | S14: Si | T14: Generar informe de los resultados de medición de desempeño Institucional vigencia 2024. | U14: No aplica | V14: No aplica
A15: Direccionamiento Estratégico y Aprendizaje Organizacional | B15: =VLOOKUP(A15,'Listas deplegables'!$A$2:$B$19,2,0) -> DE | J15: Si | K15: Cada vez que se requiera, el Jefe de la Oficina Asesora de Planeación, convoca al Comité Institucional de Gestión y Desempeño para presentar el avance de las actividades ejecutadas para el mantenimiento de las políticas de MIPG, a través de solicitud a los líderes de política (cuando aplique) para la consolidación de la información por parte del profesional designado. En caso de identificar desviaciones en la ejecución del control, se solicitará a los líderes de política el cumplimiento de las recomendaciones dadas por los miembros del comité. De la ejecución de los controles se generará la siguiente evidencia: Correo de solicitud de insumo a los lideres de políticas y actas del CIGD | L15: Preventivo | M15: Si | N15: Si | O15: Si | P15: Reducir (Mitigar) | Q15: Moderado | R15: Si
A16: Direccionamiento Estratégico y Aprendizaje Organizacional | B16: =VLOOKUP(A16,'Listas deplegables'!$A$2:$B$19,2,0) -> DE | C16: Posibilidad de afectación Reputacional por falta de claridad en los objetivos para la implementación de la Política de Gestión del Conocimiento y la innovación, limitación de recursos humano en el GIT Gestión del Conocimiento, debido a fallas en la planeación estratégica para la ejecución de actividades enfocadas en el desarrollo de los cuatro ejes de Gestión del conocimiento y la innovación. | D16: Si | E16: 45762 | F16: No diligencia | G16: 45772 | H16: Estratégico | I16: Moderado | J16: Si | K16: De manera cuatrimestral el profesional designado del GIT Gestión del Conocimiento, realizar seguimiento a las actividades establecidas en el Plan de trabajo, para asegurar estrategias que permitan la implementación articulada de los cuatro ejes de la Política de Gestión del Conocimiento, a través del monitoreo de la ejecución de cada una de las actividades propuestas en el Plan de trabajo; capacitaciones, ejercicios prácticos de herramientas de conceptos, piezas de comunicaciones, mesas de trabajo con la DAFP. En caso de identificar desviaciones en la ejecución del control, se reprograman o se reformulan las actividades. Evidencias de la ejecución del control: Plan de trabajo, convocatorias, pieza grafica, listado de asistencias. | L16: Preventivo | M16: No | N16: Si | O16: Si | P16: Reducir (Mitigar) | Q16: Moderado | R16: Si | S16: Si | T16: Documentos en el sistema de Gestión. Elaborar Plan de implementación de la Política de Gestión del Conocimiento y la innovación. | U16: No | V16: No | W16: No | X16: No aplica | Y16: No aplica | Z16: No aplica | AA16: No | AB16: Se reporta que "De acuerdo con mesa de trabajos del 15 y 23 de abril. El riesgo queda suspendido", no obstante, considerando las causas inmediata y raíz identificadas, el proceso debe evaluar la materialización del riesgo, puesto que, estas posiblemente están materializandose con la falta de planeación y puesta en marcha del GIT Gestión del Conocimiento, sumado a que este es un eje del MIPG. En adición, la política ni el procedimiento de Riesgos establecen la posibilidad de suspender un riesgo. No registra fecha de monitoreo de la primera línea de defensa, ni medición de indicadores.
A17: Gestión de las Comunicaciones | B17: =VLOOKUP(A17,'Listas deplegables'!$A$2:$B$19,2,0) -> GC | C17: Posibilidad de la afectación reputacional por inoportunidad en la difusión de las notas de prensa debido a inconsistencias evidenciadas en la notas de prensa. | D17: Si | E17: 45649 | F17: 45777 | G17: 45782 | H17: Estratégico | I17: Moderado | J17: Si | K17: El profesional asignado corroborá que la información que se publica en las notas de prensa estén alineadas con las directrices del GIT Comunicaciones, a través de la verificación del contenido registrado de las notas de prensa en el formato GC-FR-008. En caso de desviación del control se devolverá la nota de prensa al profesional para su ajuste inmediato. De la ejecución del control se generará la siguiente evidencia: Control Notas de Prensa, registradas en el periodo. Frecuencia: Cuatrimestral | L17: Preventivo | M17: Si | N17: Si | O17: No | P17: Reducir (Mitigar) | Q17: Moderado | R17: Si | S17: Si | T17: Socializar la Política Editorial, los Procedimientos y los formatos asociados con los integrantes del GIT Comunicaciones, dos veces al año. | U17: No aplica | V17: No aplica | W17: No | X17: No aplica | Y17: No aplica | Z17: No aplica | AA17: Si | AB17: El control no tiene una periodicidad definida. Se requiere actualizar líder del proceso ya que refiere un exfuncionario de la entidad. Se evidencia seguimiento y comentarios que derivan en actualización del mapa de riesgos, no obstante el reporte a la OCI no se adjuntó la versión actualizada, por lo que es importante que en futuros reportes se anexe a fin de validar los riesgos, sus controles y plan de tratamiento en su última versión, evitando realizar observaciones que ya hayan sido subsanadas. Se evidencia seguimiento de primer y segunda línea de defensa, cuenta con evidencias de la ejecución de Controles. El plan de tratamiento está previsto para el segundo y tercer cuatrimestre
A18: Formulación y Adopción de Políticas, Planes y Programas | B18: =VLOOKUP(A18,'Listas deplegables'!$A$2:$B$19,2,0) -> FP | C18: Posibilidad de afectación Reputacional por fallas en la articulación entra e intersectorial, que generen discontinuidad en los procesos de política pública, específicamente en su implementación , seguimiento y evaluación. | D18: No | E18: 45051 | F18: 45287 | G18: 45786 | H18: Misional | I18: Extremo | J18: Si | K18: Trimestralmente ,la Viceministra del Deporte, debe verificar que los planes, programas y proyectos estén articulados con los modelos de planeación al largo, mediano y corto plazo, por medio del manual de formulación, adopción, implementación y evaluación de políticas públicas. En caso de identificar desviaciones en la ejecución del control, solicita una mesa trabajo con los encargados de la formulación de planes, programas y proyectos, con el fin de acompañar y hacer los ajustes que se requieran. De la ejecución de los controles se generará la siguiente evidencia: Manual de formulación, adopción, implementación y evaluación de política pública, así como actas y/o videos de las mesas de trabajo. | L18: Preventivo | M18: Si | N18: Si | O18: Si | P18: Reducir (Mitigar) | Q18: Extremo | R18: Si | S18: Si | T18: 1. Documentar como control, el Manual de formulación, adopción, implementación y evaluación de políticas públicas y documentos requeridos. 2. Socializar el Manual de formulación, adopción, implementación y evaluación de políticas públicas y documentos requeridos para identificar y fortalecer los controles al interior del proceso. | U18: No | V18: No | W18: No | X18: No aplica | Y18: No aplica | Z18: No aplica | AA18: No | AB18: La redacción del riesgo no guarda la estructura definida (Qué (impacto) + Cómo (causa inmediata) + Porque (causa raiz)) Se evidencia seguimiento y comentarios que derivan en actualización del mapa de riesgos, no obstante el reporte a la OCI no se adjuntó la versión actualizada, por lo que es importante que en futuros reportes se anexe a fin de validar los riesgos, sus controles y plan de tratamiento en su última versión, evitando realizar observaciones que ya hayan sido subsanadas. Se observa seguimiento de primer y segunda línea de defensa, no obstante la evidencia del R1-Control 2 y Control 3 no guarda relación con la planteada, los controles 4 y 5 no presentan evidencias. Solo se cuenta con evidencia de la acción 2, numeral 2, del R1, actas de comité directivo. En las demás acciones no se cuenta con evidencia o la evidencia no guarda relación con lo planteado. No se diligenció el formato de seguimiento Indicadores, Claves del Riesgo y Desempeño del Control, aunque diligenció la casilla en la matriz de seguimiento no es posible establecer como se realizó la medición ni la fuente de información de la medición.
A19: Formulación y Adopción de Políticas, Planes y Programas | B19: =VLOOKUP(A19,'Listas deplegables'!$A$2:$B$19,2,0) -> FP | J19: Si | K19: Anualmente ,la Viceministra del Deporte, debe validar que existen los recursos para el seguimiento y fortalecimiento de los procesos en política pública de la Entidad, por medio de su proyecto de inversión donde se establezcan los recursos necesarios para garantizar el seguimiento y el direccionamiento estratégico a los proyectos de la Entidad. En caso de identificar desviaciones en la ejecución del control, el Viceministerio con el apoyo de la Oficina Asesora de Planeación definirán las estrategias más eficientes en política pública partiendo del recurso disponible . De la ejecución de los controles se generará la siguiente evidencia: Actas de reunión, modificaciones al plan de acción y modificaciones al plan de adquisiciones | L19: Preventivo | M19: Si | N19: Si | O19: Si | P19: Reducir (Mitigar) | Q19: Extremo | R19: No | S19: Si | T19: 1. Asignar recursos de acuerdo a las necesidades para el tema de políticas públicas, para la siguiente vigencia. 2. Realizar reuniones de presupuesto y planeación estratégica, al final y al inicio de cada vigencia. 3. Realizar mesas de trabajo con actores de la Política Pública, para recopilar las necesidades en materia de formulación de Políticas Públicas. | U19: No | V19: No
A20: Formulación y Adopción de Políticas, Planes y Programas | B20: =VLOOKUP(A20,'Listas deplegables'!$A$2:$B$19,2,0) -> FP | J20: Si | K20: Cada vez que se requiera (de acuerdo a las solicitudes allegadas al Viceministerio), la Viceministra del Deporte, debe verificar el cumplimiento de los requerimientos de formulación, ejecución y evaluación de las políticas públicas, a través de la aprobación de la apertura de los procesos de formulación de alguna política pública . En caso de identificar desviaciones en la ejecución del control, el área encargada debe realizar las modificaciones que se soliciten para que se apruebe su proceso de política pública. De la ejecución de los controles se generará la siguiente evidencia: Actas de reunión, evidencia virtual y documentos de GESDOC | L20: Preventivo | M20: Si | N20: Si | O20: Si | P20: Reducir (Mitigar) | Q20: Extremo | R20: No | S20: Si | T20: 1. Documentar como control, el Manual de formulación, adopción, implementación y evaluación de políticas públicas y documentos requeridos. 2. Socializar el Manual de formulación, adopción, implementación y evaluación de políticas públicas y documentos requeridos para identificar y fortalecer los controles al interior del proceso. | U20: No | V20: No
A21: Formulación y Adopción de Políticas, Planes y Programas | B21: =VLOOKUP(A21,'Listas deplegables'!$A$2:$B$19,2,0) -> FP | J21: Si | K21: Permanentemente, la Viceministra del Deporte y la Coordinadora del GIT de comunicaciones, debe revisar el cumplimiento de la estrategia de comunicación con la ciudadanía en asuntos referentes a las políticas públicas de la entidad y el SND, a través de la realización de mesas de trabajo para verificar la implementación de las acciones y el cumplimiento del esquema de comunicaciones . En caso de identificar desviaciones en la ejecución del control, se formula un plan de choque. De la ejecución de los controles se generará la siguiente evidencia: Actas de reunión, evidencia virtual, piezas comunicativas emitidas, estrategia de comunicaciones, eventos, registro fotográfico, registro en redes sociales, boletines de prensa. | L21: Preventivo | M21: Si | N21: Si | O21: Si | P21: Reducir (Mitigar) | Q21: Extremo | R21: No | S21: Si | T21: 1. Realizar estrategias de difusión, de las iniciativas de política pública del sector del deporte y la recreación. | U21: No | V21: No
A22: Formulación y Adopción de Políticas, Planes y Programas | B22: =VLOOKUP(A22,'Listas deplegables'!$A$2:$B$19,2,0) -> FP | J22: Si | K22: Cada vez que se requiera (de acuerdo a las solicitudes allegadas al Viceministerio) ,la Viceministra del Deporte y Directores Técnicos, debe verificar que existen estrategias y acciones de articulación entre los Entes Territoriales y el Ministerio del Deporte para la ejecución conjunta de la política pública, a través de mesas de trabajo focalizadas y revisión documental. En caso de identificar desviaciones en la ejecución del control, se realizarán mesas de trabajo que permitan estructurar una estrategia de articulación. De la ejecución de los controles se generará la siguiente evidencia: Actas de reunión, evidencia virtual y documentos de GESDOC. | L22: Preventivo | M22: Si | N22: Si | O22: Si | P22: Reducir (Mitigar) | Q22: Extremo | R22: No | S22: Si | T22: 1. Realizar mesas de trabajo y seguimiento a los procesos de articulación territorial. | U22: No | V22: No
A23: Formulación y Adopción de Políticas, Planes y Programas | B23: =VLOOKUP(A23,'Listas deplegables'!$A$2:$B$19,2,0) -> FP | C23: Posibilidad de afectación Reputacional por fallas en articulación sectorial y al interior de la entidad que genere incumplimiento a la normatividad, por la no aplicación de modelos de políticas públicas. | D23: No | E23: 45051 | F23: 45287 | G23: 45786 | H23: Misional | I23: Sin Medición | J23: Si | K23: Cada vez que se requiera (de acuerdo a las solicitudes allegadas al Viceministerio),la Viceministra del Deporte y Directores Técnicos, debe validar el cumplimiento de los lineamientos de circulación y gestión de información y conocimiento para el SND, a través de un esquema de seguimiento a metas e indicadores de la política. En caso de identificar desviaciones en la ejecución del control, solicita a la Oficina Asesora de Planeación la elaboración de un plan de choque para el cumplimiento de los lineamientos. De la ejecución de los controles se generará la siguiente evidencia: Actas de reunión, evidencia virtual y documentos relacionados. | L23: Preventivo | M23: Si | N23: Si | O23: Si | P23: Reducir (Mitigar) | Q23: Bajo | R23: No | S23: Si | T23: 1. Documentar como control, el Manual de formulación, adopción, implementación y evaluación de políticas públicas y documentos requeridos. 2. Socializar el Manual de formulación, adopción, implementación y evaluación de políticas públicas y documentos requeridos para identificar y fortalecer los controles al interior del proceso. | U23: No | V23: No | W23: No | X23: No aplica | Y23: No aplica | Z23: No aplica | AA23: No | AB23: La redacción del riesgo no guarda la estructura definida (Qué (impacto) + Cómo (causa inmediata) + Porque (causa raiz)) Se evidencia seguimiento y comentarios que derivan en actualización del mapa de riesgos, no obstante el reporte a la OCI no se adjuntó la versión actualizada, por lo que es importante que en futuros reportes se anexe a fin de validar los riesgos, sus controles y plan de tratamiento en su última versión, evitando realizar observaciones que ya hayan sido subsanadas. Se observa seguimiento de primer y segunda línea de defensa, no obstante la evidencia del R2, los controles 1 y 2 no presentan evidencias, y la evidencia del control 3 no tiene relación con la planteada. En las demás acciones no se cuenta con evidencia o la evidencia no guarda relación con lo planteado. No se diligenció el formato de seguimiento Indicadores, Claves del Riesgo y Desempeño del Control, aunque diligenció la casilla en la matriz de seguimiento no es posible establecer como se realizó la medición ni la fuente de información de la medición.
A24: Formulación y Adopción de Políticas, Planes y Programas | B24: =VLOOKUP(A24,'Listas deplegables'!$A$2:$B$19,2,0) -> FP | J24: Si | K24: Semestralmente, ,la Viceministra del Deporte y Directores Técnicos, debe evaluar los procesos, planes y políticas de sus areas misionales para identificar cumplimiento de los compromisos en el marco de los acuerdos de gestion En caso de identificar desviaciones en la ejecución del control, realiza requerimiento a la Oficina de Control Interno y Directores Técnicos para que se realice un seguimiento especializado. De la ejecución de los controles se generará la siguiente evidencia: Actas de reunión, evidencia virtual y documentos relacionados | L24: Preventivo | M24: Si | N24: Si | O24: Si | P24: Reducir (Mitigar) | Q24: Bajo | R24: No | S24: Si | T24: 1. Firma de los acuerdos de gestion con cada director tecnico. 2. Formato de Seguimiento a los acuerdos firmados por el Viceministerio y directores técnicos 3. Evaluación de desempeño de acuerdo a los acuerdos de gestión | U24: No | V24: No
A25: Formulación y Adopción de Políticas, Planes y Programas | B25: =VLOOKUP(A25,'Listas deplegables'!$A$2:$B$19,2,0) -> FP | J25: Si | K25: Semestralmente, la Viceministra del Deporte y Directores Técnicos, deben verificar los resultados del cumplimiento de sus actividades, a través de evaluaciones periódicas de la gestión (EDL). En caso de identificar desviaciones en la ejecución del control, solicita a los Directores Técnicos la formulación de un plan de choque que permita cumplir las objetivos y actividades. De la ejecución de los controles se generará la siguiente evidencia: Actas de reunión, evidencia virtual y documentos relacionados | L25: Preventivo | M25: Si | N25: Si | O25: Si | P25: Reducir (Mitigar) | Q25: Bajo | R25: No | S25: Si | T25: 1. Concertar compromisos laborales para la evaluación del desempeño laboral EDL. 2. Realizar evaluación de Desempeño Laboral del segundo semestre del 2021. | U25: No | V25: No
A26: Altos Logros | B26: =VLOOKUP(A26,'Listas deplegables'!$A$2:$B$19,2,0) -> AL | C26: Posibilidad de afectación económica y reputacional por la entrega y recepción inoportuna de la información de los programas y servicios de altos logros que impiden tomar decisiones oportunas, debido a la planeación desarticulada con las necesidades de los grupos de valor y la ausencia de acciones estandarizadas para determinar la viabilidad de la atención de imprevistos. | D26: Si | E26: 45610 | F26: No diligencia | G26: 45783 | H26: Misional | I26: Bajo | J26: Si | K26: Anualmente, el Profesional designado para llevar el seguimiento de los planes de acción de la Dirección de Posicionamiento y Liderazgo Deportivo, debe apoyar la formulación y presentación de los planes de acción de la siguiente vigencia de acuerdo con los lineamientos dados en las mesas de trabajo realizadas con la OAP, teniendo en cuenta que la planeación de oferta de servicios esté alineada con las necesidades de los grupos de valor del proceso de Altos Logros. En caso de identificar desviaciones en la ejecución del control, realizar los ajustes a los Planes de Acción. De la ejecución de los controles se generará la siguiente evidencia: Plan de acción de la vigencia y las solicitudes de ajustes a los planes (si aplica). | L26: Preventivo | M26: Si | N26: Si | O26: Si | P26: Reducir (Mitigar) | Q26: Bajo | R26: Si | S26: Si | T26: Formulación y elaboración de ajustes en el Plan de acción (si se identifica la necesidad de realizar cambios) | U26: No aplica | V26: No aplica | W26: No | X26: No aplica | Y26: No aplica | Z26: No aplica | AA26: No | AB26: Se evidencia seguimiento de primer y segunda línea de defensa, cuenta con evidencias de la ejecución de Controles, no obstante la denominación de la carpeta se remitió como "Acc" que corresponde a "Acciones" conforme las instrucciones de la OAP por lo que es necesario guardar la correspondencia de los nombres a fin de evitar errores en la evaluación que realiza la segunda y tercera línea de defensa, toda vez que podría entenderse que no se entregaron evidencias de los controles, sino del Plan de Tratamiento. No se tienen evidencias del Plan de Tratamiento toda vez que las acciones se dejaron definidas pero condicionadas a la necesidad de llegar a ser requerido. No se cuenta con medición de indicadores, a pesar que el formato diligenciado por la primera línea señala "Ver monitoreo en documento de trabajo" este solo contiene la medición de indicadores del riesgo de corrupción.
A27: Altos Logros | B27: =VLOOKUP(A27,'Listas deplegables'!$A$2:$B$19,2,0) -> AL | J27: Si | K27: Mensualmente, el Profesional designado para realizar la programación del PAC de la Dirección de Posicionamiento y Liderazgo Deportivo, debe consolidar la información entregada por los Coordinadores de los GIT y entregarla de manera oportuna al GIT de Financiera para cumplir con la programación de los pagos de los recursos ya comprometidos. En caso de identificar desviaciones en la ejecución del control, comunicar al Coordinador que se debe ajustar la programación proyectada. De la ejecución de los controles se generará la siguiente evidencia: Correos electrónicos enviados a FInanciera con el PAC final consolidado | L27: Preventivo | M27: Si | N27: Si | O27: Si | P27: Reducir (Mitigar) | Q27: Bajo | R27: Si
A28: Inspección Vigilancia y Control | B28: =VLOOKUP(A28,'Listas deplegables'!$A$2:$B$19,2,0) -> IVC | C28: Posibilidad de afectación reputacional por Falta de personal de planta en los procedimientos de inspección y vigilancia, falta de sistemas de información; ausencia de tecnologia. debido a Falta de personal capacitado, herramientas adecuedas o protocolos de supervision establecidos. | D28: Si | E28: 45616 | F28: No diligencia | G28: 45783 | H28: Misional | I28: Moderado | J28: Si | K28: Mensualmente, el coordinador GIT responsable, reorganiza las tareas de de acuerdo con las cargas laborales del personal existente, priorizando las actividades según su nivel de criticidad en cumplimiento de los procedimientos de la Dirección. En caso de desviación, el coordinador informará al Director, especificando las actividades pendientes y el número de trámites por ejecutar, así como la cantidad de personal disponible, con el fin de apoyar la toma de decisiones. De la ejecución del control, se genera la siguiente evidencia: informe mensual de gestión, correos electrónicos (cuando aplique) | L28: Preventivo | M28: Si | N28: Si | O28: Si | P28: Reducir (Mitigar) | Q28: Moderado | R28: Si | S28: Si | T28: Socializar los documentos asociados al procesoIVC, que se encuentra en ISDLUCION. a los profesionales de la Dirección de Inspección, Vigilancia y Control | U28: No | V28: Si | W28: No | X28: No aplica | Y28: No aplica | Z28: No aplica | AA28: Si | AB28: Se recuerda a la segunda línea la importancia de diligenciar el seguimiento en el formato establecido DE- FR -002, evitando diligenciar en este "Como resultado de la revisión se reportó al proceso la respectiva retroalimentación para subsanar y mejorar el seguimiento. Ver carpeta de SharePoint RETROALIMENTACION POR PROCESOS la retroalimentación al proceso IVC. Recomendaciones: Realizar revisión integral de las observaciones realizadas" puesto que la ciudadanía que accede a consulta en Isolución no tiene acceso a lo señalado en dichos correos. A su vez, la Oficina de Control Interno realiza seguimiento en el formato establecido por el Proceso DE en el que debe reposar la trazabilidad del seguimiento y evaluación de la segunda línea de defensa. No reporta fecha de monitoreo de la primera línea de defensa. El reporte de indicadores no contiene la medición cuantitativa. Se evidencia seguimiento de primer y segunda línea de defensa, cuenta con evidencias de la ejecución de Control 2, no hay evidencias e la ejecución del control 3. En cuanto a la ejecución del Plan de Tratamiento no se cuenta con evidencias que correspondan con las acciones planteadas en la periodicidad descrita, es importante la evidencia que se aporte corresponda con la planteada por el proceso, ya que, por ejemplo, a pesar de adjuntar documentos para soportar las acciones 1 y 2 del riesgo 2 no guardan relación con la acción que se planteó. A su vez, en el caso que se planteen listas de asistencia como evidencia es importante que el asunto a tratar del listado corresponda con el de la acción prevista evitando nombres genéricos.
A29: Inspección Vigilancia y Control | B29: =VLOOKUP(A29,'Listas deplegables'!$A$2:$B$19,2,0) -> IVC | K29: Semestralmente, el Coordinador del GIT responsable, verifica la información almacenada en las bases de datos de los procesos administrativos sancionatorios con vencimientos próximos. Cada coordinador, junto con el gestor documental, revisa las bases de datos para elaborar el plan de descongestion, priorizando los expedientes que están a punto de vencer. En caso de detectarse una desviación del proceso sancionatorio se tramitará de manera perentoria. De la ejecución del control, se generarán las siguientes evidencias: la base de datos actualizada y los correos electrónicos (cuando aplique). | L29: Detectivo | M29: Si | N29: Si | O29: Si | P29: Reducir (Mitigar) | Q29: Moderado | R29: Si | S29: Si | T29: Mensual realizar retroalimentación del estado y avance de los procesos en cursos en cada GIT. | U29: No | V29: Si
A30: Fomento al Desarrollo Humano y Social | B30: =VLOOKUP(A30,'Listas deplegables'!$A$2:$B$19,2,0) -> FD | C30: Posibilidad de afectación económica y reputacional por las demoras en el inicio de la ejecución de los programas a desarrollar en los convenios interdministrativos o contratos debido a la entrega incompleta y/o inoportuna de la documentación precontractactual en el marco de los convenios y/o contratos | D30: Si | E30: 45616 | F30: 45777 | G30: No diligencia | H30: Misional | I30: Alto | J30: Si | K30: Para el primer trimestre de la vigencia el y/o los supervisores de los GIT de la Dirección de Fomento y Desarrollo (Actividad Fìsica, Recreaciòn, Deporte Escolar, Deporte Social Comunitario), Inician el proceso de planeacion estrategica de la Direccion de Fomento y Desarrollo desde el mes de Diciembre del anterior , con el fin de iniciar los procesos contractuales en el primer trimestre de la vigencia, a través del Plan de Acción las prioridades a ejecutar en la vigencia siguientes. En caso de identificar desviaciones en la ejecución del control, notificar al Director de Fomento y Desarrollo la clusula que establece el inicio de los programas, ., para solicitar modificación al PAI. De la ejecución del control se registran las siguientes evidencias: 1- cronograma de inversión 2- Proyecto de PAI | L30: Detectivo | M30: No | N30: Si | O30: Si | P30: Reducir (Mitigar) | Q30: Alto | R30: No | S30: Si | T30: Generar alertas preventivas a los operadores, frente al cumplimiento y avance de acuerdo con el cronograma | U30: No | V30: No | W30: No | X30: No aplica | Y30: No aplica | Z30: No aplica | AA30: No | AB30: No se evidencia ejecución del plan de tratamiento ni de los controles, de los cuales tampoco se aportó evidencias. Aunque se diligenció el archivo de indicadores no cuenta con medición cuantitativa. No se tiene fecha de seguimiento de la segunda línea. Además, se recuerda a la segunda línea la importancia de diligenciar el seguimiento en el formato establecido DE- FR -002, evitando diligenciar en este "Ver carpeta de SharePoint" puesto que la ciudadanía que accede a consulta en Isolución no tiene acceso a lo señalado en dichos correos. A su vez, la Oficina de Control Interno realiza seguimiento en el formato establecido por el Proceso DE en el que debe reposar la trazabilidad del seguimiento y evaluación de la segunda línea de defensa.
A31: Fomento al Desarrollo Humano y Social | B31: =VLOOKUP(A31,'Listas deplegables'!$A$2:$B$19,2,0) -> FD | J31: Si | K31: Cada vez que se requiera, el y/o los supervisores de los GIT de la Dirección de Fomento y Desarrollo (Actividad Fìsica, Recreaciòn, Deporte Escolar, Deporte Social Comunitario), deben revisar y verificar el cronograma de inicio de las actividades, De acuerdo con un cronograma de actividades aceptado por el ministerio del deporte En caso de identificar desviaciones en la ejecución del control, notificar al Director de Fomento y Desarrollo las dificultades presentadas por el ente ejecutor y establecer un plan de trabajo que permita subsanar la situacion. De la ejecución del control se genera las siguientes evidencias: 1. minuta del contrato 2- cronograma de actividades 3- Oficio al operador (cuando aplique) Frecuencia: Cuattrimestral | L31: Preventivo | M31: No | N31: Si | O31: Si | P31: Reducir (Mitigar) | Q31: Alto | R31: No
A32: Apoyo a la Infraestructura Técnica y Científica | B32: =VLOOKUP(A32,'Listas deplegables'!$A$2:$B$19,2,0) -> ATC | C32: Posibilidad de afectación reputacional, por incumplir los tiempos planificados para la revision y seguimiento de los proyectos viabilizados, debido, a la entrega inoportuna de la información o reporte equivocado de los avances de cada una de las regiones afectando la etapa de seguimiento | D32: Si | E32: 45595 | F32: 45777 | G32: 45783 | H32: Misional | I32: Moderado | J32: Si | K32: Mensualmente, el Coordinador GIT de Infraestructura o quien haga sus veces verifica los tiempos de entrega de la información de acuerdo con el cronograma de trabajo, asi como tambien de los lineamientos establecidos por cada una de las regiones de conformidad con el plan establecido por la Direccion DRHSND.De acuerdo con el cronograma establecido por el GIT de Infraestructura, se solicita el estado del seguimiento a los contratos y convenios. En caso de identificar desviaciones en la ejecución del control, se enviarán notificaciones por correo electrónico al profesional responsable, alertando sobre los tiempos y fechas programadas. De la ejecución del control, se generará la siguiente evidencia: Documento de seguimiento del GIT de Infraestructura. Correo electrónico de notificación. | L32: Detectivo | M32: Si | N32: Si | O32: Si | P32: Reducir (Mitigar) | Q32: Moderado | R32: Si | S32: Si | T32: Socializar los reportes de seguimiento de las regiones | U32: No aplica | V32: No aplica | W32: No | X32: No aplica | Y32: No aplica | Z32: No aplica | AA32: Si | AB32: Se evidencia seguimiento de primer y segunda línea de defensa, se aportaron evidencias de ejecución del control, no obstante se requiere fortalecer que las mismas sean completas conforme lo planteado en el control para poder establecer su cumplimiento. No se cuenta con evidencias del plan de tratamiento toda vez que tiene fecha de inicio en octubre, se recomienda verificar que en el plazo estimado sea posible su desarrollo. Se reportó medición de indicadores, no obstante, estos carecen de evidencias.
A33: Servicio Integral al Ciudadano | B33: =VLOOKUP(A33,'Listas deplegables'!$A$2:$B$19,2,0) -> SI | C33: Posibilidad de afectación reputacional por falta de cultura organizacional a nivel institucional y por la inoportunidad en la respuesta a las PQRSD, debido a la falta de posicionamiento del proceso, de cara a los grupos de valor con los que se relaciona la entidad | D33: Si | E33: 45658 | F33: 45769 | G33: 45778 | H33: Apoyo | I33: Alto | J33: Si | K33: Mensualmente ,el Profesional del grupo interno de trabajo de Servicio Integral al Ciudadano designado, verificará las peticiones pendientes de respuesta, mediante monitoreo al trámite de peticiones generando desde GESDOC un reporte de aquellas pendientes de respuesta. En caso de identificar desviaciones en la ejecución del control, reportará al jefe de dependencia al que pertenece el funcionario o contratista, informando las peticiones próximas a vencerse que no tienen respuesta. De la ejecución de los controles se generará la siguiente evidencia: Memorandos de notificación o documento en excel que consolida la información del número de radicados de envíos. | L33: Detectivo | M33: Si | N33: Si | O33: Si | P33: Reducir (Mitigar) | Q33: Moderado | R33: Si | S33: Si | T33: Realizar segunda versión de campaña interna que busque sensibilizar acerca de la importancia del proceso en el Ministerio y promover la implementación las política de Servicio al Ciudadano | U33: No aplica | V33: No aplica | W33: No | X33: No aplica | Y33: No aplica | Z33: No aplica | AA33: Si | AB33: Se evidencia seguimiento de primer y segunda línea de defensa. Se aportan evidencias de la ejecución de controles mientras que el plan de tratamiento inicia ejecución en mayo. Se deben plantear indicadores con periodicidad específica ya que aunque se cuenta con el diligenciamiento del formato en el reporte se detalla cuales no pueden ser medidos por el corte de la información, por lo que es importante definir si son de medición mensual, semestral, etc.
A34: Servicio Integral al Ciudadano | B34: =VLOOKUP(A34,'Listas deplegables'!$A$2:$B$19,2,0) -> SI | J34: Si | K34: Trimestralmente el coordinador del grupo interno de Servicio Integral al Ciudadano incluirá una proposición sobre el estado de las PQRSD en el CIGD y remitirá presentación a la Oficina Asesora de Planeación (secretaría técnica del CIDG) con un informe ejecutivo que presenta el estado consolidado y por dependencias de las PQRSD en el periodo para la toma de decisiones. En caso de identificar desviaciones en la ejecución del control, se enviará el informe a los jefes de dependencia. De la ejecución de los controles se generará la siguiente evidencia: Agenda del CIGD y presentación. | L34: Detectivo | M34: Si | N34: Si | O34: Si | P34: Reducir (Mitigar) | Q34: Moderado | R34: Si
A35: Servicio Integral al Ciudadano | B35: =VLOOKUP(A35,'Listas deplegables'!$A$2:$B$19,2,0) -> SI | C35: Posibilidad de afectación reputacional por desconocimiento del ejercicio de participacion ciudadana, tanto a nivel interno como externo del Ministerio debido a falta de espacios de aprendizaje en participación ciudadana dirigidos a la ciudadanía. | D35: Si | E35: 45658 | F35: 45769 | G35: 45778 | H35: Apoyo | I35: Moderado | J35: Si | K35: Cada vez que se requiera, el profesional designado del GIT Servicio Integral al Ciudadano efectúa seguimiento al cumplimiento de las actividades programadas dentro de la estrategia anual de Participación Ciudadana y solicita el reporte de resultados de los mismos. En caso de identificar desviaciones en la ejecución del control, se enviará comunicación reiterando el envío inmediato de la información. De la ejecución de los controles se generará la siguiente evidencia: Comunicados de seguimiento a la ejecución de la estrategia de participación ciudadana y registro del avance de ejecución de la estrategia en el reporte de seguimiento consolidado | L35: Detectivo | M35: Si | N35: Si | O35: Si | P35: Reducir (Mitigar) | Q35: Moderado | R35: Si | S35: Si | T35: Elaborar tres piezas de comunicación interna para fortalecer los ejercicios de participación ciudadana, solicitandole a las dependencias que divulguen con oportunidad sus actividades programadas, a los grupos de valor a los que van dirigidos. | U35: Si | V35: Si | W35: No | X35: No aplica | Y35: No aplica | Z35: No aplica | AA35: Si | AB35: Se evidencia seguimiento de primer y segunda línea de defensa. Se aportan evidencias de la ejecución del control 1 y su plan de tratamiento, mientras el control 2 está pendiente de iniciar ejecución. Se deben plantear indicadores con periodicidad específica ya que aunque se cuenta con el diligenciamiento del formato en el reporte se detalla cuales no pueden ser medidos por el corte de la información, por lo que es importante definir si son de medición mensual, semestral, etc.
A36: Servicio Integral al Ciudadano | B36: =VLOOKUP(A36,'Listas deplegables'!$A$2:$B$19,2,0) -> SI | J36: Si | K36: En cada vigencia, el profesional designado del grupo interno de Servicio integral al ciudadano implementará el curso virtual de participación ciudadana en la Escuela Virtual del Deporte, para fortalecer el conocimiento y el acceso a la ciudadanía ingresando a la plataforma Escuela Virtual del Deporte - EVD verificando que sus contenidos esten vigentes y solicitando al GIT TICS su activación y divulgación. En caso de desviación, se realizarán las actualización del curso y las solicitudes de activación. La divulgación se realiza a través de la página web y de las redes sociales. Evidencia : activación del curso y reporte de la Escuela Virtual del Deporte de participación y finalización del curso | L36: Preventivo | M36: Si | N36: Si | O36: Si | P36: Reducir (Mitigar) | Q36: Moderado | R36: Si | S36: Si | T36: Enviar invitación a la base de datos de ciudadanos con que cuenta el GIT Servicio Integral al ciudadano a participar en ejercicios programados. Tres envío durante el año | U36: Si | V36: No aplica
A37: Gestión de TIC'S | B37: =VLOOKUP(A37,'Listas deplegables'!$A$2:$B$19,2,0) -> GT | C37: Posibilidad de afectación reputacional de la entidad, por falta de implementación de buenas prácticas establecidas por el GIT TICs, obsolescencia, depreciación y daño irreparable de los servidores y equipos tecnológicos del Centro de Cómputo, indisponibilidad de los servicios tecnológicos, incumplimiento de los acuerdos de nivel de servicio en los casos atendidos por Soporte TICs y sistemas de información y equipos tecnológicos desarticulados con las necesidades y/o arquitectura de TI del Ministerio, debido a falta de aprobación de gastos e inversiones en tecnología necesarias para el funcionamiento del Ministerio, falta de una planta de emergencia para respaldo eléctrico de contingencia, planta de personal insuficiente en el GIT TIC's, recorte del rubro presupuestal asignado para el GIT TIC's y escasa gobernabilidad e influencia de la oficina de TI dentro de la estructura de la entidad. | D37: Si | E37: 45590 | F37: 45772 | G37: 45782 | H37: Apoyo | I37: Alto | J37: Si | K37: Semestralmente, el Coordinador del GIT TIC's debe verificar el inventario de equipos del centro de cómputo y su depreciación , y determinar a través del registro en el sistema de inventario de la entidad en coordinación con el área de Almacén la necesidad de reemplazo tecnológico. En caso de desviación en la ejecución del control, se consultará la bitácora: GT-FR-011 Bitácora Registro de Servidores, formatos guardados en la carpeta de ejecución compartida en Sharepoint. Evidencias: Reporte del área de Almacén, Bitácora de Servidores (cuando aplique). | L37: Detectivo | M37: Si | N37: Si | O37: Si | P37: Aceptar | Q37: Alto | R37: Incompleta | S37: Si | T37: Activar el protocolo definido en el Plan de Recuperación de Desastres (DRP) para restablecer los servicios afectados según los tiempos definidos de recuperación (RPO y RTO). | U37: No aplica | V37: No aplica | W37: No | X37: No aplica | Y37: No aplica | Z37: No aplica | AA37: Si | AB37: La obsolescencia y daño irreparable de los servidores y equipos tecnológicos, corresponden a un riesgo de Seguridad de la Información y no de Gestión. Se evidencia monitoreo por parte de primera y segunda línea de defensa. Aunque el proceso aporta evidencias en la carpte, estas no son correspondientes con las planteadas en los controles, si bien pretenden dar cuenta de puesta en marcha del mismo, se requiere que la evidencia aportada corresponda con la planteada en el control para validar su ejecución. No se evidencian soportes de ejecución del plan de tratamiento ya que quedó sujeto a la necesidad de su aplicación, además los controles son similares a los planteados para los tres riesgos de seguridad de la información de manera que debe evaluarse causas inmediata y raíz repetidas en el proceso de identificación, así como cuales de ellas son de riesgo de gestión y cuales de seguridad de la información.
A38: Gestión de TIC'S | B38: =VLOOKUP(A38,'Listas deplegables'!$A$2:$B$19,2,0) -> GT | J38: Si | K38: Cada vez que se requiera, el Coordinador del GIT TIC's debe validar las cargas de trabajo del área de TIC's para determinar las necesidades de personal de planta o contratistas; , en el marco del ejercicio de análisis de cargas para la reestructuración del Ministerio determinar los perfiles y cantidad de colaboradores requeridos para el cumplimiento de las funciones del GIT TIC's. En caso de desviación en la ejecución del control, realizar el ajuste al estudio de cargas realizado. Evidencias: Matriz de propuesta de estudio de cargas de trabajo del GIT TIC's; correos y memorandos (cuando aplique). | L38: Detectivo | M38: Si | N38: Si | O38: Si | P38: Aceptar | Q38: Alto | R38: Incompleta | S38: Si | T38: Remitir informe de declaratoria de contingencia a nivel institucional para activar el Plan de Continuidad del Negocio (BCP) por las dependencias afectadas (cuando aplique). | U38: No aplica | V38: No aplica
A39: Gestión de TIC'S | B39: =VLOOKUP(A39,'Listas deplegables'!$A$2:$B$19,2,0) -> GT | J39: Si | K39: Anualmente, el Coordinador del GIT TIC's debe elaborar el anteproyecto de inversión de las necesidades tecnológicas para el periodo 2024-2027 y el presupuesto del PETI del GIT TIC's; , de acuerdo con las necesidades del área y de las dependencias, con los lineamientos de MinTIC en cuanto a proyectos de Transformación Digital y con los resultados del FURAG. En caso de desviación en la ejecución del control, se realizan ajustes mensuales al proyecto de presupuesto. Evidencias: Anteproyecto de presupuesto validado por la OAP. | L39: Preventivo | M39: Si | N39: Si | O39: Si | P39: Aceptar | Q39: Alto | R39: No
A40: Gestión del Talento Humano | B40: =VLOOKUP(A40,'Listas deplegables'!$A$2:$B$19,2,0) -> GH | C40: Posibilidad de afectación reputacional por Fallas en la implementación de los procedimientos y lineamientos en el proceso de GTH, debido a fallas en la seguimiento de verificación de las Evaluaciones del Desempeño Laboral | D40: Si | E40: 45643 | F40: 45775 | G40: 45783 | H40: Apoyo | I40: Moderado | J40: Si | K40: El Profesional designado por el Coordinador de GIT Talento Humano debera revisar y actualizar el procedimiento GH-PD-003 Evaluación del Desempeño Laboral ajustandolo a la normatividad vigente, mediante mesas de trabajo que evidencien el avance de la actualiozación del documento donde se dejaran actas de las reuniones, de presentarce algúna desviación se deberan dejar consignadas mediante actas de seguimiento. | L40: Preventivo | M40: No | N40: Si | O40: No | P40: Reducir (Mitigar) | Q40: Moderado | R40: Si | S40: Si | T40: Socializar el procedimiento actualizado tanto al grupo de trabajo , como a nivel institucional | U40: No aplica | V40: No aplica | W40: No | X40: No aplica | Y40: No aplica | Z40: No aplica | AA40: No | AB40: Se evidencia seguimiento de primer y segunda línea de defensa. Los controles no tienen periodicidad definida. El plan de tratamiento no ha iniciado ejecución. No se detalla motivo del no inicio en la ejecución de los controles. Las evidencias que se anexen deben corresponder con lo planteado. No se cuenta con medición de indicadores en el formato establecido, ni con evidencias de estos.
A41: Gestión del Talento Humano | B41: =VLOOKUP(A41,'Listas deplegables'!$A$2:$B$19,2,0) -> GH | J41: Si | K41: El Profesional designado por el Coordinador de GIT Talento Humano debera verificar las Evaluaciones de Desempeño Laboral que se encuentran en la plataforma de la Comisión Nacional del Servicio Civil correspondientes al Ministerio del Deporte mediante seguimiento semestral donde se dejara como evidencia el descargue del reporte de la evaluaciones efectuadas durante el semestre, de encontrarce alguna desviación en la revisión se procedera a notificar mediante correo electronico a evaluadores y evaluados para subsanar las desviaciones. | L41: Preventivo | M41: No | N41: Si | O41: No | P41: Reducir (Mitigar) | Q41: Moderado | R41: No | S41: Si | T41: Presentar una relación de los resultados de la verificación y seguimiento de las calificaciones de la Evaluación del Desempeño Laboral al Coordinador de GIT TH | U41: No aplica | V41: No aplica
A42: Gestión del Talento Humano | B42: =VLOOKUP(A42,'Listas deplegables'!$A$2:$B$19,2,0) -> GH | C42: Posibilidad de afectación reputacional por incumplimiento en la ejecución de los planes y programas del proceso de Gestión del talento Humano por insuficiencia en el presupuesto asignado debido a la debil Planeación Estratégico de Talento Humano. | D42: Si | E42: 45643 | F42: 45775 | G42: 45783 | H42: Apoyo | I42: Moderado | J42: Si | K42: El Profesional designado por el Coordinador de GIT Talento Humano debera coordinar la formulación de la Planeación Estrategica del Talento Humano respondiendo a las necesidades de los funcionarios, establecindo los recursos necesarios para la ejecución, mediante la aplicación de una encuesta y mesas de trabajo donde se definan las actividades a establecer en los planes y programas. | L42: Preventivo | M42: No | N42: Si | O42: No | P42: Reducir (Mitigar) | Q42: Moderado | R42: Si | S42: Si | T42: Establecer un formato de cronograma como anexo a la Planeación Etrategica del Talento Humano para formular y realizar seguimiento a la ejecución de los planes relacionados. | U42: Si | V42: Si | W42: No | X42: No aplica | Y42: No aplica | Z42: No aplica | AA42: No | AB42: Se evidencia seguimiento de primer y segunda línea de defensa. Los controles no tienen periodicidad definida. Las evidencias que se anexen deben corresponder con lo planteado ya que se encuentran incompletas. Dado que el plan de tratamiento no detalla si el formato creado será controlado o no controlado no es posible establecer si la evidencia remitida cumple con la actividad planteada por lo que el proceso debe detallarlo en su monitoreo. No se cuenta con medición de indicadores en el formato establecido, ni con evidencias de estos.
A43: Gestión Documental | B43: =VLOOKUP(A43,'Listas deplegables'!$A$2:$B$19,2,0) -> GD | C43: Posibilidad de afectación reputacional por falencias en la organización documental de acuerdo a las series y subseries, resistencia al cambio por parte de los funcionarios y contrastistas y Socialización de los lineamientos documentados que permitan articular la gestión documental. debido a la Inadecuada aplicación de los instrumentos archivísticos | D43: Si | E43: 45645 | F43: No diligencia | G43: 45783 | H43: Apoyo | I43: Moderado | J43: Si | K43: El profesional en Gestión Documental, realiza la verificacion de la organización documental por dependencia de acuerdo a lo establecido en el GD- MN-005"Organización archivos de Gestión ". A traves de visitas programadas con los gestores documentales, se realiza la revisión de estado de la organización de los expedientes de acuerdo a la Tabla de retención documental. En caso de identificar desviaciones del control se deja mediante acta las observaciones encontradas para que la dependencia subsane o en su defecto se apliquen los procedimientos que correspondan. De la ejecución de los controles se generará la siguiente evidencia: actas de reunión, listas de asistencia. | L43: Detectivo | M43: No | N43: Si | O43: No | P43: Reducir (Mitigar) | Q43: Moderado | R43: Si | S43: Si | T43: Realizar capacitaciones a funcionarios y contratistas por dependencia para la socialización de la tabla de retención documental y los instrumentos archivisticos de competencia. | U43: Si | V43: Si | W43: No diligenció la casilla | X43: No diligenció la casilla | Y43: No diligenció la casilla | Z43: No diligenció la casilla | AA43: No | AB43: Los controles no tienen periodicidad definida. El proceso no realizó seguimiento a la materialización del riesgo, toda vez que no diligenció esta sección de información en el formato, así como tampoco registró la fecha del monitoreo a su cargo. No se cuenta con medición de indicadores en el formato establecido, ni con evidencias de estos. Se evidencia seguimiento de la segunda línea de defensa en la que entre otras exhorta al proceso a reportar de manera oportuna y completa el monitoreo a su cargo.
A44: Adquisición de Bienes y Servicios | B44: =VLOOKUP(A44,'Listas deplegables'!$A$2:$B$19,2,0) -> BS | C44: Posibilidad de afectación económica por multas o sanciones de los entes de control debido a la celebración de Contratos sin que se cumplan con todos los requisitos legales | D44: Si | E44: 45642 | F44: 45770 | G44: 45783 | H44: Apoyo | I44: Extremo | J44: Si | K44: Cada vez que se requiera, el Coordinador GIT Contratación y/o Profesional desigando, debe Verificar que tanto la norma como el proceso se aplique en cada elaboración de contratos y/o convenios de manera adecuada (Etapa Precontractual), Validar por el abogado encargado, en el manual de contratación y el Estatuto de Contratación, la modalidad del mismo según su naturaleza y cuantía. (Etapa Precontractual), a traves de la revisión de los estudios previos. En caso de identificar desviaciones en la ejecución del control, De no adecuarse la modalidad a la naturaleza y a la cuantía, comunicar al área solicitante para que ajuste su requerimiento según el caso. . De la ejecución de los controles se generará la siguiente evidencia: Base de datos de contratos en los que se registra la modalidad de contratación utilizada en el proceso | L44: Preventivo | M44: Si | N44: Si | O44: Si | P44: Reducir (Mitigar) | Q44: Extremo | R44: Si | S44: Si | T44: Implementar Flujos de aprobación en Secop, que garanticen que el contrato sea revisado por varios profesionales que puedan identificar posibles inconsistencias | U44: Si | V44: No aplica | W44: No | X44: No aplica | Y44: No aplica | Z44: No aplica | AA44: Si | AB44: Se evidencia seguimiento de primer y segunda línea de defensa. Se aportan evidencias de control y acción. Se recuerda a la segunda línea la importancia de diligenciar el seguimiento en el formato establecido DE- FR -002, evitando diligenciar en este "Ver carpeta de SharePoint" puesto que la ciudadanía que accede a consulta en Isolución no tiene acceso a lo señalado en dichos correos. A su vez, la Oficina de Control Interno realiza seguimiento en el formato establecido por el Proceso DE en el que debe reposar la trazabilidad del seguimiento y evaluación de la segunda línea de defensa.
A45: Adquisición de Bienes y Servicios | B45: =VLOOKUP(A45,'Listas deplegables'!$A$2:$B$19,2,0) -> BS | C45: Posibilidad de afectación econímica por multas, sanciones o investigaciones disciplinarias, fiscales y penales debido a la liquidación incorrecta de contratos o no liquidación de los mismos en los plazos acordados en el contrato o los establecidos por la Ley | D45: Si | E45: 45642 | F45: 45770 | G45: 45783 | H45: Apoyo | I45: Extremo | J45: Si | K45: Cada vez que se requiera, el Coordinador GIT Contratación y/o el profesional designado, debe realizar el seguimiento a la base de datos de los procesos para liquidar, actualizando el listado de los procesos que deben entrar en esta fase . En caso de identificar desviaciones en la ejecución del control, se deberá reportar al director y/o jefe del área los procesos que no estan incluidos y realizar la actualización de manera inmediata. De la ejecución de los controles se generará la siguiente evidencia: Base de datos de Liquidaciones. | L45: Detectivo | M45: Si | N45: Si | O45: Si | P45: Reducir (Mitigar) | Q45: Extremo | R45: Si | S45: Si | T45: Generar alertas con los lideres del equipo liquidaciones de las diferentes areas del Ministerio del deporte | U45: No aplica | V45: No aplica | W45: No | X45: No aplica | Y45: No aplica | Z45: No aplica | AA45: Si | AB45: Se evidencia seguimiento de primer y segunda línea de defensa. La acción no ha sido iniciada, sin embargo, de acuerdo con la fecha señalada ya debería estar el marcha. Se recuerda a la segunda línea la importancia de diligenciar el seguimiento en el formato establecido DE- FR -002, evitando diligenciar en este "Ver carpeta de SharePoint" puesto que la ciudadanía que accede a consulta en Isolución no tiene acceso a lo señalado en dichos correos. A su vez, la Oficina de Control Interno realiza seguimiento en el formato establecido por el Proceso DE en el que debe reposar la trazabilidad del seguimiento y evaluación de la segunda línea de defensa.
A46: Adquisición de Bienes y Servicios | B46: =VLOOKUP(A46,'Listas deplegables'!$A$2:$B$19,2,0) -> BS | C46: Posibilidad de afectación económica y reputacional por multas o sanciones de los entes de control debido al incumplimiento de las formalidades legales para la selección objetiva del contratista | D46: Si | E46: 45642 | F46: 45770 | G46: 45783 | H46: Apoyo | I46: Extremo | J46: Si | K46: Cada vez que se requiera, el Coordinador GIT Contratación y/o el profesional designado, debe verificar la evaluación de propuestas de manera rigurosa, realizando la revisión de propuestas mediante la lista de chequeo corespondiente. A través de un análisis de los requisitos y verificación del cumplimiento de los mismos. En caso de identificar desviaciones en la ejecución del control, reportar al oferente en la lista de chequeo y en la evaluación el resultado de la misma para el subsane o rechazo, según el caso. De la ejecución de los controles se generará la siguiente evidencia: Evaluación de los procesos competitivos en los casos que aplique | L46: Preventivo | M46: Si | N46: Si | O46: Si | P46: Aceptar | Q46: Extremo | R46: No | S46: Si | T46: Revisar los estudios previos buscando identificar posibles incumplimientos en las formalidades legales requeridas para la suscripción del proceso | U46: Si | V46: Si | W46: No | X46: No aplica | Y46: No aplica | Z46: No aplica | AA46: Si | AB46: Se evidencia seguimiento de primer y segunda línea de defensa. De acuerdo con el proceso no se adelantaron procesos competitivos que requirieran evaluación, no obstante el control no se encuentra limitado a este tipo de procesos, por loque se requeire detallar o explicar este tipo de observaciones o si solo aplica a dichos procesos ajustar la identificación del riesgo. Se recuerda a la segunda línea la importancia de diligenciar el seguimiento en el formato establecido DE- FR -002, evitando diligenciar en este "Ver carpeta de SharePoint" puesto que la ciudadanía que accede a consulta en Isolución no tiene acceso a lo señalado en dichos correos. A su vez, la Oficina de Control Interno realiza seguimiento en el formato establecido por el Proceso DE en el que debe reposar la trazabilidad del seguimiento y evaluación de la segunda línea de defensa.
A47: Gestión Financiera | B47: =VLOOKUP(A47,'Listas deplegables'!$A$2:$B$19,2,0) -> GF | C47: Posibilidad de Afectación Económica y Reputacional por falta de procedimientos , errores de digitación y falta de capacitación, temas relacionados con el personal, debido a inconsistencias en el registro de la gestión presupuestal en el aplicativo SIIF Nación, frente a requerimientos y soportes asociados a los trámites de expedición del Certificado de Disponibilidad Presupuestal, Registros Presupuestales y sus operaciones derivadas de adiciones y/o liberaciones, acordes a un compromiso en concordancia al rubro, objeto, valor, renglón etc, que no sean conformes con los lineamientos de la Entidad y/o la legislación vigente. | D47: Si | E47: 45589 | F47: 45772 | G47: 45782 | H47: Apoyo | I47: Alto | J47: Si | K47: Cada vez que se requiera, el Enlace MIPG del GIT Gestón Presupuestal, debe verificar que la documentación del proceso GF este actualizada y articulada con la normatividad vigente y los lineamientos aplicables para el proceso de Gestión Financiera, mediante una mesa de trabajo con el personal del proceso GF. En caso de identificar desviaciones en la ejecución del control, se debe hacer la actualización de los documentos relacionados con el proceso de Gestión Financiera, atendiendo los cambios presentados en la normatividad y los lineamientos vigentes. De la ejecución del control se generará la siguiente evidencia: 1. Acta de la mesa de trabajo realizada. 2. Formato diligenciado GF-FR-038 3. Actualización del documento en Isolución. 4. Socialización de los documentos creados o actualizados mediante comunicaciones internas. | L47: Detectivo | M47: Si | N47: Si | O47: Si | P47: Reducir (Mitigar) | Q47: Extremo | R47: Si | S47: Si | T47: 1. Incluir en las políticas de operación de los procedimientos que sean necesarios a actualizar y así el mantener la documentación acorde a la normatividad vigente. | U47: Si | V47: Si | W47: No | X47: No aplica | Y47: No aplica | Z47: No aplica | AA47: Si | AB47: Se evidencia seguimiento de primer y segunda línea de defensa. Se adjunta evidencia de la ejecución de controles y planes de tratamiento, los cuales se encuentran en curso. Se debe revisar el formato o la medición de Zona de Riesgo Residual Final ya que luego de aplicados los controles, aumenta a Extremo, en lugar de mitigarse. Se recomienda registrar la medición cuantitaviva del indicador en el formato DE- FR -002.
A48: Gestión Financiera | B48: =VLOOKUP(A48,'Listas deplegables'!$A$2:$B$19,2,0) -> GF | J48: Si | K48: Diariamente, el Coordinador (a) del GIT Gestión Presupuestal y/o profesionales designados, deben revisar los documentos registrados en el aplicativo SIIF Nación que requieran firma, con los documentos soportes allegados, por medio de la inspección visual y el análisis de la información para proceder a firmar acorde a la revisión de los documentos registrados en el aplicativo SIIF Nación para los Certificados de Disponibilidad Presupuestal, Registros Presupuestales y sus operaciones derivadas de adiciones y/o liberaciones. De la ejecución de los control se generará la siguiente evidencia: Documentos firmados y entregados al solicitante o archivados según TRD de los registros en el aplicativo SIIF Nación de CDP y RP y la Publicación del CDP expedido o modificado en el aplicativo interno SISEG. | L48: Detectivo | M48: Si | N48: Si | O48: Si | P48: Reducir (Mitigar) | Q48: Extremo | R48: Si | S48: Si | T48: 1. Actualizar el procedimiento GF-PD-025-Constitución, Ejecución y Seguimiento de Reservas Presupuestales y Cuentas por Pagar. | U48: Si | V48: Si
A49: Gestión Financiera | B49: =VLOOKUP(A49,'Listas deplegables'!$A$2:$B$19,2,0) -> GF | C49: Posibilidad de Afectación Económica y Reputacional por falta de procedimientos, errores de grabación, autorización, debido a incurrir en inconsistencias en el desarrollo de las actividades asociadas a la Elaboración de Estados Financieros y Reporte de Hechos Económicos que no sean conformes con los lineamientos del proceso de Gestión Financiera y la legislación vigente. | D49: Si | E49: 45589 | F49: 45772 | G49: 45782 | H49: Apoyo | I49: Alto | J49: Si | K49: Cada vez que se requiera, el Coordinador (a) del GIT Gestión Contable y/o profesionales designados, debe conciliar la información financiera generada de las actividades desarrolladas teniendo en cuenta lo dispuesto en el procedimiento GF-PD-019 del proceso de Gestión Financiera, mediante el cruce de información de los registros efectuados . En caso de identificar desviaciones en la ejecución del control, se efectúan los ajustes requeridos mediante las transacciones dispuestas para tal fin. De la ejecución del control se generará la siguiente evidencia: Formato GF-FR–042 Conciliación de Inventarios - Contabilidad Vs. Almacén. | L49: Preventivo | M49: Si | N49: Si | O49: Si | P49: Reducir (Mitigar) | Q49: Extremo | R49: Si | S49: Si | T49: 1. Actualizar el prcedimiento GF-PD-027 Operaciones Recíprocas. | U49: Si | V49: Si | W49: No | X49: No aplica | Y49: No aplica | Z49: No aplica | AA49: Si | AB49: Se evidencia seguimiento de primer y segunda línea de defensa. Se adjunta evidencia de la ejecución de controles y planes de tratamiento, los cuales se encuentran en curso. Se debe revisar el formato o la medición de Zona de Riesgo Residual Final ya que luego de aplicados los controles, aumenta a Extremo, en lugar de mitigarse. Se recomienda registrar la medición cuantitaviva del indicador en el formato DE- FR -002.
A50: Gestión Financiera | B50: =VLOOKUP(A50,'Listas deplegables'!$A$2:$B$19,2,0) -> GF | K50: Mensualmente, el Coordinador (a) GIT Gestión Contable y/o los profesionales designados, debe conciliar que la información financiera relacionada con los hechos económicos (ingresos, gastos, bienes, entre otros) reportada por las dependencias proveedoras cumpla con las características cualitativas requeridas, mediante el análisis de la información financiera reportada frente a la registrada o que sea susceptible de registrar para su revelación. En caso de identificar desviaciones en la ejecución del control, se solicita mediante correo electrónico la aclaración del hecho económico a la dependencia proveedora de la información financiera. De la ejecución del control se generará la siguiente evidencia: 1. Conciliaciones realizadas 2. Correos electrónicos enviados solicitando la aclaración de los hechos económicos, en caso de requerirse | L50: Detectivo | M50: Si | N50: Si | O50: Si | P50: Reducir (Mitigar) | Q50: Extremo | R50: Si | S50: Si | T50: 1. Actualizar el instructivo GF-IN-009 Registros Contables y Elaboración de Estados Financieros | U50: Si | V50: Si
A51: Gestión Financiera | B51: =VLOOKUP(A51,'Listas deplegables'!$A$2:$B$19,2,0) -> GF | K51: Cada vez que se requiera, el Coordinador (a) del GIT Gestión Contable y/o profesionales designados, deben verificar que la información financiera radicada por las dependencias ejecutoras de recursos cumplan con las directrices impartidas por la Entidad y la normatividad vigente aplicable, por medio de la validación de la documentación. Para el caso de cuentas se realiza contra el formato GF-FR-020. En caso de identificar desviaciones en la ejecución del control, se debe devolver la solicitud mediante el formato de Devolución de documentos GF-FR-016 o en SISEG según corresponda. De la ejecución del control se generará la siguiente evidencia: Devolución de documentos mediante el Formato GF-FR-016 o devolución en SISEG según corresponda | L51: Detectivo | M51: Si | N51: Si | O51: Si | P51: Reducir (Mitigar) | Q51: Extremo | R51: Si | S51: Si | T51: 1. Circular a todas las dependencias proveedoras de información financiera las fechas límites para reportar los hechos económicos susceptibles a revelar en los Estados Financieros de la Entidad. | U51: Si | V51: Si
A52: Gestión Financiera | B52: =VLOOKUP(A52,'Listas deplegables'!$A$2:$B$19,2,0) -> GF | K52: Cada vez que se requiera, el Coordinador SIIF Nación Entidad (Secretario General o a quien este delegue), debe validar que las solicitudes requeridas para la creación de usuarios y la modificación de perfiles para el manejo del aplicativo SIIF Nación, estén acorde con las funciones u obligaciones especificas del usuario, mediante la revisión de que las funciones u obligaciones especificas, u objetivos concertados del usuario estén acorde con el perfil de usuario solicitado en los formatos Mis.3.13.Pro.5.Fr.6 Solicitud creación cuenta de usuario SIIF Nación II y Mis.3.13.Pro.5.Fr.8 Solicitud modificación cuenta de usuario SIIF Nación II o su versión vigente. En caso de identificar desviaciones en la ejecución del control, se debe devolver la solicitud al solicitante mediante correo electrónico. De la ejecución de los controles se generará la siguiente evidencia: 1. Formato Mis.3.13.Pro.5.Fr.6 Solicitud creación cuenta de usuario SIIF Nación II. 2. Formato Mis.3.13.Pro.5.Fr.8 Solicitud modificación cuenta de usuario SIIF Nación II Nota: o sus versiones vigentes. 3. Correo electrónico del Coordinador SIIF Nación de la Entidad en caso de la devolución de la solicitud | L52: Preventivo | M52: Si | N52: Si | O52: Si | P52: Reducir (Mitigar) | Q52: Extremo | R52: Si | S52: Si | T52: 1. Actualizar el instructivo GF-IN-006 Administración Usuarios SIIF Nación incluyendo los controles diseñados. | U52: Si | V52: Si
A53: Gestión Financiera | B53: =VLOOKUP(A53,'Listas deplegables'!$A$2:$B$19,2,0) -> GF | K53: Cuatrimestralmente, el Coordinador SIIF Nación Entidad (Secretario General o a quien este delegue), debe revisar que se encuentren vigentes las firmas digitales expedidas para los usuarios que realizan registros en el aplicativo SIIF Nación, por medio de una base de datos que controle la fecha de emisión y de expiración de las firmas digitales. En caso de identificar desviaciones en la ejecución del control, se debe realizar la solicitud de expedición de una nueva firma digital para tener acceso al aplicativo SIIF Nación. De la ejecución del control se generará la siguiente evidencia: 1. Archivo control de expedición de las firmas digitales (Token) 2. En los casos que se requiera será la solicitud de expedición de la firma digital para el uso del aplicativo SIIF Nación | L53: Detectivo | M53: Si | N53: Si | O53: Si | P53: Reducir (Mitigar) | Q53: Extremo | R53: Si | S53: Si | T53: 1. Actualizar el procedimiento GF-PD-028 Movimiento de Ajustes No Automáticos | U53: Si | V53: Si
A54: Gestión Financiera | B54: =VLOOKUP(A54,'Listas deplegables'!$A$2:$B$19,2,0) -> GF | K54: Cuatrimestralmente, el Coordinador SIIF Nación Entidad (Secretario General o a quien este delegue) , debe revisar que el personal que efectúa registros en el aplicativo SIIF Nación cuente con las credenciales de acceso habilitadas, mediante la validación de la fecha de expiración de los usuarios en el reporte de usuarios del sistema generado del aplicativo SIIF Nación. En caso de identificar desviaciones en la ejecución del control, se debe registrar la solicitud de modificación cuenta de usuario del aplicativo SIIF Nación actualizando la fecha de expiración de la cuenta para tener acceso al aplicativo. De la ejecución de los controles se generará la siguiente evidencia: 1. Reporte SIIF Nación de usuarios activos en el sistema el cual se denomina "Reporte de Solicitudes de Creación y Modificación de Usuarios del Sistema" 2. En los casos que se requiera la ampliación de la vigencia del usuario será la solicitud de ampliación de la fecha de expiración de la cuenta del usuario, registrada en el aplicativo SIIF Nación. | L54: Detectivo | M54: Si | N54: Si | O54: Si | P54: Reducir (Mitigar) | Q54: Extremo | R54: Si
A55: Gestión Jurídica | B55: =VLOOKUP(A55,'Listas deplegables'!$A$2:$B$19,2,0) -> GJ | C55: Posibilidad de afectación reputacional por debilidades en el seguimiento al registro de las actuaciones procesales en el sistema e-KOGUI por parte de los abogados que asumen la defensa judicial, debido a la desactualizacion de la informacion reportada de los procesos judiciales en el sistema e-KOGUI. | D55: Si | E55: 45595 | F55: 45772 | G55: 45783 | H55: Apoyo | I55: Moderado | J55: Si | K55: Cada vez que se requiera (de acuerdo a las actuaciones procesales suceptibles de reporte en la plataforma e- KOGUI respecto de los procesos judiciales y de las solicitudes de conciliacion extrajudicial a cargo del respectivo abogado) , el jefe de la Oficina Asesora Juridica, debera verificar la información que es suceptible de reporte en la plataforma para su registro correspondiente através del aplicativo y demás insumos documentales que se requieran para este efecto a nivel interno. En caso de identificar desviaciones en la ejecución del control, el Jefe de la Oficina Asesora Jurídica solicitara al abogado que corresponda de manera inmediata el informes remitidos por los apoderados que ejercen la defensa judicial sobre las actualizaciones y/o actuaciones en el sistema E-Kogui y correo electrónico institucional remisorio por parte de la Jefe de la OAJ requiriendo la actualización. | L55: Preventivo | M55: Si | N55: Si | O55: Si | P55: Aceptar | Q55: Moderado | R55: Si | S55: Si | T55: Reportar las actualizaciones realizadas en el aplicativo e-KOGUI , dentro del informe mensual remitidos por los apoderados que ejercen la defensa judicial al jefe de la OAJ sobre las actualizaciones y/o actuaciones en el sistema E-Kogui | U55: Si | V55: Si | W55: No | X55: No aplica | Y55: No aplica | Z55: No aplica | AA55: Si | AB55: Se evidencia seguimiento de primer y segunda línea de defensa. La primera línea aporta evidencias de ejecución de control y plan de tratamiento. Se recuerda a la segunda línea la importancia de diligenciar el seguimiento en el formato establecido DE- FR -002, evitando diligenciar en este "Ver carpeta de SharePoint" puesto que la ciudadanía que accede a consulta en Isolución no tiene acceso a lo señalado en dichos correos. A su vez, la Oficina de Control Interno realiza seguimiento en el formato establecido por el Proceso DE en el que debe reposar la trazabilidad del seguimiento y evaluación de la segunda línea de defensa.
A56: Gestión Jurídica | B56: =VLOOKUP(A56,'Listas deplegables'!$A$2:$B$19,2,0) -> GJ | S56: Si | T56: Elaborar y socializar circular que imparta los lineamientos frente al reporte de la información oportuna en la plataforma e-KOGUI. | U56: No aplica | V56: No aplica
A57: Gestión Jurídica | B57: =VLOOKUP(A57,'Listas deplegables'!$A$2:$B$19,2,0) -> GJ | C57: Posibilidad de afectación económica por caducidad del medio de control de controversias contractuales, debido a debilidades en el ejercicio de la supervisión sobre los convenios interadministrativos suscritos por el Ministerio del Deporte y los entes territoriales | D57: Si | E57: 45595 | F57: 45772 | G57: 45783 | H57: Apoyo | I57: Moderado | J57: Si | K57: Cada vez que se requiera, el abogado designado por el Jefe de la Oficina, verifica los términos para la presentación de las demandas a instaurar oportunamente a través del medio de control de controversias contractuales con el fin de determinar si se configura el fenomeno juridico de la caducidad. En caso de identificar desviaciones en la ejecución del control, el abogado designado comunicará a la direccion tecnica que haya remitido la solicitud de inicio de accion judicial con ocasion del incumplimiento y liquidacion judicial de los contratos o convenios suscritos por el Ministerio del Deporte mediante correo electronico y/o memorando GESDOC. Como evidencia de la actividad se aportará la base de datos con el número de demandas instauradas opotunamente a traves del medio de control de controversias contractuales. | L57: Preventivo | M57: Si | N57: Si | O57: Si | P57: Aceptar | Q57: Moderado | R57: No | S57: Si | T57: Elaborar y socializar circular en la cual se conmine a las direcciones tecnicas del Ministerio del Deporte a adelantar la liquidacion de los contratos o convenios dentro de los plazos contractuales y legales con el fin de evitar que opere el fenomeno juridico de la caducidad de la accion del medio de control | U57: No aplica | V57: No aplica | W57: No | X57: No aplica | Y57: No aplica | Z57: No aplica | AA57: No | AB57: No cuenta con monitoreo de la primera línea ni medición de indicadores, a pesar que el control se establece como cada vez que se requiera. Describe que la actividad esta prevista para segundo o tercer cuatrimestre. No anexa evidencias ni medición de indicadores. Se evidencia seguimiento de la segunda línea de defensa.
A58: Gestión de los Recursos Físicos | B58: =VLOOKUP(A58,'Listas deplegables'!$A$2:$B$19,2,0) -> RF | C58: Posibilidad de afectación económica y reputacional por ausencias de lineamientos para contigencias asociadas al Servicio de Vigilancia y Seguridad, fallas en la comunicaciòn entre el GIT Administrativa y los servicios tercerizados, debido a la falta de controles operativos para atender posible afectación en la prestación del servicio de Vigilancia y Seguridad. | D58: Si | E58: 45610 | F58: 45775 | G58: 45783 | H58: Apoyo | I58: Moderado | J58: Si | K58: El Supervisor y/o el apoyo a la supervisión del Contrato, realizará seguimientos bimensuales con el supervisor designado de la empresa de vigilancia, a través de reuniones, para hacer seguimiento preventivo a las novedades presentadas en el periodo en concordancia con la ejecución del contrato. El cual se amparan en las actividades No. 35 “Asistir a las reuniones que le solicite la Entidad a través del supervisor, en relación con el desarrollo del objeto de la negociación y suscribir las actas correspondientes” y No. 55. “Avisar en forma inmediata a los supervisores designados por la Entidad, y a las diferentes autoridades, las emergencias que se lleguen a presentar del contrato". En caso de desviación, la coordinación del GIT de Gestion Administrativa, citará al supervisor del contrato tercerizado de Vigilancia y Seguridad para tomar decisiones de acuerdo con el evento o situación presentada. Evidencia: actas de reunión bimensuales, correo electrónicos e informes de la empresa de vigilancia (cuando se requiera) | L58: Preventivo | M58: Si | N58: Si | O58: Si | P58: Reducir (Mitigar) | Q58: Moderado | R58: Si | S58: Si | T58: Realizar visita de inspección de imprevisto, con periodicidad bimensual para verificar el funcionamiento del circuito. En caso de encontrar inconsitencias, se notificará mediante oficio al supervisor de la empresa de vigilancia y seguridad de la novedad. | U58: No | V58: Si | W58: No | X58: No aplica | Y58: No aplica | Z58: No aplica | AA58: Si | AB58: La fecha de aprobación es anterior a la fecha de actualización; una vez se actualiza el mapa de riesgos debe presentarse a aprobación para su puesta en marcha. Se evidencia seguimiento de la primer y segunda línea de defensa. Se recomienda registrar la medición cuantitativa de los indicadores. Las evidencias de las acciones están siendo duplicadas con la de los controles o no corresponden con la evidencia de a acción; se debe aportar evidencia según lo que se plantea en el control o en el plan de tratamiento.
A59: Gestión de los Recursos Físicos | B59: =VLOOKUP(A59,'Listas deplegables'!$A$2:$B$19,2,0) -> RF | C59: Posibilidad de afectación económica por falta de un diagnóstico técnico para identificar la vulnerabilidad y estado de los bienes inmuebles, debido a la falta de seguimiento del Plan Anual de muebles e inmuebles y del parque automotor, que incluyan las eventualidades . | D59: Si | E59: 45610 | F59: Sin diligenciar | G59: 45783 | H59: Apoyo | I59: Moderado | J59: Si | K59: Mensualmente, el coordinador del GIT Gestión Administrativa verifica el cumplimiento de las actividades programadas en el Plan Anual de mantenimiento de bienes muebles e inmuebles del Ministerio del Deporte, de acuerdo con las actividades de mantenimiento establecidas, y, se realizara verificaciones de la ejecuciòn. En caso de desviación, se revisa la actividad con la coordinadora del GIT de Gestion Administrativa y se reprogramará la actividad en el Plan. Evidencia: visitas en sitio, registro fotografico y demas evidencias que apliquen. | L59: Preventivo | M59: Si | N59: Si | O59: Si | P59: Aceptar | Q59: Moderado | R59: Si | S59: Si | T59: Socializar el Plan de Mantenimiento de bienes muebles e inmuebles ----- Actualizar el Plan Anual de Mantenimiento de bienes muebles e inmuebles | U59: No | V59: Si | W59: No | X59: No aplica | Y59: No aplica | Z59: No aplica | AA59: Si | AB59: La fecha de aprobación es anterior a la fecha de actualización; una vez se actualiza el mapa de riesgos debe presentarse a aprobación para su puesta en marcha. Se evidencia seguimiento de la primer y segunda línea de defensa. Se recomienda registrar la medición cuantitativa de los indicadores. Las evidencias de las acciones están siendo duplicadas con la de los controles o no corresponden con la evidencia de a acción; se debe aportar evidencia según lo que se plantea en el control o en el plan de tratamiento.
A60: Gestión de los Recursos Físicos | B60: =VLOOKUP(A60,'Listas deplegables'!$A$2:$B$19,2,0) -> RF | J60: Si | K60: Profesional y/o Contratista del GIT asignado,realiza seguimiento mensual del estado del parque automotor en relación al cumplimiento de tecnomecanica,SOAT, mantenimientos preventivos y correctivos.A través de seguimientos trimestrales se monitorea el documento de trabajo"INFORMACION DE VEHICULOS 2024" en el que registran cada uno de los vehiculos activos de acuerdo con el plan de mantenimiento preventivo y correctivo, SOAT y Tecnicomecánica, para su control.En caso de desviación, se realizan las correcciones de manera inmediata, teniendo en cuenta lo establecido en los contratos respectivos.Evidencia: Matriz en Excel INFORMACION DE VEHICULOS 2024. | L60: Preventivo | M60: Si | N60: Si | O60: Si | P60: Aceptar | Q60: Moderado | R60: Si | S60: Si | T60: Se envian los correos electronicos para socializar el uso adecuado de los vehiculos en cumplimiento al plan de austeridad. | U60: No | V60: Si
A61: Gestión de los Recursos Físicos | B61: =VLOOKUP(A61,'Listas deplegables'!$A$2:$B$19,2,0) -> RF | C61: Posibilidad de afectación económica por la perdida de bienes consumibles y devolutivos debido a la falta de seguimiento oportuno y al control de los inventarios. | D61: Si | E61: 45610 | F61: 45775 | G61: 45783 | H61: Apoyo | I61: Alto | J61: Si | K61: Anualmente, el profesional especializado con funciones de almacenista, realiza inventario a los elementos en servicio y deposito, para verificar su existencia, estado de conservación y validar si procede para darlos de baja de acuerdo a nivel de obsolescencia. En caso de identificar desviaciones en la ejecución del control se reporta al Coordinador del GIT Gestión Administrativa y a la Ordenación del Gasto para tomar acciones respectivas (Informar la falta de elementos; dar de baja elementos). De la ejecución del control se generara la siguientes evidencias: Listado de elementos en servicio por funcionario generado través del aplicativo de inventarios | L61: Detectivo | M61: Si | N61: Si | O61: Si | P61: Reducir (Mitigar) | Q61: Bajo | R61: No | S61: Si | T61: Revisar de acuerdo con la caracterizacion del proceso Recursos Fisicos la creacion de un procedimiento relacioando con los inventarios. | U61: No | V61: Si | W61: No | X61: No aplica | Y61: No aplica | Z61: No aplica | AA61: Si | AB61: La fecha de aprobación es anterior a la fecha de actualización; una vez se actualiza el mapa de riesgos debe presentarse a aprobación para su puesta en marcha. No se cuenta con evidencias de la ejecución del control. Se evidencia seguimiento de la primer y segunda línea de defensa. Se recomienda registrar la medición cuantitativa de los indicadores. Las evidencias de las acciones están siendo duplicadas con la de los controles o no corresponden con la evidencia de a acción; se debe aportar evidencia según lo que se plantea en el control o en el plan de tratamiento.
A62: Gestión de los Recursos Físicos | B62: =VLOOKUP(A62,'Listas deplegables'!$A$2:$B$19,2,0) -> RF | J62: Si | K62: Cada vez que se requiera, el Coordinador del GIT Gestión Administrativa recibe y aprueba la solicitud de retiro de las instalaciones de la entidad elementos de propiedad del Ministerio del Deporte, notificando a la empresa de vigilancia y al almacenista para que este a su vez reporte a la empresa corredora de seguros, En caso de identificar desviaciones en la ejecución del control, solicitar a los implicados de manera inmediata la devolución de los elementos. En el caso que el equipo de computo de propiedad de la Entidad sea retirado, requiere de autorización previa de la coordinacion de TICS. De la ejecución del control se generara la siguientes evidencias: Correo Electrónico de solicitudes. | L62: Detectivo | M62: Si | N62: Si | O62: Si | P62: Reducir (Mitigar) | Q62: Bajo | R62: No
A63: Evaluación Independiente y Mejora Continua | B63: =VLOOKUP(A63,'Listas deplegables'!$A$2:$B$19,2,0) -> EI | C63: Posibilidad de afectación reputacional por insuficiencia de recursos técnicos, presupuestales o de talento humano, por falta de seguimiento al cumplimiento del PAAI o por falta de entrega de información de por parte de los procesos, debido a la deficiente ejecución del Plan Anual de Auditoría Interna -PAAI. | D63: Si | E63: 45782 | F63: 45782 | G63: 45783 | H63: Evaluación | I63: Moderado | J63: Si | K63: Mensualmente el Jefe de la Oficina de Control Interno o quien haga sus veces realizará seguimiento al cumplimiento del Plan Anual de Auditoría Interna a través de un documento de trabajo en Excel para el seguimiento de las actividades de la OCI, validando su estado, el número radicado de cada informe emitido y el cumplimiento de la programación establecida. Además, una vez aprobado el PAAI de la vigencia, socializará el resultado en una mesa de trabajo con el equipo de la OCI para definición de responsables de las actividades. En caso de identificar desviaciones en la ejecución del control, tales como insuficiencia de recursos técnicos, presupuestales o de talento humano, realizará requerimiento al Despacho de la Ministra o a la Secretaría General; en el caso de ser atribuible al auditor, se le requierá mediante correo electrónico para el cumplimiento de este y si se debe a falta de entrega de información de por parte de los procesos se genera alerta mediante memorando GESDOC. De la ejecución de los controles se generará la siguiente evidencia: archivo de Excel del seguimiento y, cuando aplique, correo electrónico o GESDOC y actas de seguimiento. | L63: Preventivo | M63: Si | N63: Si | O63: Si | P63: Reducir (Mitigar) | Q63: Moderado | R63: Si | S63: Si | T63: 1. Efectuar revisión y análisis de la documentación del proceso Evaluación Independiente y Mejora Continua -EI, incluyendo los puntos de control, elementos e insumos para la ejecución de actividades. | U63: Si | V63: No aplica | W63: Si | X63: Si | Y63: Si | Z63: Si | AA63: Si | AB63: La OCI se abstiene de generar resultados para este riesgo, teniendo en cuenta que fue identificado por la misma OCI, quien además realiza el presente seguimiento. Por tanto, estaría impedida de evaluarse así misma. El resultado de la revisión corresponde al registrado por la OAP: "Riesgo Materializado De acuerdo con el rol de segunda línea que le corresponde a la Oficina Asesora de Planeación en la gestión del riesgo, se realizó el monitoreo del riesgo de gestión, enfocado en la ejecución de controles, el plan de tratamiento y los indicadores asociados. El proceso EIMC, mediante radicado No. 2025IE0002346, reportó la materialización del riesgo de gestión a la Oficina Asesora de Planeación. Adicionalmente, el 04 de abril de 2025 se llevó a cabo una mesa de trabajo conjunta con dicha oficina para el análisis del riesgo. En el seguimiento realizado, se evidenció que el proceso aplicó los lineamientos establecidos en la Política de Administración de Riesgos para el tratamiento de riesgos materializados. Nota: Para la vigencia 2025, se reporta la versión 3 del Mapa de Riesgos. En este sentido, se concluye que el proceso realizó de manera adecuada el primer monitoreo de su mapa de riesgos"
A64: Evaluación Independiente y Mejora Continua | B64: =VLOOKUP(A64,'Listas deplegables'!$A$2:$B$19,2,0) -> EI | J64: Si | K64: Trimestralmente el jefe de la Oficina de Control Interno o quien haga sus veces evaluará la planeación del PAAI mediante el seguimiento mensual al cumplimiento del PAAI, las solicitudes de modificación o actualización de PAAI recibidas o cambios normativos. En caso de identificar desviaciones en la ejecución del control, debe solicitar la actualización requerida del PAAI para aprobación en sesión del Comité Institucional de Coordinación de Control Interno -CICCI. De la ejecución de los controles se generará la siguiente evidencia: correo electrónico de le agenda de la sesión del Comité Institucional de Coordinación de Control Interno - CICCI y acta de reunión del CICCI. | L64: Preventivo | M64: Si | N64: Si | O64: Si | P64: Reducir (Mitigar) | Q64: Moderado | R64: Si
A65: Gestión Proceso Disciplinario | B65: =VLOOKUP(A65,'Listas deplegables'!$A$2:$B$19,2,0) -> PD | C65: Posibilidad de afectación reputacional, por represamiento de las noticias disciplinarias, pendientes por reparto, para iniciar impulso procesal debido a fallas en el monitoreo de las quejas y/o denuncias disciplinarias, allegadas por los canales atención del Ministerio Del Deporte | D65: Si | E65: No registra | F65: 45769 | G65: 45783 | H65: Evaluación | I65: Moderado | J65: Si | K65: El jefe de la Oficina de Control Interno Disciplinario o el profesional asignado Verifica los diferentes canales de atención, donde se reportan las noticias disciplinarias que se reciben en el periodo. Se procede la asignación del expediente para trámite, impulso y sustanciación al respectivo abogado de las noticias disciplinarias ingresadas por los diferentes canales de atención, para las cuales se realizan actas de reparto. De la ejecución del control se evidencia: Captura de pantalla de la carpeta de las Actas de Reparto. (no se envía la documentación integral, teniendo en cuenta la reserva legal de la información disciplinaria) | L65: Preventivo | M65: No | N65: Si | O65: No | P65: Reducir (Mitigar) | Q65: Moderado | R65: Si | S65: Si | T65: Verificar mensualmente que los expedientes activos tengan su respectiva acta de reparto. | U65: No aplica | V65: No aplica | W65: No | X65: No aplica | Y65: No aplica | Z65: No aplica | AA65: Si | AB65: No registra fecha de aprobación del Mapa de Riesgos. Se evidencia seguimiento de la primer y segunda línea de defensa. La acción tiene fecha de ejecución para el segundo semestre sin embargo su redacción establece que se desarrolle mensualmente por lo que se debe revisar la redacción en contraste con las fechas planteadas y las evidencias aportadas. El Control no tiene periodicidad definida. Se recuerda a la segunda línea la importancia de diligenciar el seguimiento en el formato establecido DE- FR -002, evitando diligenciar en este "Ver carpeta de SharePoint" puesto que la ciudadanía que accede a consulta en Isolución no tiene acceso a lo señalado en dichos correos. A su vez, la Oficina de Control Interno realiza seguimiento en el formato establecido por el Proceso DE en el que debe reposar la trazabilidad del seguimiento y evaluación de la segunda línea de defensa.
A66: Proceso Gestión Ambiental | B66: =VLOOKUP(A66,'Listas deplegables'!$A$2:$B$19,2,0) -> GA | C66: Posibilidad de afectación reputacional por la inobservancia de la normatividad ambiental vigente, aplicable a nivel Administrativo, debido a la falta de procedimientos que soporten la documentación del proceso de Gestión Ambiental. | D66: Si | E66: 45955 | F66: 45776 | G66: 45783 | H66: Apoyo | I66: Moderado | J66: Si | K66: Semestralmente, el profesional designado del proceso de Gestión Ambiental, verifica el estado de los documentos que se encuentran en ISOLUCION asociados al proceso de Gestión Ambiental, para actualización y creación, a través de mesa de trabajo con el coordinador del GIT Gestión administrativa, se realiza la verificación del estado de los documentos que se encuentran en ISOLUCION asociados al proceso de Gestión Ambiental. En caso de encontrar desviación, se procederá a la creación, actualización y/o eliminación de documentos. De la ejecución de los controles se genera la siguiente evidencia: Acta de reunión mesa de trabajo (Cronograma con anexos de ejecución, relación de documentos actualizados en ISOLUCION | L66: Preventivo | M66: Si | N66: Si | O66: Incompleta | P66: Reducir (Mitigar) | Q66: Moderado | R66: Si | S66: Si | T66: Realizar mesa de trabajo en conjunto con el coordinador del GIT de Contratación para establecer lineamientos normativos de la Gestión Ambiental, en la minuta y que apliquen a las OPS y demás contratos que afecten el funcionamiento administrativo de la entidad. | U66: Si | V66: Si | W66: No | X66: No aplica | Y66: No aplica | Z66: No aplica | AA66: Si | AB66: Se evidencia monitoreo por parte de primera y segunda línea de defensa. Se debe verificar la periodicidad vs las evidencias entregadas por la primera línea, así como la medición de indicadores ya que no se tiene detalle del porcentaje registrado en el monitoreo y las evidencias se encuentran incompletas o no corresponden a lo planteado en la matriz de riesgos. . Se recuerda a la segunda línea la importancia de diligenciar el seguimiento en el formato establecido DE- FR -002, evitando diligenciar en este "Retroalimentación" puesto que la ciudadanía que accede a consulta en Isolución no tiene acceso a lo señalado en dichos correos. A su vez, la Oficina de Control Interno realiza seguimiento en el formato establecido por el Proceso DE en el que debe reposar la trazabilidad del seguimiento y evaluación de la segunda línea de defensa. Se recomienda registrar tanto el detalle de lo solicitado por la segunda linea como los ajustes que realizó o no el proceso.
B67: =VLOOKUP(A67,'Listas deplegables'!$A$2:$B$19,2,0) -> #N/A
B68: =VLOOKUP(A68,'Listas deplegables'!$A$2:$B$19,2,0) -> #N/A
B69: =VLOOKUP(A69,'Listas deplegables'!$A$2:$B$19,2,0) -> #N/A
B70: =VLOOKUP(A70,'Listas deplegables'!$A$2:$B$19,2,0) -> #N/A
B71: =VLOOKUP(A71,'Listas deplegables'!$A$2:$B$19,2,0) -> #N/A
B72: =VLOOKUP(A72,'Listas deplegables'!$A$2:$B$19,2,0) -> #N/A
B73: =VLOOKUP(A73,'Listas deplegables'!$A$2:$B$19,2,0) -> #N/A
B74: =VLOOKUP(A74,'Listas deplegables'!$A$2:$B$19,2,0) -> #N/A
B75: =VLOOKUP(A75,'Listas deplegables'!$A$2:$B$19,2,0) -> #N/A
B76: =VLOOKUP(A76,'Listas deplegables'!$A$2:$B$19,2,0) -> #N/A
B77: =VLOOKUP(A77,'Listas deplegables'!$A$2:$B$19,2,0) -> #N/A
B78: =VLOOKUP(A78,'Listas deplegables'!$A$2:$B$19,2,0) -> #N/A
... B101: =VLOOKUP(A101,'Listas deplegables'!$A$2:$B$19,2,0) -> #N/A
A102: x | B102: x | C102: x | E102: x | G102: x | H102: x | I102: x | J102: x | K102: x | L102: x | M102: x | N102: x | O102: x | P102: x | Q102: x | R102: x | S102: x | T102: x | U102: x | V102: x | W102: x | X102: x | Y102: x | Z102: x | AA102: x | AB102: x

Sheet Sg-MRSI
A1: MATRIZ SEGUIMIENTO MAPA DE RIESGOS DE SEGURIDAD DE LA INFORMACIÓN
B2: Entidad: Ministerio del Deporte | I2: ¿Se adelantó seguimiento al Mapa de Riesgos de Seguridad de la Información?
B3: Responsable: Tercera línea de defensa
B4: Seguimiento: Primer Cuatrimestre 2025 | I4: Si | J4: Primer y segunda línea de defensa
A6: SEGUIMIENTO Y EVALUACIÓN POR PARTE DE LA TERCERA LÍNEA DE DEFENSA
A8: FORMULACIÓN DE RIESGOS Y EVALUACIÓN | J8: VALORACIÓN DE LOS CONTROLES | S8: PLAN DE TRATAMIENTO | W8: MONITOREO, SEGUIMIENTO Y EVALUACIÓN
A9: Nombre del Proceso | B9: Siglas | C9: Descripción Riesgo | D9: ¿Cumple con la redacción del Riesgo Seguridad de la Información? | E9: Fecha de Aprobación | F9: Fecha de Monitoreo 1a Línea de Defensa | G9: Fecha de Monitoreo 2da Línea de Defensa | H9: Tipo Proceso | I9: Zona de Riesgo Inherente | J9: ¿Presenta descripción de la valoración de controles? | K9: Descripción del Control | L9: Atributo del Control | M9: ¿Los controles son efectivos? | N9: ¿Los controles cuentan con responsables de su ejecución? | O9: ¿La periodicidad de los controles es oportuna para mitigar el riesgo? | P9: Tratamiento | Q9: Zona de Riesgo Residual Final | R9: ¿Se cuenta con evidencias de la ejecución del control? | S9: ¿Formuló Plan de Tratamiento (acciones)? | T9: Descripción del Plan de Tratamiento | U9: ¿Cumple con la ejecución del Plan de Tratamiento de manera eficaz? | V9: ¿Se cuenta con evidencias de la ejecución del Plan de Tratamiento? | W9: ¿El proceso reportó Materialización del Riesgo? | X9: ¿Se enunciaron acciones de mejora por materialización? | Y9: ¿Se activaron alertas tempranas para evitar la materialización? | Z9: ¿Se implementaron correctivos por la materialización? | AA9: ¿Se reportaron indicadores? | AB9: Observaciones por parte de la Tercera Línea de Defensa - Oficina de Control Interno (OCI)
A10: Direccionamiento Estratégico y Aprendizaje Organizacional | B10: =VLOOKUP(A10,'Listas deplegables'!$A$2:$B$19,2,0) -> DE | C10: Posibilidad de afectación reputacional, por modificación o alteración de información, debido a fallas de controles para la asignación de roles que permitan el acceso y la manipulación de documentos que se encuentran en ISOLUCION | D10: No | E10: 45762 | F10: No diligenciada | G10: 45782 | H10: Estratégico | I10: Alto | J10: Si | K10: Semestralmente, la Jefe de la Oficina Asesora de Planeación, solicitará al GIT de Tics el acompañamiento para realizar copias de seguridad o Backus centrales de la plataforma Isolucion-. la solicitud se realizará mediante comunicación interna al GIT: TICS el Backus de la Plataforma ISOLUCION. En caso de identificar desviaciones en la ejecución del control, notificar a la Secretaría General para que se pueda salvaguardar la información. De la ejecución de los controles se generará la siguiente evidencia: Comunicación internas, Backus o copias de seguridad realizadas. | L10: Preventivo | M10: Si | N10: Si | O10: Si | P10: Aceptar | Q10: Moderado | R10: No | S10: Si | T10: Semestralmente generar TIPS de las funciones y roles en ISOLUCION para el tratamiento de documentos | U10: No aplica | V10: No aplica | W10: No | X10: No aplica | Y10: No aplica | Z10: No aplica | AA10: Si | AB10: La redacción del riesgo no refiere afectación de “integridad”, “confidencialidad” o “disponibilidad”, como tampoco el activo afectado pues se define "información", es necesario detallar el activo que se vería afectado (Por ejemplo: base de datos, documentación institucional, planes de mejora, etc). Se evidencia seguimiento de primer y segunda línea de defensa, cuenta con evidencias de la ejecución de Controles. El plan de tratamiento está previsto para el primer semestre Nota: la carpeta se presentó vacia, no obstante, de acuerdo con los radicados relacionados en el monitoreo de la primera línea se realizó validación en GESDOC, se requiere en los próximos monitoreos aportar la evidencia en la carpeta respectiva. No registra fecha de monitoreo de la primera línea de defensa.
A11: Direccionamiento Estratégico y Aprendizaje Organizacional | B11: =VLOOKUP(A11,'Listas deplegables'!$A$2:$B$19,2,0) -> DE | J11: Si | K11: Cuatrimestralmente el profesional asignado por la OAP realizará verificación de los usuarios con rol de facilitadores por proceso. Así mismo semestralmente el jefe de la OAP, solicitara la confirmación de los roles asignados a los enlaces para el manejo de documentos en la plataforma ISOLUCION. En caso de identificar desviaciones en la ejecución del control, desde la OAP, se procederá a la actualización del rol. De la ejecución de los controles se generará la siguiente evidencia: comunicaciones internas; aplica memorando y correos electrónicos (cuando aplique) y reporte trimestral de ISOLUCION con roles asignados por usuarios. | L11: Preventivo | M11: No | N11: Si | O11: Si | P11: Aceptar | Q11: Moderado | R11: Si
A12: Gestión de las Comunicaciones | B12: =VLOOKUP(A12,'Listas deplegables'!$A$2:$B$19,2,0) -> GC | C12: Posibilidad de afectación reputacional y económica por falta de un repositorio de información debido a la deficiencia del almacenamiento de la información. | D12: No | E12: 45649 | F12: 45777 | G12: 45782 | H12: Estratégico | I12: Alto | J12: Si | K12: El Profesional asignado verificará el cargue de los productos audiovisuales finales en el repositorio de SharePoint, de acuerdo con las directrices del coordinador (a) se carga la información final en el repositorio de SharePoint. En caso de desviación del control se solicita a los responsables el cargue de la información de forma inmediata. De la ejecución del control se genera la siguiente evidencia: tabla de excel y correos electrónicos (en caso de aplicar). Frecuencial: Cuatrimestral | L12: Preventivo | M12: No | N12: Si | O12: No | P12: Reducir (Mitigar) | Q12: Alto | R12: Si | S12: Si | T12: Generar alertas tempranas sobre el cargue de la información en el SharePoint, en la cual se den recomendaciones. | U12: No aplica | V12: No aplica | W12: No | X12: No aplica | Y12: No aplica | Z12: No aplica | AA12: Si | AB12: La redacción del riesgo no refiere afectación de “integridad”, “confidencialidad” o “disponibilidad”, como tampoco el activo afectado (Por ejemplo: base de datos, documentación institucional, planes de mejora, etc), hace referencia a una necesidad institucional, como lo es un repositorio de información pero no detalla el riesgo, por ejemplo: falta de disponibilidad o pérdida de información, ni el activo afectado: ejemplo: archivo fuente, base de datos, etc. El control no tiene una periodicidad definida. Se evidencia seguimiento y comentarios que derivan en actualización del mapa de riesgos, no obstante el reporte a la OCI no se adjuntó la versión actualizada, por lo que es importante que en futuros reportes se anexe a fin de validar los riesgos, sus controles y plan de tratamiento en su última versión, evitando realizar observaciones que ya hayan sido subsanadas. Se evidencia seguimiento de primer y segunda línea de defensa, cuenta con evidencias de la ejecución de Controles. El plan de tratamiento está previsto para el segundo y tercer cuatrimestre. Se requiere actualizar líder del proceso ya que refiere un exfuncionario de la entidad.
A13: Altos Logros | B13: =VLOOKUP(A13,'Listas deplegables'!$A$2:$B$19,2,0) -> AL | C13: Posibilidad de afectación reputacional por falta de cargue de los documentos bajo la responsabilidad de profesionales (funcionarios y contratistas) en las plataformas tecnologicas dispuestas por la entidad para el control y salvaguarda de la Información, debido a la falta de almacenamiento de la información de los activos de seguridad digital con nivel de criticidad alta y debilidad en la asignación de responsables para la custodia y acceso a la información correspondiente al proceso de altos logros. | D13: No | E13: 45610 | F13: No diligenciada | G13: 45783 | H13: Misional | I13: Moderado | J13: Si | K13: Cada vez que se requiera, los Metodólogos y personal de apoyo psicosocial deben actualizar las bases de datos de eventos deportivos conforme a las responsabilidades de acuerdo al rol asignado en el proceso. En caso de identificar desviaciones en la ejecución del control, notificar la restricción del acceso para consulta o manipulación de la información. De la ejecución de los controles se generará la siguiente evidencia: archivo actualizado de eventos deportivos Metodologos. Frecuencia: cuatrimestral | L13: Detectivo | M13: No | N13: Si | O13: Si | P13: Reducir (Mitigar) | Q13: Moderado | R13: Si | S13: Si | T13: En presencia de perdida de información se activa la copia de respaldo para restaurar los datos perdidos de la base de datos de eventos deportivos. | U13: No aplica | V13: No aplica | W13: No | X13: No aplica | Y13: No aplica | Z13: No aplica | AA13: No | AB13: La redacción del riesgo no refiere afectación de “integridad”, “confidencialidad” o “disponibilidad”, como tampoco el activo afectado (Por ejemplo: base de datos, documentación institucional, archivo de gestión), hace referencia a una necesidad institucional, como lo es un repositorio de información pero no detalla el riesgo, por ejemplo: falta de disponibilidad o pérdida de información, ni el activo afectado: ejemplo: archivo fuente, base de datos, etc. Se evidencia seguimiento de primer y segunda línea de defensa, cuenta con evidencias de la ejecución de Controles, no obstante la denominación de la carpeta se remitió como "Acc" que corresponde a "Acciones" conforme las instrucciones de la OAP por lo que es necesario guardar la correspondencia de los nombres a fin de evitar errores en la evaluación que realiza la segunda y tercera línea de defensa, toda vez que podría entenderse que no se entregaron evidencias de los controles, sino del Plan de Tratamiento. No se tienen evidencias del Plan de Tratamiento toda vez que las acciones se dejaron definidas pero condicionadas a la necesidad de llegar a ser requerido. No se cuenta con medición de indicadores, a pesar que el formato diligenciado por la primera línea señala "Ver monitoreo en documento de trabajo" este solo contiene la medición de indicadores del riesgo de corrupción. De la columna "Responsable" el riesgo parece estar enfocado en el GIT Desarrollo Psicosocial, no obstante toda la Dirección cuenta con activos de información, por lo que es necesario un ejercicio realizado por el proceso en su conjunto en el que se identifiquen de manera completa los posibles riesgos de seguridad digital y se definan controles y plan de tratamiento que permitan su adecuada gestión.
A14: Altos Logros | B14: =VLOOKUP(A14,'Listas deplegables'!$A$2:$B$19,2,0) -> AL | J14: Si | K14: Cada vez que se requiera, los Metodólogos y personal de apoyo psicosocial deben verificar que la persona solicitante de acceso a la información cumpla con los perfiles y responsabilidades para el manejo y/o gestión de la misma, mediante análisis de responsabilidades de cada usuario de la información. En caso de identificar desviaciones en la ejecución del control, notificar el rechazo del acceso para consulta o manipulación de la información. De la ejecución de los controles se generará la siguiente evidencia: listado de verificación de perfiles de usuarios de la información. Frecuencia: cuatrimestral | L14: Preventivo | M14: No | N14: Si | O14: Si | P14: Reducir (Mitigar) | Q14: Moderado | R14: No
A15: Altos Logros | B15: =VLOOKUP(A15,'Listas deplegables'!$A$2:$B$19,2,0) -> AL | J15: Si | K15: Cada vez que se requiera, los Metodólogos y personal de apoyo psicosocial deben verificar que los servidores públicos responsables de los activos de información realicen las copias de seguridad en el lugar definido (aplicativo Share point u otro) según se estableció en la Matriz de activos de información de la Dirección. En caso de identificar desviaciones en la ejecución del control, notificar al supervisor del contrato el no cumplimiento en la ejecución del control. De la ejecución de los controles se generará la siguiente evidencia: Carpeta Digital SharePoint con copias de respaldo. Frecuencia: cuatrimestral | L15: Preventivo | M15: No | N15: Si | O15: Si | P15: Reducir (Mitigar) | Q15: Moderado | R15: Si
A16: Inspección Vigilancia y Control | B16: =VLOOKUP(A16,'Listas deplegables'!$A$2:$B$19,2,0) -> IVC | C16: Posibilidad de afectación reputacional por falta de protección en el manejo de información sensible, de todos los tramites y radicados que se encuentran disponible para consulta de cualquier colaborador del Ministerio del Deporte en el sistema de gestión documental GESDOC, debido a Sistemas de información desactualizado y sin controles de restricción de acuerdo a los perfiles | D16: No | E16: 45616 | F16: No diligencia | G16: 45783 | H16: Misional | I16: Moderado | J16: Si | K16: Mensualmente el gestor documental, realizar control en el acceso a la información que reposa en el SharePoint, basado en roles asignados. Los permisos de cada usuario se asignan de acuerdo con su perfil y rol por cada Grupo Interno de Trabajo, asegurando que los usuarios solo puedan acceder a la información relevante para su trabajo, evitando accesos no autorizados a información que no les correspondan. En caso de desviación del control, ajusta los accesos a las bases de datos, para que correspondan a los roles definidos del profesional e informa la corrección al coordinador a través de correo electrónico. Las evidencias de la ejecución del control deben incluir: un registro en SharePoint con los permisos otorgados a los miembros de cada GIT, con los correos electrónicos del gestor documental. | L16: Preventivo | M16: No | N16: Si | O16: Si | P16: Aceptar | Q16: Moderado | R16: No | S16: Si | T16: Mensual realizar revisión del contenido de las bases de datos, para verificar la actualización de la información | U16: No | V16: No | W16: No diligenció la casilla | X16: No diligenció la casilla | Y16: No diligenció la casilla | Z16: No diligenció la casilla | AA16: No | AB16: Se recuerda a la segunda línea la importancia de diligenciar el seguimiento en el formato establecido DE- FR -002, evitando diligenciar en este "Como resultado de la revisión se reportó al proceso la respectiva retroalimentación para subsanar y mejorar el seguimiento. Ver carpeta de SharePoint RETROALIMENTACION POR PROCESOS la retroalimentación al proceso IVC. Recomendaciones: Realizar revisión integral de las observaciones realizadas" puesto que la ciudadanía que accede a consulta en Isolución no tiene acceso a lo señalado en dichos correos. A su vez, la Oficina de Control Interno realiza seguimiento en el formato establecido por el Proceso DE en el que debe reposar la trazabilidad del seguimiento y evaluación de la segunda línea de defensa. La redacción del riesgo no refiere afectación de “integridad”, “confidencialidad” o “disponibilidad”, como tampoco el activo afectado (Por ejemplo: base de datos, documentación institucional, archivo de gestión), hace referencia a una necesidad institucional, como lo es un repositorio de información pero no detalla el riesgo, por ejemplo: falta de disponibilidad o pérdida de información, ni el activo afectado: ejemplo: archivo fuente, base de datos, etc. No se evidencia seguimiento de la primera línea de defensa, quien no anexó evidencias de los controles, plan de tratamiento e indicadores, como tampoco diligenció el formato DE-FR-002
A17: Inspección Vigilancia y Control | B17: =VLOOKUP(A17,'Listas deplegables'!$A$2:$B$19,2,0) -> IVC | J17: Si | K17: Cada vez que se requiera, los profesionales de cada GIT se encargan de actualizar y/o alimentar las bases de datos según su competencia y autorización para modificar el contenido en SharePoint. Esta acción se realiza cuando se recibe nueva información sobre los procedimientos de la Dirección. En caso de identificarse una desviación en el control, el coordinador deberá solicitar la actualización de la información. La evidencia de la ejecución del control se respaldará con las bases de datos actualizadas y, correos electrónicos relacionados (cuando aplique). | L17: Preventivo | M17: No | N17: Si | O17: Si | P17: Aceptar | Q17: Moderado | R17: No | S17: Si | T17: Solictar al GIT; TIC/GIT:Gestión Administrativa, controles para restringir el acceso a información confidencial de procesos de la Dirección de Inspección, Vigilancia y Control | U17: No | V17: No
A18: Fomento al Desarrollo Humano y Social | B18: =VLOOKUP(A18,'Listas deplegables'!$A$2:$B$19,2,0) -> FD | C18: Posibilidad reputacional por la pérdida o modificacion de la información contenida en las bases de datos relacionados con el proceso, afectando la integridad d ela información debido a la falta de seguimiento a la informacion producida por la Direccion de Fomento y Desarrollo por parte de funcionarios y contratistas | D18: No | E18: 45616 | F18: 45777 | G18: No diligencia | H18: Misional | I18: Moderado | J18: Si | K18: Cada vez que se requiera, el y/o los supervisores de los GIT de la Dirección de Fomento y Desarrollo (Actividad Fìsica, Recreaciòn, Deporte Escolar, Deporte Social Comunitario), verifica que la información generada de los contratos, convenios y/o contratos interadministrativos, sean cargadas en las carpetas habilitada en el sharePoint. Solicita el cargue de las evidencias en cada una de las carpetas correpondientes para generar el cumplimiento de los contratistas. En caso de identificar desviación del control, el supervisor mediante correo electronico solicita el cargue el cargue de la información. De la ejecución del control se genera la siguiente evidencia: 1- pantallazos del sharepoint 2- correos electronicos (cuando aplique) Frecuencia: Cuatrimestral | L18: Preventivo | M18: No | N18: Si | O18: Si | P18: Aceptar | Q18: Moderado | R18: No | S18: Si | T18: Generar un backup de la información producida en el periodo de ejecución del contrato de prestación de servicios y entregado al supervisor. | U18: No | V18: No | W18: No | X18: No aplica | Y18: No aplica | Z18: No aplica | AA18: No | AB18: La redacción del riesgo no refiere afectación de “integridad”, “confidencialidad” o “disponibilidad”, como tampoco el activo afectado (Por ejemplo: base de datos, documentación institucional, archivo de gestión), ni el activo afectado: ejemplo: archivo fuente, base de datos, etc. No se evidencia ejecución del plan de tratamiento ni de los controles, de los cuales tampoco se aportó evidencias. Aunque se diligenció el archivo de indicadores no cuenta con medición cuantitativa. No se tiene fecha de seguimiento de la segunda línea. Además, se recuerda a la segunda línea la importancia de diligenciar el seguimiento en el formato establecido DE- FR -002, evitando diligenciar en este "Ver carpeta de SharePoint" puesto que la ciudadanía que accede a consulta en Isolución no tiene acceso a lo señalado en dichos correos. A su vez, la Oficina de Control Interno realiza seguimiento en el formato establecido por el Proceso DE en el que debe reposar la trazabilidad del seguimiento y evaluación de la segunda línea de defensa.
A19: Apoyo a la Infraestructura Técnica y Científica | B19: =VLOOKUP(A19,'Listas deplegables'!$A$2:$B$19,2,0) -> ATC | C19: Posibilidad de afectación reputacional por falta de organizacion de la informacion que se recibe de los entes territoriales para la viabilizacion de los proyectos, debido a deficiencia de controles para asegurar la integridad de la informacion en los puntos de uso definidos por el proceso | D19: No | E19: 45595 | F19: 45777 | G19: 45783 | H19: Misional | I19: Alto | J19: Si | K19: De manera mensual, el profesional designado como líder de región verifica el cargue de la información en el punto de uso definido (SharePoint) por parte de los integrantes del equipo de trabajo responsables de atender a los entes territoriales, asegurando la integridad de la información. Cada líder regional, una vez que los entes territoriales solicitan la viabilidad de los proyectos, realiza la asignación del profesional responsable de cada proyecto y se asegura de la creación de la carpeta correspondiente en el lugar designado para tal fin. En caso de identificar desviaciones en la ejecución del control, solicitará al profesional designado como líder de región que realice el cargue de la información. Como evidencia de la ejecución del control, se generará la siguiente evidencia: 1. Registro en Excel de los proyectos asignados. 2. Verificación del cargue de la información (pantallazo, correos electrónicos). | L19: Preventivo | M19: Si | N19: Si | O19: Si | P19: Aceptar | Q19: Alto | R19: Si | S19: Si | T19: 1. Solicitud de reportes mensuales del estado de los proyectos | U19: No aplica | V19: No aplica | W19: No | X19: No aplica | Y19: No aplica | Z19: No aplica | AA19: Si | AB19: La redacción del riesgo no refiere afectación de “integridad”, “confidencialidad” o “disponibilidad”, como tampoco el activo afectado (Por ejemplo: base de datos, documentación institucional, archivo de gestión), hace referencia a una necesidad institucional, como lo es un repositorio de información pero no detalla el riesgo, por ejemplo: falta de disponibilidad o pérdida de información, ni el activo afectado: ejemplo: archivo fuente, base de datos, etc. Se evidencia seguimiento de primer y segunda línea de defensa, se aportaron evidencias de ejecución del control, no obstante se requiere fortalecer que las mismas sean completas conforme lo planteado en el control para poder establecer su cumplimiento. No se cuenta con evidencias del plan de tratamiento toda vez que tiene fecha de inicio en octubre, se recomienda verificar que en el plazo estimado sea posible su desarrollo. Se reportó medición de indicadores, no obstante, estos carecen de evidencias.
A20: Apoyo a la Infraestructura Técnica y Científica | B20: =VLOOKUP(A20,'Listas deplegables'!$A$2:$B$19,2,0) -> ATC | S20: Si | T20: 2. Solicitar a los profesioanles de apoyo la notificacion de los avances en el cargue de la informacion de acuerdo al avance de cada proyecto | U20: No aplica | V20: No aplica
A21: Servicio Integral al Ciudadano | B21: =VLOOKUP(A21,'Listas deplegables'!$A$2:$B$19,2,0) -> SI | C21: Posibilidad de afectación reputacional por pérdida de la integridad de la información, debido a falta de autocontrol para el cargue y actualización en el punto de uso (Sharepoint) dispuesto por el proceso | D21: No | E21: 45658 | F21: 45769 | G21: 45778 | H21: Apoyo | I21: Moderado | J21: Si | K21: Semestralmente (la) Coordinador(a) del GIT de Servicio Integral al Ciudadano verifica aleatoriamente el uso acceso y edición (alimentación) de carpetas del Sharepoint de acuerdo con las temáticas asignadas a los integrantes del grupo. En caso de desviación se solicitará a los responsables que se cargue la información faltante. Como evidencia se generará comunicación al responsable donde se indique que la carpetas de sharepoint se encuentra actualizada o se requiere actualizar | L21: Preventivo | M21: No | N21: Si | O21: Si | P21: Aceptar | Q21: Moderado | R21: No aplica | S21: Si | T21: Realizar mesa de trabajo semestral para socializar y retroalimentar lineamiento interno de cargue de archivos en Sharepoint | U21: No aplica | V21: No aplica | W21: No | X21: No aplica | Y21: No aplica | Z21: No aplica | AA21: Si | AB21: Tanto el control como el plan de tratamiento son de ejecución semestra, no obstante se evidencia seguimiento para el logro de su cumplimiento por parte de la primera y segunda línea. Se requiere fortalecer la identificación del riesgo ya que si bien contempla pérdida de integridad no detalla de qué "Información" debe recordarse que se debe asociar a activos identificados, así como que las amenazas o vulnerabilidades deben considerar las tablas: Tabla 5. Tabla de amenazas comunes, Tabla 6. Tabla de amenazas dirigida por el hombre y Tabla 7. Tabla de vulnerabilidades comunes de la Guía del DAFP. A su vez, los controles deben considerar lo dispuesto en el listado del documento maestro del modelo de seguridad y privacidad de la información (MSPI).
A22: Gestión de TIC'S | B22: =VLOOKUP(A22,'Listas deplegables'!$A$2:$B$19,2,0) -> GT | C22: Posibilidad de afectación reputacional de la entidad por uso de aplicaciones no autorizadas para manejar y compartir información de la entidad, falta de buenas prácticas en seguridad de la información, falta de criterios de clasificación para la información pública, sensible y/o reservada y personal insuficiente para monitorear el acceso a servidores y bases de datos debido a aplicaciones que no incluyen mecanismos de resguardo de datos confidenciales, personal insuficiente para seguridad informática en el GIT TIC's y déficit y asignación tardía del rubro presupuestal para el GIT TIC's. | D22: No | E22: 45590 | F22: 45772 | G22: 45782 | H22: Apoyo | I22: Alto | J22: Si | K22: Cada vez que se requiera, el líder de ciberseguridad del GIT TIC's debe verificar que los aplicativos utilizados por Mindeporte cumplan con los estándares de seguridad de la información , y solicitar el bloqueo de aplicativos inseguros no autorizados. En caso de desviación en la ejecución del control, ordenará efectuar escaneo manual de vulnerabilidades de los equipos o sistemas afectados. De la ejecución de los controles se generará la siguiente evidencia: Formato GT-FR-016-Bitácora de Incidentes de Seguridad de la Información y reportes de actividades de la plataforma de ciberseguridad de la entidad, guardados en la carpeta de ejecución compartida en Sharepoint. | L22: Preventivo | M22: Si | N22: Si | O22: Si | P22: Aceptar | Q22: Moderado | R22: Incompleta | S22: Si | T22: Realizar un plan de trabajo para definir los temas de las capacitaciones, sensibilizaciones y plan de apropiación de la Politica de Seguridad Digital a realizar en la vigencia por parte del GIT TICs. | U22: No | V22: No | W22: No | X22: No aplica | Y22: No aplica | Z22: No aplica | AA22: Si | AB22: La redacción del riesgo no refiere afectación de “integridad”, “confidencialidad” o “disponibilidad”, como tampoco el activo afectado, hace referencia a una necesidades administartivas y de gestión institucionales tales como personal, por lo que debe revisarse la identificación de causas raíz e inmediata, así como lo dispuesto en la sección 3.1.6 del anexo 4 “Modelo nacional de gestión de riesgo de seguridad de la información en entidades públicas” que hace parte de los anexos de la Guía para la Administración del Riesgo y el diseño de controles en entidades públicas, Versión 6., para considerar afectaciones en activos tales como: Aplicaciones institucionales, Servicios web, Redes, Información física o digital, Tecnologías de información TI y Tecnologías de operación TO, que utiliza la organización para funcionar en el entorno digital, los cuales, en su mayoría no están siendo enunciados. Sumado a esto, las amenazas o vulnerabilidades deben considerar las tablas: Tabla 5. Tabla de amenazas comunes, Tabla 6. Tabla de amenazas dirigida por el hombre y Tabla 7. Tabla de vulnerabilidades comunes de la citada guía. A su vez, los controles deben considerar lo dispuesto en el listado del documento maestro del modelo de seguridad y privacidad de la información (MSPI). Se evidencia monitoreo por parte de primera y segunda línea de defensa. Aunque el proceso aporta evidencias en la carpeta, estas no son correspondientes con las planteadas en los controles, si bien pretenden dar cuenta de puesta en marcha del mismo, se requiere que la evidencia aportada corresponda con la planteada en el control para validar su ejecución. No se evidencian soportes de ejecución del plan de tratamiento ya que quedó sujeto a la necesidad de su aplicación, además los controles son similares a los planteados para los tres riesgos de seguridad de la información de manera que debe evaluarse causas inmediata y raíz repetidas en el proceso de identificación, así como cuales de ellas son de riesgo de gestión y cuales de seguridad de la información, cuales controles atacan cada riesgo.
A23: Gestión de TIC'S | B23: =VLOOKUP(A23,'Listas deplegables'!$A$2:$B$19,2,0) -> GT | J23: Si | K23: Cada vez que se requiera, el Coordinador del GIT TIC's debe validar las cargas de trabajo del área de TIC's para determinar las necesidades de personal de planta o contratistas; , en el marco del ejercicio de análisis de cargas para la reestructuración del Ministerio se determinan los perfiles y cantidad de colaboradores requeridos para el cumplimiento de las funciones del GIT TIC's. En caso de desviación en la ejecución del control, se realizará ajuste al estudio de cargas realizado. Evidencias: Matriz de propuesta de estudio de cargas de trabajo del GIT TIC's; correos y memorandos (cuando aplique). | L23: Preventivo | M23: Si | N23: Si | O23: Si | P23: Aceptar | Q23: Moderado | R23: Incompleta | S23: Si | T23: Revisar y actualizar los planes de contingencia, recuperación y tratamiento de riesgos de ciberseguridad en el micrositio de Intranet de seguridad de la información | U23: No | V23: Incompleta
A24: Gestión de TIC'S | B24: =VLOOKUP(A24,'Listas deplegables'!$A$2:$B$19,2,0) -> GT | J24: Si | K24: Anualmente, el Coordinador del GIT TIC's debe elaborar el anteproyecto de inversión de las necesidades tecnológicas para el periodo 2024-2027 y el presupuesto del PETI del GIT TIC's; , de acuerdo con las necesidades del área y de las dependencias, con los lineamientos de MinTIC en cuanto a proyectos de Transformación Digital y con los resultados del FURAG. En caso de desviación en la ejecución del control, se realizan ajustes mensuales al proyecto de presupuesto. Evidencias: Anteproyecto de presupuesto validado por la OAP. | L24: Preventivo | M24: Si | N24: Si | O24: Si | P24: Aceptar | Q24: Moderado | R24: No | S24: Si | T24: socializar el mecanismo de etiquetado de datos confidenciales para los aplicativos institucionales que manejen información sensible, clasificada y/o reservada según se define en la Ley 1712 de 2014 | U24: No | V24: No aplica
A25: Gestión de TIC'S | B25: =VLOOKUP(A25,'Listas deplegables'!$A$2:$B$19,2,0) -> GT | C25: Posibilidad de afectación reputacional de la entidad por falta de repuestos o de renovación de los equipos de almacenamiento de datos, insuficiente energía de suplencia para preservar la integridad de datos de los dispositivos de almacenamiento, falta de equipos y medios para generar copias de respaldo diarias de archivos y servidores y personal insuficiente para monitorear el acceso a servidores y bases de datos debido a falta de aprobación de gastos e inversiones en tecnología necesarias para el funcionamiento del Ministerio, obsolescencia tecnológica y fin del soporte técnico para los equipos de almacenamiento de datos del Centro de Cómputo, personal insuficiente para seguridad informática en el GIT TIC's y déficit y asignación tardía del rubro presupuestal para el GIT TIC's. | D25: No | E25: 45590 | F25: 45772 | G25: 45782 | H25: Apoyo | I25: Alto | J25: Si | K25: Semestralmente, el Coordinador del GIT TIC's debe verificar el inventario de equipos del centro de cómputo y su depreciación , y determinar a través del registro en el sistema de inventario de la entidad en coordinación con el área de Almacén la necesidad de reemplazo tecnológico. En caso de desviación en la ejecución del control, se consultará la bitácora: GT-FR-011 Bitácora Registro de Servidores, formatos guardados en la carpeta de ejecución compartida en Sharepoint. Evidencias: Reporte del área de Almacén, Bitácora de Servidores (cuando aplique). | L25: Detectivo | M25: Si | N25: Si | O25: Si | P25: Aceptar | Q25: Moderado | R25: Incompleta | S25: Si | T25: Documentar la Bitácora de Incidentes de Seguridad que hace parte de la documentación del Sistema Integrado de Gestión. | U25: Si | V25: Si | W25: No | X25: No aplica | Y25: No aplica | Z25: No aplica | AA25: Si | AB25: La redacción del riesgo no refiere afectación de “integridad”, “confidencialidad” o “disponibilidad”, como tampoco el activo afectado, hace referencia a una necesidades administartivas y de gestión institucionales tales como personal, por lo que debe revisarse la identificación de causas raíz e inmediata, así como lo dispuesto en la sección 3.1.6 del anexo 4 “Modelo nacional de gestión de riesgo de seguridad de la información en entidades públicas” que hace parte de los anexos de la Guía para la Administración del Riesgo y el diseño de controles en entidades públicas, Versión 6., para considerar afectaciones en activos tales como: Aplicaciones institucionales, Servicios web, Redes, Información física o digital, Tecnologías de información TI y Tecnologías de operación TO, que utiliza la organización para funcionar en el entorno digital, los cuales, en su mayoría no están siendo enunciados. Sumado a esto, las amenazas o vulnerabilidades deben considerar las tablas: Tabla 5. Tabla de amenazas comunes, Tabla 6. Tabla de amenazas dirigida por el hombre y Tabla 7. Tabla de vulnerabilidades comunes de la citada guía. A su vez, los controles deben considerar lo dispuesto en el listado del documento maestro del modelo de seguridad y privacidad de la información (MSPI). Se evidencia monitoreo por parte de primera y segunda línea de defensa. Aunque el proceso aporta evidencias en la carpeta, estas no son correspondientes con las planteadas en los controles, si bien pretenden dar cuenta de puesta en marcha del mismo, se requiere que la evidencia aportada corresponda con la planteada en el control para validar su ejecución. No se evidencian soportes de ejecución del plan de tratamiento ya que quedó sujeto a la necesidad de su aplicación, además los controles son similares a los planteados para los tres riesgos de seguridad de la información de manera que debe evaluarse causas inmediata y raíz repetidas en el proceso de identificación, así como cuales de ellas son de riesgo de gestión y cuales de seguridad de la información, cuales controles atacan cada riesgo.
A26: Gestión de TIC'S | B26: =VLOOKUP(A26,'Listas deplegables'!$A$2:$B$19,2,0) -> GT | J26: Si | K26: Cada vez que se requiera, el Coordinador del GIT TIC's debe validar las cargas de trabajo del área de TIC's para determinar las necesidades de personal de planta o contratistas; , en el marco del ejercicio de análisis de cargas para la reestructuración del Ministerio se determinan los perfiles y cantidad de colaboradores requeridos para el cumplimiento de las funciones del GIT TIC's. En caso de desviación en la ejecución del control, se realizará ajuste al estudio de cargas realizado. Evidencias: Matriz de propuesta de estudio de cargas de trabajo del GIT TIC's; correos y memorandos (cuando aplique). | L26: Preventivo | M26: No | N26: Si | O26: Si | P26: Aceptar | Q26: Moderado | R26: Incompleta | S26: Si | T26: Remitir informe de declaratoria de contingencia a nivel institucional para determinar la continuidad del negocio por las dependencias (cuando aplique). | U26: No aplica | V26: No aplica
A27: Gestión de TIC'S | B27: =VLOOKUP(A27,'Listas deplegables'!$A$2:$B$19,2,0) -> GT | J27: Si | K27: Anualmente, el Coordinador del GIT TIC's debe elaborar el anteproyecto de inversión de las necesidades tecnológicas para el periodo 2024-2027 y el presupuesto del PETI del GIT TIC's; , de acuerdo con las necesidades del área y de las dependencias, con los lineamientos de MinTIC en cuanto a proyectos de Transformación Digital y con los resultados del FURAG. En caso de desviación en la ejecución del control, se realizan ajustes mensuales al proyecto de presupuesto. Evidencias: Anteproyecto de presupuesto validado por la OAP. | L27: Preventivo | M27: Si | N27: Si | O27: Si | P27: Aceptar | Q27: Moderado | R27: No
A28: Gestión de TIC'S | B28: =VLOOKUP(A28,'Listas deplegables'!$A$2:$B$19,2,0) -> GT | C28: Posibilidad de afectación económica y reputacional de la entidad por falta de sensibilización de los usuarios internos en políticas de seguridad y buenas prácticas para prevenir la sustracción de contraseñas, personal insuficiente para monitorear el acceso no autorizado a servidores y bases de datos y para realizar el parchado y mitigación de vulnerabilidades y demora en asignación presupuestal al GIT TIC's para implementar los planes de contingencia y recuperación ante desastres establecidos en los planes de seguridad digital debido a falta de aprobación de gastos e inversiones en tecnología necesarias para el funcionamiento del Ministerio, personal insuficiente para implementar y garantizar la seguridad informática a cargo del GIT TIC's y déficit y asignación tardía del rubro presupuestal para el GIT TIC's. | D28: No | E28: 45590 | F28: 45772 | G28: 45782 | H28: Apoyo | I28: Alto | J28: Si | K28: Cada vez que se requiera, el Coordinador del GIT TIC's debe validar las cargas de trabajo del área de TIC's para determinar las necesidades de personal de planta o contratistas; , en el marco del ejercicio de análisis de cargas para la reestructuración del Ministerio se determinan los perfiles y cantidad de colaboradores requeridos para el cumplimiento de las funciones del GIT TIC's. En caso de desviación en la ejecución del control, se realizará ajuste al estudio de cargas realizado. Evidencias: Matriz de propuesta de estudio de cargas de trabajo del GIT TIC's; correos y memorandos (cuando aplique). | L28: Preventivo | M28: No | N28: Si | O28: Si | P28: Aceptar | Q28: Alto | R28: Incompleta | S28: Si | T28: Actualizar y publicar los planes y la política de seguridad de la información de Mindeporte mantenidos en el micrositio de seguridad de la información en la Intranet Institucional | U28: No | V28: No | W28: No | X28: No aplica | Y28: No aplica | Z28: No aplica | AA28: Si | AB28: La redacción del riesgo no refiere afectación de “integridad”, “confidencialidad” o “disponibilidad”, como tampoco el activo afectado, hace referencia a una necesidades administartivas y de gestión institucionales tales como personal, por lo que debe revisarse la identificación de causas raíz e inmediata, así como lo dispuesto en la sección 3.1.6 del anexo 4 “Modelo nacional de gestión de riesgo de seguridad de la información en entidades públicas” que hace parte de los anexos de la Guía para la Administración del Riesgo y el diseño de controles en entidades públicas, Versión 6., para considerar afectaciones en activos tales como: Aplicaciones institucionales, Servicios web, Redes, Información física o digital, Tecnologías de información TI y Tecnologías de operación TO, que utiliza la organización para funcionar en el entorno digital, los cuales, en su mayoría no están siendo enunciados. Sumado a esto, las amenazas o vulnerabilidades deben considerar las tablas: Tabla 5. Tabla de amenazas comunes, Tabla 6. Tabla de amenazas dirigida por el hombre y Tabla 7. Tabla de vulnerabilidades comunes de la citada guía. A su vez, los controles deben considerar lo dispuesto en el listado del documento maestro del modelo de seguridad y privacidad de la información (MSPI). Se evidencia monitoreo por parte de primera y segunda línea de defensa. Aunque el proceso aporta evidencias en la carpeta, estas no son correspondientes con las planteadas en los controles, si bien pretenden dar cuenta de puesta en marcha del mismo, se requiere que la evidencia aportada corresponda con la planteada en el control para validar su ejecución. No se evidencian soportes de ejecución del plan de tratamiento ya que quedó sujeto a la necesidad de su aplicación, además los controles son similares a los planteados para los tres riesgos de seguridad de la información de manera que debe evaluarse causas inmediata y raíz repetidas en el proceso de identificación, así como cuales de ellas son de riesgo de gestión y cuales de seguridad de la información, cuales controles atacan cada riesgo.
A29: Gestión de TIC'S | B29: =VLOOKUP(A29,'Listas deplegables'!$A$2:$B$19,2,0) -> GT | J29: Si | K29: Anualmente, el Coordinador del GIT TIC's debe elaborar el anteproyecto de inversión de las necesidades tecnológicas para el periodo 2024-2027 y el presupuesto del PETI del GIT TIC's; , de acuerdo con las necesidades del área y de las dependencias, con los lineamientos de MinTIC en cuanto a proyectos de Transformación Digital y con los resultados del FURAG. En caso de desviación en la ejecución del control, se realizan ajustes mensuales al proyecto de presupuesto. Evidencias: Anteproyecto de presupuesto validado por la OAP. | L29: Preventivo | M29: Si | N29: Si | O29: Si | P29: Aceptar | Q29: Alto | R29: Incompleta
A30: Gestión del Talento Humano | B30: =VLOOKUP(A30,'Listas deplegables'!$A$2:$B$19,2,0) -> GH | C30: Posibilidad de afectación reputacional por perdida de información o eliminación indebida de documentos de las Historias Laborales debido a la Inexistencia de lineamientos internos frente a seguimiento y custodia de las dichos documentos. | D30: No | E30: 45643 | F30: 45775 | G30: 45783 | H30: Apoyo | I30: Moderado | J30: Si | K30: El Profesional designado por el Coordinador de GIT Talento Humano debe validar mensualmente, los expedientes y/o historias laborales de los funcionarios activos del Ministerio del Deporte, dejando evidencia en el Formato Unico de Inventario Documental (FUID) y en caso de perdida de la Historia Laboral se le dara a conocer al Coordinador del GIT Talento Humano la situación y se procedera a realizar la respectiva denuncia ante el ente de control. | L30: Preventivo | M30: No | N30: Si | O30: No | P30: Aceptar | Q30: Moderado | R30: Si | S30: Si | T30: Realizar seguimiento de la verificación delos expedinetes de las hojas de vidade los funcionarios activos del Ministerio del Deporte | U30: Si | V30: Incompleta | W30: No | X30: No aplica | Y30: No aplica | Z30: No aplica | AA30: No | AB30: La redacción del riesgo no refiere afectación de “integridad”, “confidencialidad” o “disponibilidad”; debe revisarse la identificación de causas raíz e inmediata, así como lo dispuesto en la sección 3.1.6 del anexo 4 “Modelo nacional de gestión de riesgo de seguridad de la información en entidades públicas” que hace parte de los anexos de la Guía para la Administración del Riesgo y el diseño de controles en entidades públicas, Versión 6. Sumado a esto, las amenazas o vulnerabilidades deben considerar las tablas: Tabla 5. Tabla de amenazas comunes, Tabla 6. Tabla de amenazas dirigida por el hombre y Tabla 7. Tabla de vulnerabilidades comunes de la citada guía. A su vez, los controles deben considerar lo dispuesto en el listado del documento maestro del modelo de seguridad y privacidad de la información (MSPI). Se evidencia monitoreo por parte de primera y segunda línea de defensa. El soporte de ejecución del plan de tratamiento no corresponde al previsto y no se realizó reporte de indicadores.
A31: Gestión Documental | B31: =VLOOKUP(A31,'Listas deplegables'!$A$2:$B$19,2,0) -> GD | C31: Posibilidad de afectación reputacional por Fallas en la implementación del sistema integrado de conservación - SIC (componente de preservación digital a largo plazo en aplicación de la TRD ), falencias en la actualización de información para la contrucción del FUID y expedientes incompletos; Insuficiencia de controles y mecanismos para verificar el cumplimiento del componente de preservación digital a largo plazo del SIC, perdida de información, alteración de la información pública, pérdida de credibilidad, confianza y seguridad de la información y falta de organzanización e inadecuada clasificación de la información | D31: No | E31: 45645 | F31: No diligencia | G31: 45783 | H31: Apoyo | I31: Moderado | J31: Si | K31: Cada vez que se requiera, el profesional en gestión documental, debe hacer seguimiento al cronograma establecido en las mesas de trabajo con el grupo interdisiciplinario. En caso de identificar desviaciones del control, se informara mediante memorando dirigido a TIC cuando haya lugar para ello. De la ejecución de los controles se generará la siguiente evidencia: actas de reunión y memorando | L31: Preventivo | M31: Si | N31: Si | O31: Si | P31: Reducir (Mitigar) | Q31: Moderado | R31: Si | S31: Si | T31: Realizar mesas de trabajo en articulación con TIC para la ejecución del cronograma del Sistema Integrado de Conservación - Plan de Preservación Digital a Largo plazo para implementación de las estrategias | U31: Si | V31: Si | W31: No diligenció la casilla | X31: No diligenció la casilla | Y31: No diligenció la casilla | Z31: No diligenció la casilla | AA31: No | AB31: La redacción del riesgo no refiere afectación de “integridad”, “confidencialidad” o “disponibilidad”; debe revisarse la identificación de causas raíz e inmediata, así como lo dispuesto en la sección 3.1.6 del anexo 4 “Modelo nacional de gestión de riesgo de seguridad de la información en entidades públicas” que hace parte de los anexos de la Guía para la Administración del Riesgo y el diseño de controles en entidades públicas, Versión 6. Sumado a esto, las amenazas o vulnerabilidades deben considerar las tablas: Tabla 5. Tabla de amenazas comunes, Tabla 6. Tabla de amenazas dirigida por el hombre y Tabla 7. Tabla de vulnerabilidades comunes de la citada guía. A su vez, los controles deben considerar lo dispuesto en el listado del documento maestro del modelo de seguridad y privacidad de la información (MSPI). El proceso no realizó seguimiento a la materialización del riesgo, toda vez que no diligenció esta sección de información en el formato, así como tampoco registró la fecha del monitoreo a su cargo. No se cuenta con medición de indicadores en el formato establecido, ni con evidencias de estos. Se evidencia seguimiento de la segunda línea de defensa en la que entre otras exhorta al proceso a reportar de manera oportuna y completa el monitoreo a su cargo.
A32: Gestión Documental | B32: =VLOOKUP(A32,'Listas deplegables'!$A$2:$B$19,2,0) -> GD | J32: Si | K32: El Profesional de gestión documental cuando se requiera, valida la integridad de los expedientes producidos mensualmente. A través de plataforma GESDOC aplicada la TRD. En caso de identificar desviaciones en la ejecución de control, se debe actualizar el inventario documental actualizado. De la ejecución del control se generar el inventario documental FUID. | L32: Preventivo | M32: Si | N32: Si | O32: Si | P32: Reducir (Mitigar) | Q32: Moderado | R32: No | S32: Si | T32: Generar mensualmente el cargue de las documentos remitidos por almacen para captura de la información en GESDOC Solicitar al GIT TIC´s confirme la realizacion de copias de seguridad de la informacion contenida en el aplicativo de Gestión Documental | U32: No | V32: No
A33: Gestión Documental | B33: =VLOOKUP(A33,'Listas deplegables'!$A$2:$B$19,2,0) -> GD | J33: Si | K33: El Profesional de gestión documental de manera semestral; genera el reporte de consecutivo de comunicaciones oficiales EE; IE;ER por cada una de las dependencias ; de acuerdo a la radicaciones que se genera en la entidad se descargará el consolidado del consecutivo de comucaciones por cada una de las dependencias y se resguardará la información como copia de seguridad en el SHarepoint de Administrativa y en el aplicativo de Gestión Documental , en caso de identificar desviasiones del control se solicitará a TIC permisos de acceso para el decargue de la totalidad de la información . . De la ejcución de los controles se generan las siguientes evidencias: Correo Electronico y Consolidado de comunicaciones oficiales IE, ER, EE y pantallazo de Cargue | L33: Preventivo | M33: Si | N33: Si | O33: Si | P33: Reducir (Mitigar) | Q33: Moderado | R33: No aplica | S33: Si | T33: Generar alertas preventivas mediante correo electrónico, dirgido a Ministro(a) , Directores, jefes y coordinadores sobre el estado del tramite de las comunicaciones. | U33: Si | V33: Si
A34: Adquisición de Bienes y Servicios | B34: =VLOOKUP(A34,'Listas deplegables'!$A$2:$B$19,2,0) -> BS | C34: Posibilidad de afectación reputacional por demoras en los procesos, sanciones e incumplimientos normativos debido a la pérdida de documentos producidos al interior del proceso | D34: No | E34: 45642 | F34: 45770 | G34: 45783 | H34: Apoyo | I34: Alto | J34: Si | K34: Cada vez que se requiera, el equipo Secop y el equipo archivo debe Digitalizar los expedientes priorizaos por entes de control, para conservar una copia de seguridad de los mismos, mediante la disposición de archivos en la nube. En caso de identificar deviaciones, descargar los documentos de la plataforma Secop o solicitarlos al área técnica. De la ejecución de los controles se generará la siguiente evidencia: relación de numero de contratos digitalizados por vigencia | L34: Preventivo | M34: No | N34: Si | O34: Si | P34: Aceptar | Q34: Moderado | R34: Si | S34: Si | T34: Establecer perfiles para el acceso a la información en la plataforma SECOP | U34: Si | V34: Si | W34: No | X34: No aplica | Y34: No aplica | Z34: No aplica | AA34: Si | AB34: El monitoreo del proceso no da cuenta de la ejecución del control que consiste en copia de seguridad y digitalización, la evidencia no corresponde con la planteada. La redacción del riesgo no refiere afectación de “integridad”, “confidencialidad” o “disponibilidad”; debe revisarse la identificación de causas raíz e inmediata, así como lo dispuesto en la sección 3.1.6 del anexo 4 “Modelo nacional de gestión de riesgo de seguridad de la información en entidades públicas” que hace parte de los anexos de la Guía para la Administración del Riesgo y el diseño de controles en entidades públicas, Versión 6. Sumado a esto, las amenazas o vulnerabilidades deben considerar las tablas: Tabla 5. Tabla de amenazas comunes, Tabla 6. Tabla de amenazas dirigida por el hombre y Tabla 7. Tabla de vulnerabilidades comunes de la citada guía. A su vez, los controles deben considerar lo dispuesto en el listado del documento maestro del modelo de seguridad y privacidad de la información (MSPI). Se evidencia monitoreo por parte de primera y segunda línea de defensa.
A35: Gestión Financiera | B35: =VLOOKUP(A35,'Listas deplegables'!$A$2:$B$19,2,0) -> GF | C35: Posibilidad de Afectación Económica y Reputacional por daños de equipos, caída de aplicaciones, caída de redes y errores en programas, debido a la modificación de la información de los certificados y relaciones de pago por parte de las personas que descargan el reporte de SIIF Nación y debilidad en la gestión segura de credenciales de acceso a los portales bancarios. | D35: No | E35: 45589 | F35: 45772 | G35: 45782 | H35: Apoyo | I35: Extremo | J35: Si | K35: Cuatrimestralmente, el Coordinador (a) de GIT Tesorería, debe comparar y validar la información reportada con la que está registrada en SIIF, mediante el análisis de una muestra aleatoria de la base de datos de solicitudes recibidas por GESDOC . En caso de identificar desviaciones en la ejecución del control, corregir el reporte entregado con errores y determinar las causas que originaron el error. De la ejecución del control se generará la siguiente evidencia: Archivo en Excel con el cruce de la información tomada como muestra y las respectivas observaciones | L35: Detectivo | M35: Si | N35: Si | O35: Si | P35: Reducir (Mitigar) | Q35: Extremo | R35: Si | S35: Si | T35: 1. Documentar el control en el Instructivo GF-IN-002 Operaciones de Tesorería | U35: Si | V35: Si | W35: No | X35: No aplica | Y35: No aplica | Z35: No aplica | AA35: Si | AB35: La redacción del riesgo no refiere afectación de “integridad”, “confidencialidad” o “disponibilidad”; debe revisarse la identificación de causas raíz e inmediata, así como lo dispuesto en la sección 3.1.6 del anexo 4 “Modelo nacional de gestión de riesgo de seguridad de la información en entidades públicas” que hace parte de los anexos de la Guía para la Administración del Riesgo y el diseño de controles en entidades públicas, Versión 6. Sumado a esto, las amenazas o vulnerabilidades deben considerar las tablas: Tabla 5. Tabla de amenazas comunes, Tabla 6. Tabla de amenazas dirigida por el hombre y Tabla 7. Tabla de vulnerabilidades comunes de la citada guía. A su vez, los controles deben considerar lo dispuesto en el listado del documento maestro del modelo de seguridad y privacidad de la información (MSPI). Se evidencia monitoreo por parte de primera y segunda línea de defensa, así como aporte de evidencias. Se recomienda registrar la medición cuantitaviva del indicador en el formato DE- FR -002.
A36: Gestión Financiera | B36: =VLOOKUP(A36,'Listas deplegables'!$A$2:$B$19,2,0) -> GF | J36: Si | K36: Cuatrimestralmente, el Coordinador (a) de GIT Tesorería, debe Validar que las credenciales de acceso sean seguras y estén vigentes, mediante el seguimiento a las actualizaciones de las contraseñas de ingreso de los usuarios a los portales bancarios. En caso de identificar desviaciones en la ejecución del control, se debe solicitar la actualización de la contraseña de ingreso cumpliendo los lineamientos de seguridad y/o la habilitación del usuario para ingresar. De la ejecución del control se generará la siguiente evidencia: Registro manual de las contraseñas para acceder al portal bancario que detalle las fechas de cambio | L36: Detectivo | M36: Si | N36: Si | O36: Si | P36: Reducir (Mitigar) | Q36: Extremo | R36: Si | S36: Si | T36: 1. Incluir en las condiciones generales lo relativo a la actualización de contraseñas bancarias en el Instructivo GF-IN-002 Operaciones de Tesorería | U36: Si | V36: Si
A37: Gestión Jurídica | B37: =VLOOKUP(A37,'Listas deplegables'!$A$2:$B$19,2,0) -> GJ | C37: Posibilidad de afectación reputacional, por uso indebido de la información que reposa en los expedientes físicos de la oficina, debido a fallas en la custodia de la información física que reposa en la oficina asesora jurídica. | D37: No | E37: 45595 | F37: 45772 | G37: 45783 | H37: Apoyo | I37: Moderado | J37: Si | K37: Cada vez que se requiera el Gestor documental, verifica la solicitud de préstamos de expediente por parte del abogado, mediante el registro en el formato SOLICITUD DE PRESTAMOS DOCUMENTALES, para dejar la trazabilidad de la salida y entrega del expediente. En caso de presentarse desviaciones, el gestor documental solicitara mediante correo la devolución a completitud del expediente prestado. De la ejecución del control se generará los siguiente: | L37: Preventivo | M37: Si | N37: Si | O37: Si | P37: Aceptar | Q37: Moderado | R37: Si | S37: Si | T37: Remitir correo electrónico a los profesionales que conforman la Oficina Asesora Jurídica, señalando el personal que únicamente se encuentra autorizado para ingresar, sustraer y/o entregar los expedientes que se encuentran en el archivo físico de la OAJ. | U37: Si | V37: Si | W37: No | X37: No aplica | Y37: No aplica | Z37: No aplica | AA37: Si | AB37: La redacción del riesgo no refiere afectación de “integridad”, “confidencialidad” o “disponibilidad”; debe revisarse la identificación de causas raíz e inmediata, así como lo dispuesto en la sección 3.1.6 del anexo 4 “Modelo nacional de gestión de riesgo de seguridad de la información en entidades públicas” que hace parte de los anexos de la Guía para la Administración del Riesgo y el diseño de controles en entidades públicas, Versión 6. Sumado a esto, las amenazas o vulnerabilidades deben considerar las tablas: Tabla 5. Tabla de amenazas comunes, Tabla 6. Tabla de amenazas dirigida por el hombre y Tabla 7. Tabla de vulnerabilidades comunes de la citada guía. A su vez, los controles deben considerar lo dispuesto en el listado del documento maestro del modelo de seguridad y privacidad de la información (MSPI). Se evidencia monitoreo por parte de primera y segunda línea de defensa, así como aporte de evidencias.
A38: Gestión de los Recursos Físicos | B38: =VLOOKUP(A38,'Listas deplegables'!$A$2:$B$19,2,0) -> RF | C38: Posibilidad de afectación reputacional por inadecuados medios tecnologicos que almacenen la informacion de la base de datos de inventarios en sitios diferentes y de acuerdo con los estandares previstos para tal fin de manera periodica de la plataforma SOAWEB, debido a la falta de controles para la conservacion de la información contenida en el aplicativo SOAWEB , rezago en la actualizacion de los inventarios de elementos de propiedad del Ministerio, bienes devolutivos y de consumo por inadecuado almacenamiento y conservacion en el | D38: No | E38: 45610 | F38: 45770 | G38: 45783 | H38: Apoyo | I38: Alto | J38: Si | K38: El Profesional Especializado con funciones de Almacenista realizara reportes en excel desde el software SOAWEB de movimientos mensualmente, una vez efectuado el cierre de almacen y conciliado con contabilidad, . En caso de identificar desviaciones en la ejecución del control se generara alerta al personal que se designe en el Almacen (personal de planta), quienes deberan remitir la informacion a gestion documental para su conservacion, con periodicidad mensual. De la ejecución del control se generaran las siguientes evidencias: Correo electrónico adjuntando excel y soporte. | L38: Preventivo | M38: Si | N38: Si | O38: Si | P38: Reducir (Mitigar) | Q38: Moderado | R38: Si | S38: Si | T38: Solicitar al GIT TIC´s confirme la realizacion de copias de seguridad de la informacion contenida en el aplicativo de inventarios y su ubicacion la cual debe ser diferente a la base original. Generar mensualmente en excel los movimientos de almacen (entradas, salidas, traslados) efectuados desde inicio de la vigencia hasta la fecha de cierre. | U38: No | V38: No | W38: No | X38: No aplica | Y38: No aplica | Z38: No aplica | AA38: Si | AB38: La redacción del riesgo no refiere afectación de “integridad”, “confidencialidad” o “disponibilidad”; debe revisarse la identificación de causas raíz e inmediata, así como lo dispuesto en la sección 3.1.6 del anexo 4 “Modelo nacional de gestión de riesgo de seguridad de la información en entidades públicas” que hace parte de los anexos de la Guía para la Administración del Riesgo y el diseño de controles en entidades públicas, Versión 6. Sumado a esto, las amenazas o vulnerabilidades deben considerar las tablas: Tabla 5. Tabla de amenazas comunes, Tabla 6. Tabla de amenazas dirigida por el hombre y Tabla 7. Tabla de vulnerabilidades comunes de la citada guía. A su vez, los controles deben considerar lo dispuesto en el listado del documento maestro del modelo de seguridad y privacidad de la información (MSPI). Se evidencia monitoreo por parte de primera y segunda línea de defensa, no obstante no reposa evidencia de la ejecución de la acción cuyo plazo ya finalizó. Se recomienda registrar la medición cuantitativa e los indicadores.
A39: Evaluación Independiente y Mejora Continua | B39: =VLOOKUP(A39,'Listas deplegables'!$A$2:$B$19,2,0) -> EI | C39: Posibilidad de afectación reputacional por la falta de espacio digital para almacenamiento de la evidencia que soporta los trabajos de la OCI debido a la carencia de medidas de seguridad y custodia de la información digital. | D39: No | E39: 45782 | F39: 45782 | G39: 45783 | H39: Evaluación | I39: Moderado | J39: Si | K39: Semestralmente, el Jefe de la Oficina de Control Interno o quien haga sus veces, debe validar que las evidencias de los informes generados en el periodo se encuentre en el sitio de SharePoint de la OCI así como el papel de trabajo y documentación oficial emitida mediante revisión ocular y diligenciamiento de base de datos en excel y descargando una copia de la información en el disco duro de la OCI. En caso de identificar desviaciones en la ejecución del control, se notificará por medio de correo electrónico al auditor la falta de completitud de la información en el repositorio de SharePoint. De la ejecución del control se generará la siguiente evidencia: Información cargada en SharePoint, correo electrónico en caso de detectar alertas y copia de la información en el disco duro de la OCI. | L39: Preventivo | M39: Si | N39: Si | O39: Si | P39: Reducir (Mitigar) | Q39: Moderado | R39: No aplica | S39: Si | T39: 1. Desarrollar mesa de trabajo de socialización de lineamientos para la conservación de documentos digitales de la OCI | U39: Si | V39: No aplica | W39: No | X39: No aplica | Y39: No aplica | Z39: No aplica | AA39: Si | AB39: La OCI se abstiene de generar resultados para este riesgo, teniendo en cuenta que fue identificado por la misma OCI, quien además realiza el presente seguimiento. Por tanto, estaría impedida de evaluarse así misma. El resultado de la revisión corresponde al registrado por la OAP: "De acuerdo con el rol de segunda línea que le corresponde a la Oficina Asesora de Planeación en la gestión del riesgo, se realizó el monitoreo del riesgo de Seguridad dela Información, enfocado en la ejecución de controles, el plan de tratamiento y los indicadores asociados. En este sentido, se evidenció que el proceso llevó a cabo de manera adecuada el primer monitoreo de su mapa de riesgos. Únicamente se efectuó una observación relacionada con la redacción de la atividad del Plan de tratamiento, la cual, una vez revisada por el proceso, fue ajustada de forma pertinente. Riesgo Materializado: El proceso no reporta. NOTA: Para la vigencia 2025, se reporta la V3 del Mapa de riesgo."
A40: Gestión Proceso Disciplinario | B40: =VLOOKUP(A40,'Listas deplegables'!$A$2:$B$19,2,0) -> PD | C40: Posibilidad de afectación reputacional, poralteración y/o sustracción de información contenida en los expedientes de los procesos disciplinarios , debido a la falta de controles para el accesos a los expedientes disciplinarios de la Oficina de Control Interno Disciplinario, afectando su confidencialidad e integridad de la información. | D40: No | E40: No registra | F40: 45769 | G40: 45783 | H40: Evaluación | I40: Moderado | J40: Si | K40: El Profesional encargado, de manera mensual Verifica los accesos y permisos en el repositorio de información (Share point)de los funcionarios y contratistas, de la Oficina de Control Interno Disciplinario de acuerdo con sus responsabilidades y competencias., Con el Checklist de permisos de carpetas, se verifican los accesos en el repositorio de información (Share point) de la Oficina de Control Interno Disciplinario. En caso de presentar desviación del control, se envía el reporte al área de sistemas para la actualicen los permisos y accesos, y así que realicen la depuración del grupo en caso de encontrar miembros vinculados que no pertenecen a la dependencia. Evidencias de aplicación del control: Checklist de permisos de carpeta | L40: Preventivo | M40: Si | N40: Si | O40: Si | P40: Reducir (Mitigar) | Q40: Moderado | R40: Si | S40: Si | T40: Generar alertas en el repositorio de información (Share point) que permitan conocer todos los movimientos de la carpeta de procesos disciplinarios | U40: Si | V40: Si | W40: No | X40: No aplica | Y40: No aplica | Z40: No aplica | AA40: Si | AB40: No registra fecha de aprobación del Mapa de Riesgos. SLa redacción del riesgo no refiere afectación de “integridad”, “confidencialidad” o “disponibilidad”; debe revisarse la identificación de causas raíz e inmediata, así como lo dispuesto en la sección 3.1.6 del anexo 4 “Modelo nacional de gestión de riesgo de seguridad de la información en entidades públicas” que hace parte de los anexos de la Guía para la Administración del Riesgo y el diseño de controles en entidades públicas, Versión 6. Sumado a esto, las amenazas o vulnerabilidades deben considerar las tablas: Tabla 5. Tabla de amenazas comunes, Tabla 6. Tabla de amenazas dirigida por el hombre y Tabla 7. Tabla de vulnerabilidades comunes de la citada guía. A su vez, los controles deben considerar lo dispuesto en el listado del documento maestro del modelo de seguridad y privacidad de la información (MSPI). Se evidencia monitoreo por parte de primera y segunda línea de defensa. Se recuerda a la segunda línea la importancia de diligenciar el seguimiento en el formato establecido DE- FR -002, evitando diligenciar en este "Ver carpeta de SharePoint" puesto que la ciudadanía que accede a consulta en Isolución no tiene acceso a lo señalado en dichos correos. A su vez, la Oficina de Control Interno realiza seguimiento en el formato establecido por el Proceso DE en el que debe reposar la trazabilidad del seguimiento y evaluación de la segunda línea de defensa.
A41: Proceso Gestión Ambiental | B41: =VLOOKUP(A41,'Listas deplegables'!$A$2:$B$19,2,0) -> GA | C41: Posibilidad de afectación reputacional por la desorganización de documentos y registros asociados al proceso de Gestión ambiental, debido a fallas en la disposición final de la información que se genera en el proceso de Gestión Ambienta lque afecta la integridad de la información. | D41: No | E41: 45955 | F41: 45776 | G41: 45783 | H41: Apoyo | I41: Moderado | J41: Si | K41: Semestralmente, el profesional designado para Gestión Ambiental, organiza las carpetas asociadas al Sistema de Gestión Ambiental en el Sharepoint del GIT Gestión Administrativa, clasificándolas en coherencia con las tablas de retención documental, para realizar el cargue de las evidencias de las actividades ejecutadas en la vigencia. En caso de desviación del control se realizará el cargue de la información faltante en la carpeta dispuesta para ello. De la ejecución del control se generan las siguientes evidencias: Documento en Excel que de cuenta de los cargues de información periódica en las carpetas definidas. | L41: Preventivo | M41: Si | N41: Si | O41: Si | P41: Reducir (Mitigar) | Q41: Moderado | R41: Si | S41: Si | T41: Depurar de manera trimestral las carpetas asignadas al proceso de Gestión Ambiental. | U41: Si | V41: Si | W41: No | X41: No aplica | Y41: No aplica | Z41: No aplica | AA41: Si | AB41: La redacción del riesgo no refiere afectación de “integridad”, “confidencialidad” o “disponibilidad”; debe revisarse la identificación de causas raíz e inmediata, así como lo dispuesto en la sección 3.1.6 del anexo 4 “Modelo nacional de gestión de riesgo de seguridad de la información en entidades públicas” que hace parte de los anexos de la Guía para la Administración del Riesgo y el diseño de controles en entidades públicas, Versión 6. Sumado a esto, las amenazas o vulnerabilidades deben considerar las tablas: Tabla 5. Tabla de amenazas comunes, Tabla 6. Tabla de amenazas dirigida por el hombre y Tabla 7. Tabla de vulnerabilidades comunes de la citada guía. A su vez, los controles deben considerar lo dispuesto en el listado del documento maestro del modelo de seguridad y privacidad de la información (MSPI). Se evidencia monitoreo por parte de primera y segunda línea de defensa. Se debe verificar la periodicidad vs las evidencias entregadas por la primera línea, así como la medición de indicadores ya que no se tiene detalle del porcentaje registrado en el monitoreo y las evidencias se encuentran incompletas o no corresponden a lo planteado en la matriz de riesgos. Se recuerda a la segunda línea la importancia de diligenciar el seguimiento en el formato establecido DE- FR -002, evitando diligenciar en este "Retroalimentación" puesto que la ciudadanía que accede a consulta en Isolución no tiene acceso a lo señalado en dichos correos. A su vez, la Oficina de Control Interno realiza seguimiento en el formato establecido por el Proceso DE en el que debe reposar la trazabilidad del seguimiento y evaluación de la segunda línea de defensa. Se recomienda registrar tanto el detalle de lo solicitado por la segunda linea como los ajustes que realizó o no el proceso.
A42: Proceso Gestión Ambiental | B42: =VLOOKUP(A42,'Listas deplegables'!$A$2:$B$19,2,0) -> GA | J42: Si | K42: El profesional designado para Gestión Ambiental, de manera anual verifica y actualiza los activos de información asociados al proceso de Gestión Ambiental, validando que la información contenida sea coherente con la normatividad vigente aplicable. En caso de desviación del control, se solicitará el acompañamiento al GIT TICS para la actualización de los activos de información. De la ejecución del control se generan las siguientes evidencias: Correo electrónico dirigido al coordinador del GIT Gestión Administrativa indicando el estado de los activos asociados al proceso de Gestión Ambiental. Y activos de información actualizados. | L42: Preventivo | M42: Si | N42: Si | O42: Si | P42: Reducir (Mitigar) | Q42: Moderado | R42: Si | S42: Si | T42: Verificar de manera semestral los contenidos en la página web del ministerio asociados a la gestión ambiental. | U42: Si | V42: Si
B43: =VLOOKUP(A43,'Listas deplegables'!$A$2:$B$19,2,0) -> #N/A
B44: =VLOOKUP(A44,'Listas deplegables'!$A$2:$B$19,2,0) -> #N/A
B45: =VLOOKUP(A45,'Listas deplegables'!$A$2:$B$19,2,0) -> #N/A
B46: =VLOOKUP(A46,'Listas deplegables'!$A$2:$B$19,2,0) -> #N/A
B47: =VLOOKUP(A47,'Listas deplegables'!$A$2:$B$19,2,0) -> #N/A
B48: =VLOOKUP(A48,'Listas deplegables'!$A$2:$B$19,2,0) -> #N/A
B49: =VLOOKUP(A49,'Listas deplegables'!$A$2:$B$19,2,0) -> #N/A
B50: =VLOOKUP(A50,'Listas deplegables'!$A$2:$B$19,2,0) -> #N/A
B51: =VLOOKUP(A51,'Listas deplegables'!$A$2:$B$19,2,0) -> #N/A
B52: =VLOOKUP(A52,'Listas deplegables'!$A$2:$B$19,2,0) -> #N/A
B53: =VLOOKUP(A53,'Listas deplegables'!$A$2:$B$19,2,0) -> #N/A
B54: =VLOOKUP(A54,'Listas deplegables'!$A$2:$B$19,2,0) -> #N/A
... B97: =VLOOKUP(A97,'Listas deplegables'!$A$2:$B$19,2,0) -> #N/A
A98: x | B98: x | C98: x | D98: X | E98: x | G98: x | H98: x | I98: x | J98: x | K98: x | L98: x | M98: x | N98: x | O98: x | P98: x | Q98: x | R98: x | S98: x | T98: x | U98: x | V98: x | W98: x | X98: x | Y98: x | Z98: x | AA98: x | AB98: x

Sheet Listas deplegables
A1: Procesos | B1: Siglas | D1: TipoProceso | E1: DescripciónCtr | F1: Atributo | G1: ZonaRiesgo | H1: DescripciónCtr | I1: Tratamiento | J1: Reporte | K1: Reporte
A2: Direccionamiento Estratégico y Aprendizaje Organizacional | B2: DE | D2: Estratégico | E2: Si | F2: Detectivo | G2: Extremo | H2: Si | I2: Aceptar | J2: Si | K2: Si | L2: Primera línea de defensa
A3: Gestión de las Comunicaciones | B3: GC | D3: Misional | E3: No | F3: Preventivo | G3: Alto | H3: No | I3: Evitar | J3: No | K3: No | L3: Segunda línea de defensa
A4: Formulación y Adopción de Políticas, Planes y Programas | B4: FP | D4: Apoyo | E4: No tiene controles | F4: No definido | G4: Moderado | H4: No tiene plan de tratamiento | I4: Reducir (Transferir) | J4: No diligenció la casilla | K4: No formuló indicadores | L4: Primer y segunda línea de defensa
A5: Altos Logros | B5: AL | D5: Evaluación | E5: Incompleta | F5: No aplica | G5: Bajo | H5: No aplica | I5: Reducir (Mitigar) | J5: No aplica | K5: No aplica
A6: Inspección Vigilancia y Control | B6: IVC | E6: No aplica
A7: Fomento al Desarrollo Humano y Social | B7: FD
A8: Apoyo a la Infraestructura Técnica y Científica | B8: ATC
A9: Servicio Integral al Ciudadano | B9: SI
A10: Gestión de TIC'S | B10: GT
A11: Gestión del Talento Humano | B11: GH
A12: Gestión Documental | B12: GD
A13: Adquisición de Bienes y Servicios | B13: BS
A14: Gestión Financiera | B14: GF
A15: Gestión Jurídica | B15: GJ
A16: Gestión de los Recursos Físicos | B16: RF
A17: Evaluación Independiente y Mejora Continua | B17: EI
A18: Gestión Proceso Disciplinario | B18: PD
A19: Proceso Gestión Ambiental | B19: GA

Sheet IdentificacionRiesgos
A2: Gestión
A16: Corrupción
A20: Seguridad Digital
A25: Fiscal
A39: Áreas afectadas

Sheet Mapa Procesos
B43: R

Sheet DinamicaMRG
B1: Total Riesgos | C1: =+C20+DinamicaSI!C11 -> #VALUE!
A2: Cantidad procesos con riesgos de corrupción
B3: Nombre del Proceso | C3: Siglas | D3: GESTION | E3: SEGURIDAD | G3: Siglas | H3: Gestión | I3: Seguridad de la Información
A4: 1 | B4: Adquisición de Bienes y Servicios | C4: BS | D4: 3 | E4: =IFERROR(VLOOKUP(C4,DinamicaSI!$C$4:$D$20,2,0),0) -> 1 | G4: BS | H4: 3 | I4: =IFERROR(VLOOKUP(G4,DinamicaSI!$C$4:$D$20,2,0),0) -> 1 | K4: =CONCATENATE(B4,"(",C4,")") -> Adquisición de Bienes y Servicios ( BS)
A5: 2 | B5: Altos Logros | C5: AL | D5: 1 | E5: =IFERROR(VLOOKUP(C5,DinamicaSI!$C$4:$D$20,2,0),0) -> 1 | G5: AL | H5: 1 | I5: =IFERROR(VLOOKUP(G5,DinamicaSI!$C$4:$D$20,2,0),0) -> 1 | K5: =CONCATENATE(B5,"(",C5,")") -> Altos Logros ( AL)
A6: 3 | B6: Apoyo a la Infraestructura Técnica y Científica | C6: ATC | D6: 1 | E6: =IFERROR(VLOOKUP(C6,DinamicaSI!$C$4:$D$20,2,0),0) -> 1 | G6: ATC | H6: 1 | I6: =IFERROR(VLOOKUP(G6,DinamicaSI!$C$4:$D$20,2,0),0) -> 1 | K6: =CONCATENATE(B6,"(",C6,")") -> Apoyo a la Infraestructura Técnica y Científica ( ATC)
A7: 4 | B7: Evaluación Independiente y Mejora Continua | C7: EI | D7: 1 | E7: =IFERROR(VLOOKUP(C7,DinamicaSI!$C$4:$D$20,2,0),0) -> 1 | G7: EI | H7: 1 | I7: =IFERROR(VLOOKUP(G7,DinamicaSI!$C$4:$D$20,2,0),0) -> 1 | K7: =CONCATENATE(B7,"(",C7,")") -> Evaluación Independiente y Mejora Continua ( EI)
A8: 5 | B8: Fomento al Desarrollo Humano y Social | C8: FD | D8: 1 | E8: =IFERROR(VLOOKUP(C8,DinamicaSI!$C$4:$D$20,2,0),0) -> 1 | G8: FD | H8: 1 | I8: =IFERROR(VLOOKUP(G8,DinamicaSI!$C$4:$D$20,2,0),0) -> 1 | K8: =CONCATENATE(B8,"(",C8,")") -> Fomento al Desarrollo Humano y Social ( FD)
A9: 6 | B9: Formulación y Adopción de Políticas, Planes y Programas | C9: FP | D9: 2 | E9: =IFERROR(VLOOKUP(C9,DinamicaSI!$C$4:$D$20,2,0),0) -> 0 | G9: FP | H9: 2 | I9: =IFERROR(VLOOKUP(G9,DinamicaSI!$C$4:$D$20,2,0),0) -> 0 | K9: =CONCATENATE(B9,"(",C9,")") -> Formulación y Adopción de Políticas, Planes y Programas ( FP)
A10: 7 | B10: Gestión de las Comunicaciones | C10: GC | D10: 1 | E10: =IFERROR(VLOOKUP(C10,DinamicaSI!$C$4:$D$20,2,0),0) -> 1 | G10: GC | H10: 1 | I10: =IFERROR(VLOOKUP(G10,DinamicaSI!$C$4:$D$20,2,0),0) -> 1 | K10: =CONCATENATE(B10,"(",C10,")") -> Gestión de las Comunicaciones ( GC)
A11: 8 | B11: Gestión de los Recursos Físicos | C11: RF | D11: 3 | E11: =IFERROR(VLOOKUP(C11,DinamicaSI!$C$4:$D$20,2,0),0) -> 1 | G11: RF | H11: 3 | I11: =IFERROR(VLOOKUP(G11,DinamicaSI!$C$4:$D$20,2,0),0) -> 1 | K11: =CONCATENATE(B11,"(",C11,")") -> Gestión de los Recursos Físicos ( RF)
A12: 9 | B12: Gestión de TIC'S | C12: GT | D12: 1 | E12: =IFERROR(VLOOKUP(C12,DinamicaSI!$C$4:$D$20,2,0),0) -> 3 | G12: GT | H12: 1 | I12: =IFERROR(VLOOKUP(G12,DinamicaSI!$C$4:$D$20,2,0),0) -> 3 | K12: =CONCATENATE(B12,"(",C12,")") -> Gestión de TIC'S ( GT)
A13: 10 | B13: Gestión del Talento Humano | C13: GH | D13: 2 | E13: =IFERROR(VLOOKUP(C13,DinamicaSI!$C$4:$D$20,2,0),0) -> 1 | G13: GH | H13: 2 | I13: =IFERROR(VLOOKUP(G13,DinamicaSI!$C$4:$D$20,2,0),0) -> 1 | K13: =CONCATENATE(B13,"(",C13,")") -> Gestión del Talento Humano ( GH)
A14: 11 | B14: Gestión Documental | C14: GD | D14: 1 | E14: =IFERROR(VLOOKUP(C14,DinamicaSI!$C$4:$D$20,2,0),0) -> 1 | G14: GD | H14: 1 | I14: =IFERROR(VLOOKUP(G14,DinamicaSI!$C$4:$D$20,2,0),0) -> 1 | K14: =CONCATENATE(B14,"(",C14,")") -> Gestión Documental ( GD)
A15: 12 | B15: Gestión Financiera | C15: GF | D15: 2 | E15: =IFERROR(VLOOKUP(C15,DinamicaSI!$C$4:$D$20,2,0),0) -> 1 | G15: GF | H15: 2 | I15: =IFERROR(VLOOKUP(G15,DinamicaSI!$C$4:$D$20,2,0),0) -> 1 | K15: =CONCATENATE(B15,"(",C15,")") -> Gestión Financiera ( GF)
... A21: 18 | B21: Proceso Gestión Ambiental | C21: GA | D21: 1 | E21: =IFERROR(VLOOKUP(C21,DinamicaSI!$C$4:$D$20,2,0),0) -> 1 | G21: GA | H21: 1 | I21: =IFERROR(VLOOKUP(G21,DinamicaSI!$C$4:$D$20,2,0),0) -> 1 | K21: =CONCATENATE(B21,"(",C21,")") -> Proceso Gestión Ambiental ( GA)
D22: =SUM(D4:D21) -> 30 | E22: =SUM(E4:E21) -> 19 | K22: =CONCATENATE(B22,"(",C22,")") -> ()
E23: =+D22+E22 -> 49

Sheet DinamicaSI
B3: Nombre del Proceso | C3: Siglas | D3: Cuenta de Descripción Riesgo
A4: 1 | B4: Altos Logros | C4: AL | D4: 1
A5: 2 | B5: Apoyo a la Infraestructura Técnica y Científica | C5: ATC | D5: 1
A6: 3 | B6: Fomento al Desarrollo Humano y Social | C6: FD | D6: 1
A7: 4 | B7: Gestión de los Recursos Físicos | C7: RF | D7: 1
A8: 5 | B8: Gestión del Talento Humano | C8: GH | D8: 1
A9: 6 | B9: Gestión Financiera | C9: GF | D9: 1
A10: 7 | B10: Gestión Jurídica | C10: GJ | D10: 1
A11: 8 | B11: Direccionamiento Estratégico y Aprendizaje Organizacional | C11: DE | D11: 1
A12: 9 | B12: Gestión de las Comunicaciones | C12: GC | D12: 1
A13: 10 | B13: Inspección Vigilancia y Control | C13: IVC | D13: 1
A14: 11 | B14: Servicio Integral al Ciudadano | C14: SI | D14: 1
A15: 12 | B15: Gestión de TIC'S | C15: GT | D15: 3
... A20: 17 | B20: Proceso Gestión Ambiental | C20: GA | D20: 1
B21: (en blanco) | C21: #N/D
B22: Total general | D22: 19

Sheet T2
A1: Nombre del Proceso | B1: Siglas | C1: RIESGO | D1: Tipo Proceso | F1: Siglas | G1: Corrupción | H1: Fiscal | I1: Tipo Proceso | K1: Etiquetas de fila | L1: Suma de Corrupción | M1: Suma de Fiscal | N1: Total
A2: Adquisición de Bienes y Servicios | B2: BS | C2: Corrupción | D2: Apoyo | F2: BS | G2: 3 | H2: =IFERROR(VLOOKUP(F2,DinamicaSI!$C$4:$D$20,2,0),0) -> 1 | I2: Apoyo | K2: Apoyo | L2: 17 | M2: 11 | N2: =SUM(L2:M2) -> 28
A3: Altos Logros | B3: AL | C3: Corrupción | D3: Misional | F3: AL | G3: 1 | H3: =IFERROR(VLOOKUP(F3,DinamicaSI!$C$4:$D$20,2,0),0) -> 1 | I3: Misional | K3: Estratégico | L3: 5 | M3: 2 | N3: =SUM(L3:M3) -> 7
A4: Apoyo a la Infraestructura Técnica y Científica | B4: ATC | C4: Corrupción | D4: Misional | F4: ATC | G4: 1 | H4: =IFERROR(VLOOKUP(F4,DinamicaSI!$C$4:$D$20,2,0),0) -> 1 | I4: Misional | K4: Evaluación | L4: 2 | M4: 2 | N4: =SUM(L4:M4) -> 4
A5: Evaluación Independiente y Mejora Continua | B5: EI | C5: Corrupción | D5: Evaluación | F5: EI | G5: 1 | H5: =IFERROR(VLOOKUP(F5,DinamicaSI!$C$4:$D$20,2,0),0) -> 1 | I5: Evaluación | K5: Misional | L5: 6 | M5: 4 | N5: =SUM(L5:M5) -> 10
A6: Fomento al Desarrollo Humano y Social | B6: FD | C6: Corrupción | D6: Misional | F6: FD | G6: 1 | H6: =IFERROR(VLOOKUP(F6,DinamicaSI!$C$4:$D$20,2,0),0) -> 1 | I6: Misional | K6: Total general | L6: 30 | M6: 19 | N6: =SUM(N2:N5) -> 49
A7: Formulación y Adopción de Políticas, Planes y Programas | B7: FP | C7: Corrupción | D7: Misional | F7: FP | G7: 2 | H7: =IFERROR(VLOOKUP(F7,DinamicaSI!$C$4:$D$20,2,0),0) -> 0 | I7: Misional
A8: Gestión de las Comunicaciones | B8: GC | C8: Corrupción | D8: Estratégico | F8: GC | G8: 1 | H8: =IFERROR(VLOOKUP(F8,DinamicaSI!$C$4:$D$20,2,0),0) -> 1 | I8: Estratégico
A9: Gestión de los Recursos Físicos | B9: RF | C9: Corrupción | D9: Apoyo | F9: RF | G9: 3 | H9: =IFERROR(VLOOKUP(F9,DinamicaSI!$C$4:$D$20,2,0),0) -> 1 | I9: Apoyo | K9: TIPO PROCESO | L9: Gestión | M9: Seguridad de la Información | N9: Total
A10: Gestión de TIC'S | B10: GT | C10: Corrupción | D10: Apoyo | F10: GT | G10: 1 | H10: =IFERROR(VLOOKUP(F10,DinamicaSI!$C$4:$D$20,2,0),0) -> 3 | I10: Apoyo | K10: Apoyo | L10: 17 | M10: 11 | N10: =SUM(L10:M10) -> 28 | O10: =+N10/N14 -> 0.57142857
A11: Gestión del Talento Humano | B11: GH | C11: Corrupción | D11: Apoyo | F11: GH | G11: 2 | H11: =IFERROR(VLOOKUP(F11,DinamicaSI!$C$4:$D$20,2,0),0) -> 1 | I11: Apoyo | K11: Estratégico | L11: 5 | M11: 2 | N11: =SUM(L11:M11) -> 7
A12: Gestión Documental | B12: GD | C12: Corrupción | D12: Apoyo | F12: GD | G12: 1 | H12: =IFERROR(VLOOKUP(F12,DinamicaSI!$C$4:$D$20,2,0),0) -> 1 | I12: Apoyo | K12: Evaluación | L12: 2 | M12: 2 | N12: =SUM(L12:M12) -> 4
A13: Gestión Financiera | B13: GF | C13: Corrupción | D13: Apoyo | F13: GF | G13: 2 | H13: =IFERROR(VLOOKUP(F13,DinamicaSI!$C$4:$D$20,2,0),0) -> 1 | I13: Apoyo | K13: Misional | L13: 6 | M13: 4 | N13: =SUM(L13:M13) -> 10
A14: Gestión Jurídica | B14: GJ | C14: Corrupción | D14: Apoyo | F14: GJ | G14: 2 | H14: =IFERROR(VLOOKUP(F14,DinamicaSI!$C$4:$D$20,2,0),0) -> 1 | I14: Apoyo | K14: TOTAL | L14: =SUM(L10:L13) -> 30 | M14: =SUM(M10:M13) -> 19 | N14: =SUM(L14:M14) -> 49
A15: Gestión Proceso Disciplinario | B15: PD | C15: Corrupción | D15: Evaluación | F15: PD | G15: 1 | H15: =IFERROR(VLOOKUP(F15,DinamicaSI!$C$4:$D$20,2,0),0) -> 1 | I15: Evaluación
A16: Inspección Vigilancia y Control | B16: IVC | C16: Corrupción | D16: Misional | F16: IVC | G16: 1 | H16: =IFERROR(VLOOKUP(F16,DinamicaSI!$C$4:$D$20,2,0),0) -> 1 | I16: Misional
A17: Servicio Integral al Ciudadano | B17: SI | C17: Corrupción | D17: Apoyo | F17: SI | G17: 2 | H17: =IFERROR(VLOOKUP(F17,DinamicaSI!$C$4:$D$20,2,0),0) -> 1 | I17: Apoyo
F18: DE | G18: 4 | H18: =IFERROR(VLOOKUP(F18,DinamicaSI!$C$4:$D$20,2,0),0) -> 1 | I18: Estratégico
F19: GA | G19: 1 | H19: =IFERROR(VLOOKUP(F19,DinamicaSI!$C$4:$D$20,2,0),0) -> 1 | I19: Apoyo

Sheet T3
C1: GESTIÓN | H1: SEGURIDAD INFORMACIÓN
B2: Etiquetas de fila | C2: Cuenta de Descripción Riesgo | D2: Cuenta de Descripción del Control | E2: Cuenta de Descripción del Plan de Tratamiento | G2: Etiquetas de fila | H2: Cuenta de Descripción Riesgo | I2: Cuenta de Descripción del Control | J2: Cuenta de Descripción del Plan de Tratamiento
A3: 1 | B3: AL | C3: 1 | D3: 2 | E3: 1 | F3: 1 | G3: AL | H3: 1 | I3: 3 | J3: 1 | M3: PROCESO | N3: TIPO RIESGOS | O3: TOTAL RIESGOS | P3: CANTIDAD CONTROLES | Q3: CANTIDAD ACCIONES (PT)
A4: 2 | B4: ATC | C4: 1 | D4: 1 | E4: 1 | F4: 2 | G4: ATC | H4: 1 | I4: 1 | J4: 2 | M4: AL | N4: Gestión | O4: =VLOOKUP(M4,$S$6:$U$24,2,0) -> 1 | P4: =VLOOKUP(M4,$B$3:$E$20,3,0) -> 2 | Q4: =VLOOKUP(M4,$B$3:$E$20,4,0) -> 1
A5: 3 | B5: BS | C5: 3 | D5: 3 | E5: 3 | F5: 3 | G5: FD | H5: 1 | I5: 1 | J5: 1 | N5: Seguridad de la Información | O5: =VLOOKUP(M4,$S$6:$U$24,3,0) -> 1 | P5: =VLOOKUP(M4,$G$3:$J$19,3,0) -> 3 | Q5: =VLOOKUP(M4,$G$3:$J$19,4,0) -> 1
A6: 4 | B6: EI | C6: 1 | D6: 2 | E6: 1 | F6: 4 | G6: GF | H6: 1 | I6: 2 | J6: 2 | M6: ATC | N6: Gestión | O6: =VLOOKUP(M6,$S$6:$U$24,2,0) -> 1 | P6: =VLOOKUP(M6,$B$3:$E$20,3,0) -> 1 | Q6: =VLOOKUP(M6,$B$3:$E$20,4,0) -> 1 | S6: Siglas | T6: Gestión | U6: Seguridad de la Información
A7: 5 | B7: FD | C7: 1 | D7: 2 | E7: 1 | F7: 5 | G7: GH | H7: 1 | I7: 1 | J7: 1 | N7: Seguridad de la Información | O7: =VLOOKUP(M6,$S$6:$U$24,3,0) -> 1 | P7: =VLOOKUP(M6,$G$3:$J$19,3,0) -> 1 | Q7: =VLOOKUP(M6,$G$3:$J$19,4,0) -> 2 | S7: =DinamicaMRG!G4 -> BS | T7: =DinamicaMRG!H4 -> 3 | U7: =DinamicaMRG!I4 -> 1
A8: 6 | B8: FP | C8: 2 | D8: 8 | E8: 8 | F8: 6 | G8: GJ | H8: 1 | I8: 1 | J8: 1 | M8: BS | N8: Gestión | O8: =VLOOKUP(M8,$S$6:$U$24,2,0) -> 3 | P8: =VLOOKUP(M8,$B$3:$E$20,3,0) -> 3 | Q8: =VLOOKUP(M8,$B$3:$E$20,4,0) -> 3 | S8: =DinamicaMRG!G5 -> AL | T8: =DinamicaMRG!H5 -> 1 | U8: =DinamicaMRG!I5 -> 1
A9: 7 | B9: GC | C9: 1 | D9: 1 | E9: 1 | F9: 7 | G9: RF | H9: 1 | I9: 1 | J9: 1 | N9: Seguridad de la Información | O9: =VLOOKUP(M8,$S$6:$U$24,3,0) -> 1 | P9: =VLOOKUP(M8,$G$3:$J$19,3,0) -> 1 | Q9: =VLOOKUP(M8,$G$3:$J$19,4,0) -> 1 | S9: =DinamicaMRG!G6 -> ATC | T9: =DinamicaMRG!H6 -> 1 | U9: =DinamicaMRG!I6 -> 1
A10: 8 | B10: GD | C10: 1 | D10: 1 | E10: 1 | F10: 8 | G10: DE | H10: 1 | I10: 2 | J10: 1 | M10: EI | N10: Gestión | O10: =VLOOKUP(M10,$S$6:$U$24,2,0) -> 1 | P10: =VLOOKUP(M10,$B$3:$E$20,3,0) -> 2 | Q10: =VLOOKUP(M10,$B$3:$E$20,4,0) -> 1 | S10: =DinamicaMRG!G7 -> EI | T10: =DinamicaMRG!H7 -> 1 | U10: =DinamicaMRG!I7 -> 1
A11: 9 | B11: GF | C11: 2 | D11: 8 | E11: 7 | F11: 9 | G11: GC | H11: 1 | I11: 1 | J11: 1 | N11: Seguridad de la Información | O11: =VLOOKUP(M10,$S$6:$U$24,3,0) -> 1 | P11: =VLOOKUP(M10,$G$3:$J$19,3,0) -> 1 | Q11: =VLOOKUP(M10,$G$3:$J$19,4,0) -> 1 | S11: =DinamicaMRG!G8 -> FD | T11: =DinamicaMRG!H8 -> 1 | U11: =DinamicaMRG!I8 -> 1
A12: 10 | B12: GH | C12: 2 | D12: 3 | E12: 3 | F12: 10 | G12: IVC | H12: 1 | I12: 2 | J12: 2 | M12: FD | N12: Gestión | O12: =VLOOKUP(M12,$S$6:$U$24,2,0) -> 1 | P12: =VLOOKUP(M12,$B$3:$E$20,3,0) -> 2 | Q12: =VLOOKUP(M12,$B$3:$E$20,4,0) -> 1 | S12: =DinamicaMRG!G9 -> FP | T12: =DinamicaMRG!H9 -> 2 | U12: =DinamicaMRG!I9 -> 0
A13: 11 | B13: GJ | C13: 2 | D13: 2 | E13: 3 | F13: 11 | G13: SI | H13: 1 | I13: 1 | J13: 1 | N13: Seguridad de la Información | O13: =VLOOKUP(M12,$S$6:$U$24,3,0) -> 1 | P13: =VLOOKUP(M12,$G$3:$J$19,3,0) -> 1 | Q13: =VLOOKUP(M12,$G$3:$J$19,4,0) -> 1 | S13: =DinamicaMRG!G10 -> GC | T13: =DinamicaMRG!H10 -> 1 | U13: =DinamicaMRG!I10 -> 1
A14: 12 | B14: GT | C14: 1 | D14: 3 | E14: 2 | F14: 12 | G14: GT | H14: 3 | I14: 8 | J14: 6 | M14: FP | N14: Gestión | O14: =VLOOKUP(M14,$S$6:$U$24,2,0) -> 2 | P14: =VLOOKUP(M14,$B$3:$E$20,3,0) -> 8 | Q14: =VLOOKUP(M14,$B$3:$E$20,4,0) -> 8 | S14: =DinamicaMRG!G11 -> RF | T14: =DinamicaMRG!H11 -> 3 | U14: =DinamicaMRG!I11 -> 1
A15: 13 | B15: IVC | C15: 1 | D15: 2 | E15: 2 | F15: 13 | G15: GD | H15: 1 | I15: 3 | J15: 3 | N15: Seguridad de la Información | O15: =VLOOKUP(M14,$S$6:$U$24,3,0) -> 0 | S15: =DinamicaMRG!G12 -> GT | T15: =DinamicaMRG!H12 -> 1 | U15: =DinamicaMRG!I12 -> 3
A16: 14 | B16: PD | C16: 1 | D16: 1 | E16: 1 | F16: 14 | G16: BS | H16: 1 | I16: 1 | J16: 1 | M16: GC | N16: Gestión | O16: =VLOOKUP(M16,$S$6:$U$24,2,0) -> 1 | P16: =VLOOKUP(M16,$B$3:$E$20,3,0) -> 1 | Q16: =VLOOKUP(M16,$B$3:$E$20,4,0) -> 1 | S16: =DinamicaMRG!G13 -> GH | T16: =DinamicaMRG!H13 -> 2 | U16: =DinamicaMRG!I13 -> 1
A17: 15 | B17: RF | C17: 3 | D17: 5 | E17: 4 | F17: 15 | G17: EI | H17: 1 | I17: 1 | J17: 1 | N17: Seguridad de la Información | O17: =VLOOKUP(M16,$S$6:$U$24,3,0) -> 1 | P17: =VLOOKUP(M16,$G$3:$J$19,3,0) -> 1 | Q17: =VLOOKUP(M16,$G$3:$J$19,4,0) -> 1 | S17: =DinamicaMRG!G14 -> GD | T17: =DinamicaMRG!H14 -> 1 | U17: =DinamicaMRG!I14 -> 1
A18: 16 | B18: SI | C18: 2 | D18: 4 | E18: 3 | F18: 16 | G18: PD | H18: 1 | I18: 1 | J18: 1 | M18: GD | N18: Gestión | O18: =VLOOKUP(M18,$S$6:$U$24,2,0) -> 1 | P18: =VLOOKUP(M18,$B$3:$E$20,3,0) -> 1 | Q18: =VLOOKUP(M18,$B$3:$E$20,4,0) -> 1 | S18: =DinamicaMRG!G15 -> GF | T18: =DinamicaMRG!H15 -> 2 | U18: =DinamicaMRG!I15 -> 1
A19: 17 | B19: DE | C19: 4 | D19: 6 | E19: 6 | F19: 17 | G19: GA | H19: 1 | I19: 2 | J19: 2 | N19: Seguridad de la Información | O19: =VLOOKUP(M18,$S$6:$U$24,3,0) -> 1 | P19: =VLOOKUP(M18,$G$3:$J$19,3,0) -> 3 | Q19: =VLOOKUP(M18,$G$3:$J$19,4,0) -> 3 | S19: =DinamicaMRG!G16 -> GJ | T19: =DinamicaMRG!H16 -> 2 | U19: =DinamicaMRG!I16 -> 1
A20: 18 | B20: GA | C20: 1 | D20: 1 | E20: 1 | G20: Total general | H20: 19 | I20: 32 | J20: 28 | M20: GF | N20: Gestión | O20: =VLOOKUP(M20,$S$6:$U$24,2,0) -> 2 | P20: =VLOOKUP(M20,$B$3:$E$20,3,0) -> 8 | Q20: =VLOOKUP(M20,$B$3:$E$20,4,0) -> 7 | S20: =DinamicaMRG!G17 -> PD | T20: =DinamicaMRG!H17 -> 1 | U20: =DinamicaMRG!I17 -> 1
B21: Total general | C21: 30 | D21: 55 | E21: 49 | N21: Seguridad de la Información | O21: =VLOOKUP(M20,$S$6:$U$24,3,0) -> 1 | P21: =VLOOKUP(M20,$G$3:$J$19,3,0) -> 2 | Q21: =VLOOKUP(M20,$G$3:$J$19,4,0) -> 2 | S21: =DinamicaMRG!G18 -> IVC | T21: =DinamicaMRG!H18 -> 1 | U21: =DinamicaMRG!I18 -> 1
M22: GH | N22: Gestión | O22: =VLOOKUP(M22,$S$6:$U$24,2,0) -> 2 | P22: =VLOOKUP(M22,$B$3:$E$20,3,0) -> 3 | Q22: =VLOOKUP(M22,$B$3:$E$20,4,0) -> 3 | S22: =DinamicaMRG!G19 -> SI | T22: =DinamicaMRG!H19 -> 2 | U22: =DinamicaMRG!I19 -> 1
H23: =+GETPIVOTDATA("Cuenta de Descripción Riesgo",$B$2)+GETPIVOTDATA("Cuenta de Descripción Riesgo",$G$2) -> 49 | I23: =+GETPIVOTDATA("Cuenta de Descripción del Control",$B$2)+GETPIVOTDATA("Cuenta de Descripción del Control",$G$2) -> 87 | J23: =+GETPIVOTDATA("Cuenta de Descripción del Plan de Tratamiento",$B$2)+GETPIVOTDATA("Cuenta de Descripción del Plan de Tratamiento",$G$2) -> 77 | N23: Seguridad de la Información | O23: =VLOOKUP(M22,$S$6:$U$24,3,0) -> 1 | P23: =VLOOKUP(M22,$G$3:$J$19,3,0) -> 1 | Q23: =VLOOKUP(M22,$G$3:$J$19,4,0) -> 1 | S23: =DinamicaMRG!G20 -> DE | T23: =DinamicaMRG!H20 -> 4 | U23: =DinamicaMRG!I20 -> 1
M24: GJ | N24: Gestión | O24: =VLOOKUP(M24,$S$6:$U$24,2,0) -> 2 | P24: =VLOOKUP(M24,$B$3:$E$20,3,0) -> 2 | Q24: =VLOOKUP(M24,$B$3:$E$20,4,0) -> 3 | S24: =DinamicaMRG!G21 -> GA | T24: =DinamicaMRG!H21 -> 1 | U24: =DinamicaMRG!I21 -> 1
N25: Seguridad de la Información | O25: =VLOOKUP(M24,$S$6:$U$24,3,0) -> 1 | P25: =VLOOKUP(M24,$G$3:$J$19,3,0) -> 1 | Q25: =VLOOKUP(M24,$G$3:$J$19,4,0) -> 1
M26: GT | N26: Gestión | O26: =VLOOKUP(M26,$S$6:$U$24,2,0) -> 1 | P26: =VLOOKUP(M26,$B$3:$E$20,3,0) -> 3 | Q26: =VLOOKUP(M26,$B$3:$E$20,4,0) -> 2
N27: Seguridad de la Información | O27: =VLOOKUP(M26,$S$6:$U$24,3,0) -> 3 | P27: =VLOOKUP(M26,$G$3:$J$19,3,0) -> 8 | Q27: =VLOOKUP(M26,$G$3:$J$19,4,0) -> 6
M28: IVC | N28: Gestión | O28: =VLOOKUP(M28,$S$6:$U$24,2,0) -> 1 | P28: =VLOOKUP(M28,$B$3:$E$20,3,0) -> 2 | Q28: =VLOOKUP(M28,$B$3:$E$20,4,0) -> 2
N29: Seguridad de la Información | O29: =VLOOKUP(M28,$S$6:$U$24,3,0) -> 1 | P29: =VLOOKUP(M28,$G$3:$J$19,3,0) -> 2 | Q29: =VLOOKUP(M28,$G$3:$J$19,4,0) -> 2
M30: PD | N30: Gestión | O30: =VLOOKUP(M30,$S$6:$U$24,2,0) -> 1 | P30: =VLOOKUP(M30,$B$3:$E$20,3,0) -> 1 | Q30: =VLOOKUP(M30,$B$3:$E$20,4,0) -> 1
N31: Seguridad de la Información | O31: =VLOOKUP(M30,$S$6:$U$24,3,0) -> 1 | P31: =VLOOKUP(M30,$G$3:$J$19,3,0) -> 1 | Q31: =VLOOKUP(M30,$G$3:$J$19,4,0) -> 1
M32: RF | N32: Gestión | O32: =VLOOKUP(M32,$S$6:$U$24,2,0) -> 3 | P32: =VLOOKUP(M32,$B$3:$E$20,3,0) -> 5 | Q32: =VLOOKUP(M32,$B$3:$E$20,4,0) -> 4
N33: Seguridad de la Información | O33: =VLOOKUP(M32,$S$6:$U$24,3,0) -> 1 | P33: =VLOOKUP(M32,$G$3:$J$19,3,0) -> 1 | Q33: =VLOOKUP(M32,$G$3:$J$19,4,0) -> 1
M34: SI | N34: Gestión | O34: =VLOOKUP(M34,$S$6:$U$24,2,0) -> 2 | P34: =VLOOKUP(M34,$B$3:$E$20,3,0) -> 4 | Q34: =VLOOKUP(M34,$B$3:$E$20,4,0) -> 3
N35: Seguridad de la Información | O35: =VLOOKUP(M34,$S$6:$U$24,3,0) -> 1 | P35: =VLOOKUP(M34,$G$3:$J$19,3,0) -> 1 | Q35: =VLOOKUP(M34,$G$3:$J$19,4,0) -> 1
M36: DE | N36: Gestión | O36: =VLOOKUP(M36,$S$6:$U$24,2,0) -> 4 | P36: =VLOOKUP(M36,$B$3:$E$20,3,0) -> 6 | Q36: =VLOOKUP(M36,$B$3:$E$20,4,0) -> 6
N37: Seguridad de la Información | O37: =VLOOKUP(M36,$S$6:$U$24,3,0) -> 1 | P37: =VLOOKUP(M36,$G$3:$J$19,3,0) -> 2 | Q37: =VLOOKUP(M36,$G$3:$J$19,4,0) -> 1
M38: GA | N38: Gestión | O38: =VLOOKUP(M38,$S$6:$U$24,2,0) -> 1 | P38: =VLOOKUP(M38,$B$3:$E$20,3,0) -> 1 | Q38: =VLOOKUP(M38,$B$3:$E$20,4,0) -> 1
N39: Seguridad de la Información | O39: =VLOOKUP(M38,$S$6:$U$24,3,0) -> 1 | P39: =VLOOKUP(M38,$G$3:$J$19,3,0) -> 2 | Q39: =VLOOKUP(M38,$G$3:$J$19,4,0) -> 2
M40: Total | O40: =SUM(O4:O39) -> 49 | P40: =SUM(P4:P39) -> 87 | Q40: =SUM(Q4:Q39) -> 77

Sheet T4
B1: PROCESOS | C1: FECHA SEGUIMIENTO | D1: OBSERVACIONES AL SEGUIMIENTO Y EVALUACIÓN DE LA SEGUNDA LÍNEA DE DEFENSA
B2: Todos los procesos | C2: 25 abril a 09 de mayo | D2: Se evidencia ejecución de monitoreo por parte de la segunda línea de defensa, el cual se documenta mediante correos electrónicos y el formato DE-FR-002; a excepción del seguimiento al proceso Fomento al Desarrollo Humano y Social, en el formato se diligenció la fecha del seguimiento.
B3: Todos los procesos | C3: 01 a 09 de mayo | D3: De acuerdo con el Procedimiento Administración de Riesgo, actividad No. 10, el funcionario o contratista de la Oficina Asesora de Planeación “Revisa la integralidad del mapa de riesgos, asegurando que se cumpla con los lineamientos de la Política de administración y que sea coherente con el objetivo del proceso y objetivos institucionales. La Oficina Asesora de Planeación, genera recomendaciones o aprobación a los riesgos de los procesos”, no obstante, no se evidenció el de manera explícita aprobación de los riesgos de los procesos. Se recomienda que en la respuesta al requerimiento de información de la OCI se enumeren los procesos cuyos riesgos se encuentran aprobados por la segunda línea de defensa, así como que esto se incluya en el formato DE-FR-002, columna BR.
B4: IVC, FD, ABS, GJ, PD y GA | C4: 01 a 09 de mayo | D4: La segunda línea reportó en el formato DE- FR -002, Columna BR "Resultado del Seguimiento y Evaluación" el siguiente resultado: "En el desarrollo de esta revisión se identificaron algunas observaciones y recomendaciones, que se detallaron en retroalimentación por correo electrónico. Ver carpeta de SharePoint".
D5: Dado que Procedimiento DE-PD-011 -Administración de Riesgos dispone en la Actividad No. 16 que el Funcionario o Contratista de la Oficina Asesora de Planeación estará a cargo de "Registrar y consolidar el monitoreo en cada uno de los mapas de riesgos por proceso" cuyo registro será la "Publicación en página web" y el "Cargue en aplicativo del sistema de gestión institucional" la segunda línea de defensa es responsable de garantizar que la descripción del resultado del seguimiento y evaluación se incorpore en el formato que será publicado en Isolución, toda vez que allí no reposará copia de la carpeta de SharePoint ni los PDF que contienen la descripción remitida vía correo electrónico; en su lugar, la actividad consiste en Registrar el monitoreo en "cada uno de los mapas de riesgos por proceso" con lo que se evidencia la necesidad del ajuste en la consolidación para realizar nuevamente la publicación en Isolución del Monitoreo del Primer Trimestre de la vigencia 2025, incorporando las observaciones de la segunda y tercera línea de defensa.

Sheet T5...
B1: DE
B2: Tipo | C2: Descripción Riesgo | D2: ¿Cumple con la redacción del Riesgo? | E2: Zona de Riesgo Inherente | F2: ¿El diseño de los controles es efectivo? | G2: Zona de Riesgo Residual Final | H2: ¿El proceso reportó Materialización del Riesgo? | I2: ¿Se reportaron indicadores? | J2: Observaciones y recomendaciones por parte de la Tercera Línea de Defensa - Oficina de Control Interno (OCI)
B3: GESTIÓN | C3: Posibilidad de afectación económica y reputacional por la desarticulación de los planes, programas y proyectos, debido a subestimación de las necesidades de los grupos de valor y las metas de Plan Nacional de Desarrollo. | D3: Si | E3: Extremo | F3: Si | G3: Extremo | H3: No | I3: Si | J3: Se evidencia seguimiento de primer y segunda línea de defensa, cuenta con evidencias de la ejecución de Controles y del Plan de Tratamiento. La fecha de monitoreo de la segunda línea es anterior a la de la primera línea de defensa, lo cual no es posible, ya que el monitoreo se realiza sobre el reporte de esta última.
B4: GESTIÓN | C4: Posibilidad de afectación reputacional por falta de seguimiento de los planes, programas y proyectos formulados, debido a la entrega inoportuna de la información por parte de las dependencias | D4: Si | E4: Moderado | F4: Si | G4: Moderado | H4: No | I4: Si | J4: Se evidencia seguimiento de primer y segunda línea de defensa, cuenta con evidencias de la ejecución de Controles y del Plan de Tratamiento, excepto la acción 2 que tiene ejecución en segundo y tercer cuatrimestre. No registra fecha de monitoreo de la primera línea de defensa.
B5: GESTIÓN | C5: Posibilidad de afectación Reputacional por la falta de apropiación del MIPG, debido a desarticulación entre las políticas y las acciones definidas en los planes institucionales, que incidan en la medición del índice de desempeño | D5: Si | E5: Moderado | F5: Si | G5: Moderado | H5: No | I5: Si | J5: Se evidencia seguimiento de primer y segunda línea de defensa, cuenta con evidencias de la ejecución de Controles. Del Plan de Tratamiento, aunque anexa evidencias de inicio de algunas acciones, no se ha iniciado ninguna y se encuentran previstas para segundo y tercer cuatrimestre. No registra fecha de monitoreo de la primera línea de defensa.
B6: GESTIÓN | C6: Posibilidad de afectación Reputacional por falta de claridad en los objetivos para la implementación de la Política de Gestión del Conocimiento y la innovación, limitación de recursos humano en el GIT Gestión del Conocimiento, debido a fallas en la planeación estratégica para la ejecución de actividades enfocadas en el desarrollo de los cuatro ejes de Gestión del conocimiento y la innovación. | D6: Si | E6: Moderado | F6: No | G6: Moderado | H6: No | I6: No | J6: Se reporta que "De acuerdo con mesa de trabajos del 15 y 23 de abril. El riesgo queda suspendido", no obstante, considerando las causas inmediata y raíz identificadas, el proceso debe evaluar la materialización del riesgo, puesto que, estas posiblemente están materializandose con la falta de planeación y puesta en marcha del GIT Gestión del Conocimiento, sumado a que este es un eje del MIPG. En adición, la política ni el procedimiento de Riesgos establecen la posibilidad de suspender un riesgo. No registra fecha de monitoreo de la primera línea de defensa, ni medición de indicadores.
B7: SEGURIDAD DE LA INFORMACIÓN | C7: Posibilidad de afectación reputacional, por modificación o alteración de información, debido a fallas de controles para la asignación de roles que permitan el acceso y la manipulación de documentos que se encuentran en ISOLUCION | D7: No | E7: Alto | F7: Si | G7: Moderado | H7: No | I7: Si | J7: La redacción del riesgo no refiere afectación de “integridad”, “confidencialidad” o “disponibilidad”, como tampoco el activo afectado pues se define "información", es necesario detallar el activo que se vería afectado (Por ejemplo: base de datos, documentación institucional, planes de mejora, etc). Se evidencia seguimiento de primer y segunda línea de defensa, cuenta con evidencias de la ejecución de Controles. El plan de tratamiento está previsto para el primer semestre Nota: la carpeta se presentó vacia, no obstante, de acuerdo con los radicados relacionados en el monitoreo de la primera línea se realizó validación en GESDOC, se requiere en los próximos monitoreos aportar la evidencia en la carpeta respectiva. No registra fecha de monitoreo de la primera línea de defensa.
B9: GC
B10: Tipo | C10: Descripción Riesgo | D10: ¿Cumple con la redacción del Riesgo? | E10: Zona de Riesgo Inherente | F10: ¿El diseño de los controles es efectivo? | G10: Zona de Riesgo Residual Final | H10: ¿El proceso reportó Materialización del Riesgo? | I10: ¿Se reportaron indicadores? | J10: Observaciones y recomendaciones por parte de la Tercera Línea de Defensa - Oficina de Control Interno (OCI)
B11: GESTIÓN | C11: Posibilidad de la afectación reputacional por inoportunidad en la difusión de las notas de prensa debido a inconsistencias evidenciadas en la notas de prensa. | D11: Si | E11: Moderado | F11: Si | G11: Moderado | H11: No | I11: Si | J11: El control no tiene una periodicidad definida. Se requiere actualizar líder del proceso ya que refiere un exfuncionario de la entidad. Se evidencia seguimiento y comentarios que derivan en actualización del mapa de riesgos, no obstante el reporte a la OCI no se adjuntó la versión actualizada, por lo que es importante que en futuros reportes se anexe a fin de validar los riesgos, sus controles y plan de tratamiento en su última versión, evitando realizar observaciones que ya hayan sido subsanadas. Se evidencia seguimiento de primer y segunda línea de defensa, cuenta con evidencias de la ejecución de Controles. El plan de tratamiento está previsto para el segundo y tercer cuatrimestre
B12: SEGURIDAD DE LA INFORMACIÓN | C12: Posibilidad de afectación reputacional y económica por falta de un repositorio de información debido a la deficiencia del almacenamiento de la información. | D12: No | E12: Alto | F12: No | G12: Alto | H12: No | I12: Si | J12: La redacción del riesgo no refiere afectación de “integridad”, “confidencialidad” o “disponibilidad”, como tampoco el activo afectado (Por ejemplo: base de datos, documentación institucional, planes de mejora, etc), hace referencia a una necesidad institucional, como lo es un repositorio de información pero no detalla el riesgo, por ejemplo: falta de disponibilidad o pérdida de información, ni el activo afectado: ejemplo: archivo fuente, base de datos, etc. El control no tiene una periodicidad definida. Se evidencia seguimiento y comentarios que derivan en actualización del mapa de riesgos, no obstante el reporte a la OCI no se adjuntó la versión actualizada, por lo que es importante que en futuros reportes se anexe a fin de validar los riesgos, sus controles y plan de tratamiento en su última versión, evitando realizar observaciones que ya hayan sido subsanadas. Se evidencia seguimiento de primer y segunda línea de defensa, cuenta con evidencias de la ejecución de Controles. El plan de tratamiento está previsto para el segundo y tercer cuatrimestre. Se requiere actualizar líder del proceso ya que refiere un exfuncionario de la entidad.
B15: FP
B16: Tipo | C16: Descripción Riesgo | D16: ¿Cumple con la redacción del Riesgo? | E16: Zona de Riesgo Inherente | F16: ¿El diseño de los controles es efectivo? | G16: Zona de Riesgo Residual Final | H16: ¿El proceso reportó Materialización del Riesgo? | I16: ¿Se reportaron indicadores? | J16: Observaciones y recomendaciones por parte de la Tercera Línea de Defensa - Oficina de Control Interno (OCI)
B17: GESTIÓN | C17: Posibilidad de afectación Reputacional por fallas en la articulación entra e intersectorial, que generen discontinuidad en los procesos de política pública, específicamente en su implementación , seguimiento y evaluación. | D17: No | E17: Extremo | F17: Si | G17: Extremo | H17: No | I17: No | J17: La redacción del riesgo no guarda la estructura definida (Qué (impacto) + Cómo (causa inmediata) + Porque (causa raiz)) Se evidencia seguimiento y comentarios que derivan en actualización del mapa de riesgos, no obstante el reporte a la OCI no se adjuntó la versión actualizada, por lo que es importante que en futuros reportes se anexe a fin de validar los riesgos, sus controles y plan de tratamiento en su última versión, evitando realizar observaciones que ya hayan sido subsanadas. Se observa seguimiento de primer y segunda línea de defensa, no obstante la evidencia del R1-Control 2 y Control 3 no guarda relación con la planteada, los controles 4 y 5 no presentan evidencias. Solo se cuenta con evidencia de la acción 2, numeral 2, del R1, actas de comité directivo. En las demás acciones no se cuenta con evidencia o la evidencia no guarda relación con lo planteado. No se diligenció el formato de seguimiento Indicadores, Claves del Riesgo y Desempeño del Control, aunque diligenció la casilla en la matriz de seguimiento no es posible establecer como se realizó la medición ni la fuente de información de la medición.
